Workbook
Name Print_Area: 'LISTA VEHICULOS'!$A$9:$B$36
Name Print_Area: 'RETRO 2006'!$A$1:$C$517
Name Print_Area: VOLQUETAS!$A$100:$B$113

Sheet LISTA VEHICULOS
A7: CONSOLIDADO PARQUE AUTOMOTOR
A9: ITEM | B9: TIPO VEHÍCULO | C9: VALOR PROPUESTA, IVA INCLUIDO | D9: VALOR TECHO
A10: 1 | B10: RETROEXCAVADORA CATERPILLAR 420D PLACA: RLZ 88A MODELO 2006 | D10: =+'RETRO 2006'!E515 -> 1.2960737e+09
A11: 2 | B11: RETROEXCAVADORA CATERPILLAR 420 PLACA: MC 350295 MODELO 2021 | D11: =+'RETRO 2021'!E520 -> 1.4316933e+09
A12: 3 | B12: MOTONIVELADORA NEW HOLLAND PLACA: MCO 12827 | D12: =+'NIVELADORA '!E544 -> 1280685000
A13: 4 | B13: VIBROCOMPACTADOR PLACA: MCO 13666 | D13: =+VIBRO!E473 -> 1.1346927e+09
A14: 5 | B14: VOLQUETA INTERNATIONAL PLACAS: OZM 035, OCF 330, OJZ 231, OJZ 232, OJZ 233 | D14: =+VOLQUETAS!E461 -> 5.7613533e+08
A15: 6 | B15: CAMIONETA NISSAN FRONTIER PLACAS: OCF 334, OJZ 230 | D15: =+FRONTIER!E446 -> 4.5474667e+08
A16: 7 | B16: CAMIONETA CHEVROLET COLORADO PLACAS: OJZ 235, OJZ 237, KPP 846, LCT 535 | D16: =+COLORADO!E379 -> 4.8769367e+08
A17: 8 | B17: CAMIONETA CHEVROLET DMAX PLACAS: DIW 955; DDB 096 | D17: =+'DMAX '!E379 -> 4.7799867e+08
A18: 9 | B18: CAMIONETA DODGE RAM 2500 PLACA: GAT 042 | D18: =+DODGE!E379 -> 4.9253967e+08
A19: 10 | B19: CAMIONETA RENAUL DUSTER OROCH PLACA: OLN 835 | D19: =+DUSTER!E442 -> 3.97555e+08
A20: 11 | B20: CAMIONETA CHEVROLET SAIL PLACA: FDV 085 | D20: =+SAIL!E442 -> 3.9350333e+08
A21: 12 | B21: CAMIONETA TOYOTA 4 RUNNER PLACA: OJZ 234 | D21: =+'4RUNNER'!E442 -> 4.0561e+08
A22: 13 | B22: CAMIONETA RENAULT TRAFIC 2.0 PLACA: OCI 941 | D22: =+TRAFIC!E444 -> 4.58391e+08
A23: 14 | B23: CAMIÓN GRÚA CHEVROLET NPR PLACA: OJZ228 | D23: =+NPR!E390 -> 4.9666693e+08
A24: 15 | B24: MOTOCARGUERO AKT200 PLACAS: 506 ADH, 511 ADH, 512 ADH, 535 ADH, 356AEU | D24: =+CARGUERO!E267 -> 1.6065867e+08
A25: 16 | B25: MOTOCICLETA AKT 150TT PLACAS: FFV 89C, FFV 90C, FFV 91C, FFV 92C | D25: =+'AKT 150TT'!E232 -> 95189000
A26: 17 | B26: MOTOCICLETA SUZUKI 125 PLACAS: LXV 41D, LXV 42D, LXV 43D | D26: =+'SUSUKI 125'!E231 -> 90474000
A27: 18 | B27: MOTOCICLETA YAMAHA DT 125 PLACAS: EPH 70A, RKC 11A, RKC 12A , UZE 61A, LAD 07A | D27: =+'DT 125'!E231 -> 90359333
A28: 19 | B28: MOTOCICLETA YAMAHA CRIPTON 115 PLACA: FFX 03C, XVF 88D, XVF 89D | D28: =+'CIPTON 115'!E231 -> 85872000
A29: 20 | B29: MOTOCICLETA YAMAHA XTZ 125 PLACAS: HXC 29E, JIN 45G, JIN 46G, JIN 47G, FFX 04C, XTK 54E, XVF 93D | D29: =+'XTZ 125'!E231 -> 90359333
A30: 21 | B30: MOTOCICLETA YAMAHA YBR 125 PLACA: FFX 10C | D30: =+'YBR 125'!E231 -> 90359333
A31: 22 | B31: MOTOCICLETA HONDA XR 150 PLACAS: OBE 53F, OBE 54F, JIO 43G | D31: =+'XR 150'!E231 -> 94879000
A32: 23 | B32: MOTOCICLETA AKT 250 ADVENTURE PLACA: XVD 29D MODELO 2016 | D32: =+'AKT 250'!E231 -> 99422667
A33: 24 | B33: MOTOCICLETA HONDA XRE 300 ABS PLACAS: ZPZ 74F, ZPZ 75F, ZPZ 76F, ODG 62G, ODG 63G, ODG 64G | D33: =+'XRE 300'!E231 -> 99422667
A34: 25 | B34: MOTOCICLETA YAMAHA XTZ 250 JIO 33G | D34: =+'XTZ 250'!E231 -> 94939000
A35: 26 | B35: MOTOCICLETA HONDA WAVE 110 JIO 44G | D35: =+'HONDA 110'!E231 -> 85872000
A36: VALOR TOTAL PRESUPUESTO BOLSA, IVA INCLUIDO: | D36: =SUM(D10:D35) -> 1.0961792e+10

Sheet RETRO 2006
B7: MUNICIPIO DE EL CARMEN DE VIBORAL
B9: VEHICULO COTIZADO:
A10: RETROEXCAVADORA CATERPILLAR 420D PLACA: RLZ 88A MODELO 2006
A11: ITEM | B11: SERVICIO REQUERIDO | C11: UNIDAD DE MEDIDA | D11: VALOR PROPUESTA, IVA INCLUIDO | E11: VALOR TECHO
B12: SISTEMA MOTOR
A13: 1 | C13: =IF(COUNTIF(B13,"SIPS*"),"UND ","SERV") -> SERV | E13: 56582333
A14: 2 | B14: ANILLADA DE MOTOR INCLUYE SIPS DE CASQUETERIA, SIPS EMPAQUETADURA DE MOTOR | C14: =IF(COUNTIF(B14,"SIPS*"),"UND ","SERV") -> SERV | E14: 8395000
A15: 3 | B15: SIPS KIT DE REPARACION CULATA; JUEGO VALVULAS AD, JUEGO VALVULAS EX, JUEGO GUIAS EX, JUEGO GUIAS AD, JUEGO ASIENTOS AD. JUEGO ASIENTOS EX, JUEGO INPULSADORES VALVULAS, JUEGO GORROS VALVULAS | C15: =IF(COUNTIF(B15,"SIPS*"),"UND ","SERV") -> UND | E15: 11002000
A16: 4 | B16: SIPS EMPAQUE DE CULATA | C16: =IF(COUNTIF(B16,"SIPS*"),"UND ","SERV") -> UND | E16: 4328000
A17: 5 | B17: SIPS PISTON DE MOTOR | C17: =IF(COUNTIF(B17,"SIPS*"),"UND ","SERV") -> UND | E17: 3929333.3
A18: 6 | B18: SIPS ANILLOS DE PISTON DE MOTOR | C18: =IF(COUNTIF(B18,"SIPS*"),"UND ","SERV") -> UND | E18: 2357333.3
A19: 7 | B19: SIPS JUEGO DE IMPULSADORES HIDRAULICOS | C19: UND | E19: 3539333.3
A20: 8 | B20: SIPS JUEGO DE IMPULSADORES Y VARILLAS IMPULSORAS | C20: UND | E20: 3813666.7
A21: 9 | B21: SIPS JUEGO DE BALANCINES | C21: =IF(COUNTIF(B21,"SIPS*"),"UND ","SERV") -> UND | E21: 4372333.3
A22: 10 | B22: SIPS POLEA DEL MOTOR | C22: =IF(COUNTIF(B22,"SIPS*"),"UND ","SERV") -> UND | E22: 1514333.3
A23: 11 | B23: SIPS DE CIGÜEÑAL | C23: =IF(COUNTIF(B23,"SIPS*"),"UND ","SERV") -> UND | E23: 13383333
A24: 12 | B24: SIPS DE JUEGO DE CASQUETES DE VIELA Y BANCADA | C24: =IF(COUNTIF(B24,"SIPS*"),"UND ","SERV") -> UND | E24: 9888000
A25: 13 | B25: SIPS TAPON BLOQUE MOTOR | C25: =IF(COUNTIF(B25,"SIPS*"),"UND ","SERV") -> UND | E25: 421000
A26: 14 | B26: SIPS EMPAQUE DE CARTER | C26: =IF(COUNTIF(B26,"SIPS*"),"UND ","SERV") -> UND | E26: 1177000
A27: 15 | B27: SIPS VOLANTE DE MOTOR | C27: =IF(COUNTIF(B27,"SIPS*"),"UND ","SERV") -> UND | E27: 6431333.3
A28: 16 | B28: SIPS RODAMIENTO DEL VOLANTE | C28: =IF(COUNTIF(B28,"SIPS*"),"UND ","SERV") -> UND | E28: 840000
A29: 17 | B29: SIPS CREMALLERA DEL VOLANTE | C29: =IF(COUNTIF(B29,"SIPS*"),"UND ","SERV") -> UND | E29: 2186000
A30: 18 | B30: SIPS DE CORREA DE ACCESORIOS | C30: =IF(COUNTIF(B30,"SIPS*"),"UND ","SERV") -> UND | E30: 571333.33
A31: 19 | B31: SIPS DAMPER DE MOTOR | C31: =IF(COUNTIF(B31,"SIPS*"),"UND ","SERV") -> UND | E31: 1850333.3
A32: 20 | B32: SIPS TAQUE IMPULSADOR DE MOTOR | C32: =IF(COUNTIF(B32,"SIPS*"),"UND ","SERV") -> UND | E32: 543000
... A46: 34 | B46: SIPS COMPUTADORA Y PROGRAMACION | C46: =IF(COUNTIF(B46,"SIPS*"),"UND ","SERV") -> UND | E46: 32756000
E47: 0
B48: SISTEMA ALIMENTACION AIRE/COMBUSTIBLE | E48: 0
A49: 35 | B49: SIPS DE LA BOMBA DE INYECCION | C49: =IF(COUNTIF(B49,"SIPS*"),"UND ","SERV") -> UND | E49: 23545000
A50: 36 | B50: SIPS KIT REPARACION DE LA BOMBA DE INYECCION | C50: =IF(COUNTIF(B50,"SIPS*"),"UND ","SERV") -> UND | E50: 11772667
A51: 37 | B51: SIPS DE INYECTOR DE COMBUSTIBLE | C51: =IF(COUNTIF(B51,"SIPS*"),"UND ","SERV") -> UND | E51: 9753333.3
A52: 38 | B52: SIPS KIT REPARCION DE INYECTOR | C52: =IF(COUNTIF(B52,"SIPS*"),"UND ","SERV") -> UND | E52: 4036333.3
A53: 39 | B53: SIPS JUEGO DE TOBERAS INYECTOR | C53: =IF(COUNTIF(B53,"SIPS*"),"UND ","SERV") -> UND | E53: 10090667
A54: 40 | B54: SIPS DE TURBO ALIMENTADOR | C54: =IF(COUNTIF(B54,"SIPS*"),"UND ","SERV") -> UND | E54: 13453667
A55: 41 | B55: SIPS DE KIT DE REPARACION DE TURBO ALIMENTADOR | C55: =IF(COUNTIF(B55,"SIPS*"),"UND ","SERV") -> UND | E55: 6727333.3
A56: 42 | B56: SIPS EMPAQUTADURA DEL TURBO | C56: =IF(COUNTIF(B56,"SIPS*"),"UND ","SERV") -> UND | E56: 1177000
A57: 43 | B57: SIPS TORNILLO DEL TURBO | C57: =IF(COUNTIF(B57,"SIPS*"),"UND ","SERV") -> UND | E57: 85000
A58: 44 | B58: SIPS TRAPECIO DE ACELERACION | C58: =IF(COUNTIF(B58,"SIPS*"),"UND ","SERV") -> UND | E58: 312000
A59: 45 | B59: SIPS DE BOMBA DE SUMINISTRO DE COMBUSTBLE ELECTRICA | C59: =IF(COUNTIF(B59,"SIPS*"),"UND ","SERV") -> UND | E59: 6390333.3
A60: 46 | B60: SIPS FLOTADOR Y MECANISMOS DE INDICACION DE NIVEL DE COMBUSTIBLE | C60: =IF(COUNTIF(B60,"SIPS*"),"UND ","SERV") -> UND | E60: 1714666.7
... A80: 66 | B80: SIPS SENSOR DE FLUJO DE COMBUSTIBLE | C80: =IF(COUNTIF(B80,"SIPS*"),"UND ","SERV") -> UND | E80: 1887000
E81: 0
B82: SISTEMA DE ESCAPE | E82: 0
A83: 67 | B83: SIPS MULTIPLE DE ESCAPE | C83: =IF(COUNTIF(B83,"SIPS*"),"UND ","SERV") -> UND | E83: 11604667
A84: 68 | B84: SIPS TORNILLOS MULTIPLE DE ESCAPE | C84: =IF(COUNTIF(B84,"SIPS*"),"UND ","SERV") -> UND | E84: 101000
A85: 69 | B85: SIPS DE SISTEMA DE ESCAPE COMPLETO | C85: =IF(COUNTIF(B85,"SIPS*"),"UND ","SERV") -> UND | E85: 7567333.3
A86: 70 | B86: SIPS DE SILENCIADOR | C86: =IF(COUNTIF(B86,"SIPS*"),"UND ","SERV") -> UND | E86: 5382333.3
A87: 71 | B87: SIPS TUBO DE ESCAPE | C87: =IF(COUNTIF(B87,"SIPS*"),"UND ","SERV") -> UND | E87: 1681000
A88: 72 | B88: SIPS EMPAQUES O ANILLOS MULTIPLE DE ESCAPE | C88: =IF(COUNTIF(B88,"SIPS*"),"UND ","SERV") -> UND | E88: 1177000
A89: 73 | B89: SIPS FLEXIBLE DEL ESCAPE | C89: =IF(COUNTIF(B89,"SIPS*"),"UND ","SERV") -> UND | E89: 823333.33
A90: 74 | B90: SIPS PUNTA DE ESCAPE | C90: =IF(COUNTIF(B90,"SIPS*"),"UND ","SERV") -> UND | E90: 1177000
A91: 75 | B91: SIPS PARRILLA DE SILENCIADOR DE ESCAPE | C91: =IF(COUNTIF(B91,"SIPS*"),"UND ","SERV") -> UND | E91: 1345000
A92: 76 | B92: SIPS TRAMO DE TUBO DE ESCAPE | C92: =IF(COUNTIF(B92,"SIPS*"),"UND ","SERV") -> UND | E92: 673000
E93: 0
B94: SISTEMA DE LUBRICACION | E94: 0
A95: 77 | B95: GARRAFA DE ACEITE DE MOTOR 15W 40 | C95: UND | E95: 582666.67
A96: 78 | B96: GALON DE ACEITE DE MOTOR 15W 40 | C96: UND | E96: 191000
A97: 79 | B97: CUARTO DE ACEITE DE MOTOR 15W 4O | C97: UND | E97: 47333.333
A98: 80 | B98: CUARTO DE ACEITE DE CAJA HIDRAULICA ATF | C98: UND | E98: 89333.333
A99: 81 | B99: GARRAFA DE ACEITE HIDRAULICO | C99: UND | E99: 488333.33
A100: 82 | B100: GALON ACEITE HIDRAULICO | C100: UND | E100: 107000
A101: 83 | B101: GALON ACEITE SERBO TRANSMISION | C101: UND | E101: 214000
A102: 84 | B102: GARRAFA ACEITE 50 CAT TANDEN | C102: UND | E102: 621666.67
A103: 85 | B103: GARRAFA ACEITE SERBOTRANSMISION | C103: UND | E103: 621666.67
A104: 86 | B104: POTE DE GRASA ALTA TEMPERATURA | C104: UND | E104: 42000
A105: 87 | B105: SIPS BALDE DE GRASA ALTA TEMPERATURA | C105: UND | E105: 816000
A106: 88 | B106: SIPS ADITIVO ANTIFRICCION | C106: UND | E106: 180333.33
... A124: 106 | B124: ADITIVO PARA FRENOS | C124: UND | E124: 312000
A125: 107 | B125: SIPS BOMBA DE ACEITE A TODO COSTO | C125: =IF(COUNTIF(B125,"SIPS*"),"UND ","SERV") -> UND | E125: 5045000
A126: 108 | B126: SIPS SENSOR PRESION DE ACEITE | C126: =IF(COUNTIF(B126,"SIPS*"),"UND ","SERV") -> UND | E126: 3868333.3
A127: 109 | B127: SIPS KIT REPARCION ENFRIADOR DE ACEITE | C127: =IF(COUNTIF(B127,"SIPS*"),"UND ","SERV") -> UND | E127: 2019000
A128: 110 | B128: SIPS TAPA ENFRIADOR DE ACEITE | C128: =IF(COUNTIF(B128,"SIPS*"),"UND ","SERV") -> UND | E128: 3364000
A129: 111 | B129: SIPS MEDIDOR DE ACEITE | C129: =IF(COUNTIF(B129,"SIPS*"),"UND ","SERV") -> UND | E129: 1009000
A130: 112 | B130: SIPS TAPA LLENADO DE ACEITE MOTOR | C130: =IF(COUNTIF(B130,"SIPS*"),"UND ","SERV") -> UND | E130: 605000
A131: 113 | B131: SIPS EMPAQUETADURA BASE FILTRO ACEITE | C131: =IF(COUNTIF(B131,"SIPS*"),"UND ","SERV") -> UND | E131: 1177000
A132: 114 | B132: SIPS EMPAQUETADURA ENFRIADOR DE ACEITE | C132: =IF(COUNTIF(B132,"SIPS*"),"UND ","SERV") -> UND | E132: 1650333.3
A133: 115 | B133: SIPS MANGUERA DE LUBRICACION | C133: =IF(COUNTIF(B133,"SIPS*"),"UND ","SERV") -> UND | E133: 673000
E134: 0
B135: SISTEMA REFRIGERACION | E135: 0
A136: 116 | B136: SIPS TANQUE DE RADIADOR | C136: =IF(COUNTIF(B136,"SIPS*"),"UND ","SERV") -> UND | E136: 7179666.7
A137: 117 | B137: SIPS RADIADOR REFRIGERACION MOTOR | C137: =IF(COUNTIF(B137,"SIPS*"),"UND ","SERV") -> UND | E137: 14218000
A138: 118 | B138: SIPS BOQUILLA DE RADIADOR | C138: =IF(COUNTIF(B138,"SIPS*"),"UND ","SERV") -> UND | E138: 2523000
A139: 119 | B139: SIPS TAPA DE RADIADOR | C139: =IF(COUNTIF(B139,"SIPS*"),"UND ","SERV") -> UND | E139: 421000
A140: 120 | B140: SIPS INTERCOOLER | C140: =IF(COUNTIF(B140,"SIPS*"),"UND ","SERV") -> UND | E140: 10898000
A141: 121 | B141: SIPS BOMBA DE AGUA | C141: =IF(COUNTIF(B141,"SIPS*"),"UND ","SERV") -> UND | E141: 7400333.3
A142: 122 | B142: SIPS KIT DE REPARACION BOMBA DE AGUA | C142: =IF(COUNTIF(B142,"SIPS*"),"UND ","SERV") -> UND | E142: 3700000
A143: 123 | B143: SIPS IMPELER BOMBA AGUA | C143: =IF(COUNTIF(B143,"SIPS*"),"UND ","SERV") -> UND | E143: 507000
A144: 124 | B144: SIPS MANGUERA SUPERIOR RADIADOR | C144: =IF(COUNTIF(B144,"SIPS*"),"UND ","SERV") -> UND | E144: 655000
A145: 125 | B145: SIPS MANGUERA INFERIOR RADIADOR | C145: =IF(COUNTIF(B145,"SIPS*"),"UND ","SERV") -> UND | E145: 639666.67
A146: 126 | B146: SIPS MANGUERA SISTEMA DE REFRIGERACION | C146: =IF(COUNTIF(B146,"SIPS*"),"UND ","SERV") -> UND | E146: 807333.33
A147: 127 | B147: SIPS MANGUERA DE CALEFACCION | C147: =IF(COUNTIF(B147,"SIPS*"),"UND ","SERV") -> UND | E147: 1327333.3
... A161: 141 | B161: SIPS SENSOR DE TEMPERATURA | C161: =IF(COUNTIF(B161,"SIPS*"),"UND ","SERV") -> UND | E161: 4061333.3
E162: 0
B163: SISTEMA DE DIRECCION | E163: 0
A164: 142 | B164: SIPS TERMINAL DE DIRECCION | C164: =IF(COUNTIF(B164,"SIPS*"),"UND ","SERV") -> UND | E164: 1009000
A165: 143 | B165: SIPS BRAZO DE DIRECCION | C165: =IF(COUNTIF(B165,"SIPS*"),"UND ","SERV") -> UND | E165: 2523000
A166: 144 | B166: SIPS CARDAN DE DIRECCION INCLUYENDO CRUCETAS | C166: =IF(COUNTIF(B166,"SIPS*"),"UND ","SERV") -> UND | E166: 3364000
A167: 145 | B167: SIPS ESPIGO Y BOTELLA DE CARDAN DE DIRECCION | C167: =IF(COUNTIF(B167,"SIPS*"),"UND ","SERV") -> UND | E167: 2691333.3
A168: 146 | B168: SIPS BIELA DE DIRECCION | C168: =IF(COUNTIF(B168,"SIPS*"),"UND ","SERV") -> UND | E168: 2354333.3
A169: 147 | B169: SIPS BARRA DE DIRECCION | C169: =IF(COUNTIF(B169,"SIPS*"),"UND ","SERV") -> UND | E169: 4036333.3
...

Sheet RETRO 2021
B7: MUNICIPIO DE EL CARMEN DE VIBORAL
B9: VEHICULO COTIZADO:
A10: RETROEXCAVADORA CATERPILLAR 420 PLACA: MC 350295 MODELO 2021
A11: ITEM | B11: SERVICIO REQUERIDO | C11: UNIDAD DE MEDIDA | D11: VALOR PROPUESTA, IVA INCLUIDO | E11: VALOR TECHO
B12: SISTEMA MOTOR
A13: 1 | B13: SIPS KIT DE REPARACION DE MOTOR; JUEGO PISTONES, JUEGO ANILLOS, JUEGO BULONES Y SEGUROS PISTONES, JUEGO CAMISAS, JUEGO CASQUETES BANCADA, JUEGO CASQUETES BIELA, JUEGO AXIALES, JUEGO BUJES BIELA, JUEGO BUJES LEVA, JUEGO RETENEDORES MOTOR, JUEGO EMPAQUES MOTOR | C13: =IF(COUNTIF(B13,"SIPS*"),"UND ","SERV") -> UND | E13: 62241000
A14: 2 | B14: ANILLADA DE MOTOR INCLUYE SIPS DE CASQUETERIA, SIPS EMPAQUETADURA DE MOTOR | C14: =IF(COUNTIF(B14,"SIPS*"),"UND ","SERV") -> SERV | E14: 9233666.7
A15: 3 | B15: SIPS KIT DE REPARACION CULATA; JUEGO VALVULAS AD, JUEGO VALVULAS EX, JUEGO GUIAS EX, JUEGO GUIAS AD, JUEGO ASIENTOS AD. JUEGO ASIENTOS EX, JUEGO INPULSADORES VALVULAS, JUEGO GORROS VALVULAS | C15: =IF(COUNTIF(B15,"SIPS*"),"UND ","SERV") -> UND | E15: 12102333
A16: 4 | B16: SIPS EMPAQUE DE CULATA | C16: =IF(COUNTIF(B16,"SIPS*"),"UND ","SERV") -> UND | E16: 4761666.7
A17: 5 | B17: SIPS PISTON DE MOTOR | C17: =IF(COUNTIF(B17,"SIPS*"),"UND ","SERV") -> UND | E17: 4321666.7
A18: 6 | B18: SIPS ANILLOS DE PISTON DE MOTOR | C18: =IF(COUNTIF(B18,"SIPS*"),"UND ","SERV") -> UND | E18: 2593333.3
A19: 7 | B19: SIPS JUEGO DE IMPULSADORES HIDRAULICOS | C19: UND | E19: 3893333.3
A20: 8 | B20: SIPS JUEGO DE IMPULSADORES Y VARILLAS IMPULSORAS | C20: UND | E20: 4195000
A21: 9 | B21: SIPS JUEGO DE BALANCINES | C21: =IF(COUNTIF(B21,"SIPS*"),"UND ","SERV") -> UND | E21: 4809000
A22: 10 | B22: SIPS POLEA DEL MOTOR | C22: =IF(COUNTIF(B22,"SIPS*"),"UND ","SERV") -> UND | E22: 1665333.3
A23: 11 | B23: SIPS DE CIGÜEÑAL | C23: =IF(COUNTIF(B23,"SIPS*"),"UND ","SERV") -> UND | E23: 14722000
A24: 12 | B24: SIPS DE JUEGO DE CASQUETES DE VIELA Y BANCADA | C24: =IF(COUNTIF(B24,"SIPS*"),"UND ","SERV") -> UND | E24: 10878000
A25: 13 | B25: SIPS TAPON BLOQUE MOTOR | C25: =IF(COUNTIF(B25,"SIPS*"),"UND ","SERV") -> UND | E25: 463000
A26: 14 | B26: SIPS EMPAQUE DE CARTER | C26: =IF(COUNTIF(B26,"SIPS*"),"UND ","SERV") -> UND | E26: 1295666.7
A27: 15 | B27: SIPS VOLANTE DE MOTOR | C27: =IF(COUNTIF(B27,"SIPS*"),"UND ","SERV") -> UND | E27: 7073666.7
A28: 16 | B28: SIPS RODAMIENTO DEL VOLANTE | C28: =IF(COUNTIF(B28,"SIPS*"),"UND ","SERV") -> UND | E28: 925000
A29: 17 | B29: SIPS CREMALLERA DEL VOLANTE | C29: =IF(COUNTIF(B29,"SIPS*"),"UND ","SERV") -> UND | E29: 2405333.3
A30: 18 | B30: SIPS DE CORREA DE ACCESORIOS | C30: =IF(COUNTIF(B30,"SIPS*"),"UND ","SERV") -> UND | E30: 629000
A31: 19 | B31: SIPS DAMPER DE MOTOR | C31: =IF(COUNTIF(B31,"SIPS*"),"UND ","SERV") -> UND | E31: 2034666.7
A32: 20 | B32: SIPS TAQUE IMPULSADOR DE MOTOR | C32: =IF(COUNTIF(B32,"SIPS*"),"UND ","SERV") -> UND | E32: 597333.33
... A46: 34 | B46: SIPS COMPUTADORA Y PROGRAMACION | C46: =IF(COUNTIF(B46,"SIPS*"),"UND ","SERV") -> UND | E46: 36030667
E47: 0
B48: SISTEMA ALIMENTACION AIRE/COMBUSTIBLE | E48: 0
A49: 35 | B49: SIPS DE LA BOMBA DE INYECCION | C49: =IF(COUNTIF(B49,"SIPS*"),"UND ","SERV") -> UND | E49: 25899333
A50: 36 | B50: SIPS KIT REPARACION DE LA BOMBA DE INYECCION | C50: =IF(COUNTIF(B50,"SIPS*"),"UND ","SERV") -> UND | E50: 12949667
A51: 37 | B51: SIPS DE INYECTOR DE COMBUSTIBLE | C51: =IF(COUNTIF(B51,"SIPS*"),"UND ","SERV") -> UND | E51: 10730000
A52: 38 | B52: SIPS KIT REPARCION DE INYECTOR | C52: =IF(COUNTIF(B52,"SIPS*"),"UND ","SERV") -> UND | E52: 4439666.7
A53: 39 | B53: SIPS JUEGO DE TOBERAS INYECTOR | C53: =IF(COUNTIF(B53,"SIPS*"),"UND ","SERV") -> UND | E53: 11098333
A54: 40 | B54: SIPS DE TURBO ALIMENTADOR | C54: =IF(COUNTIF(B54,"SIPS*"),"UND ","SERV") -> UND | E54: 14798667
A55: 41 | B55: SIPS DE KIT DE REPARACION DE TURBO ALIMENTADOR | C55: =IF(COUNTIF(B55,"SIPS*"),"UND ","SERV") -> UND | E55: 7400333.3
A56: 42 | B56: SIPS EMPAQUTADURA DEL TURBO | C56: =IF(COUNTIF(B56,"SIPS*"),"UND ","SERV") -> UND | E56: 1295666.7
A57: 43 | B57: SIPS TORNILLO DEL TURBO | C57: =IF(COUNTIF(B57,"SIPS*"),"UND ","SERV") -> UND | E57: 92333.333
A58: 44 | B58: SIPS TRAPECIO DE ACELERACION | C58: =IF(COUNTIF(B58,"SIPS*"),"UND ","SERV") -> UND | E58: 343333.33
A59: 45 | B59: SIPS DE BOMBA DE SUMINISTRO DE COMBUSTBLE ELECTRICA | C59: =IF(COUNTIF(B59,"SIPS*"),"UND ","SERV") -> UND | E59: 7030000
A60: 46 | B60: SIPS FLOTADOR Y MECANISMOS DE INDICACION DE NIVEL DE COMBUSTIBLE | C60: =IF(COUNTIF(B60,"SIPS*"),"UND ","SERV") -> UND | E60: 1887000
... A80: 66 | B80: SIPS SENSOR DE FLUJO DE COMBUSTIBLE | C80: =IF(COUNTIF(B80,"SIPS*"),"UND ","SERV") -> UND | E80: 2074000
E81: 0
B82: SISTEMA DE ESCAPE | E82: 0
A83: 67 | B83: SIPS MULTIPLE DE ESCAPE | C83: =IF(COUNTIF(B83,"SIPS*"),"UND ","SERV") -> UND | E83: 12765667
A84: 68 | B84: SIPS TORNILLOS MULTIPLE DE ESCAPE | C84: =IF(COUNTIF(B84,"SIPS*"),"UND ","SERV") -> UND | E84: 109000
A85: 69 | B85: SIPS DE SISTEMA DE ESCAPE COMPLETO | C85: =IF(COUNTIF(B85,"SIPS*"),"UND ","SERV") -> UND | E85: 8325666.7
A86: 70 | B86: SIPS DE SILENCIADOR | C86: =IF(COUNTIF(B86,"SIPS*"),"UND ","SERV") -> UND | E86: 5921000
A87: 71 | B87: SIPS TUBO DE ESCAPE | C87: =IF(COUNTIF(B87,"SIPS*"),"UND ","SERV") -> UND | E87: 1849000
A88: 72 | B88: SIPS EMPAQUES O ANILLOS MULTIPLE DE ESCAPE | C88: =IF(COUNTIF(B88,"SIPS*"),"UND ","SERV") -> UND | E88: 1295666.7
A89: 73 | B89: SIPS FLEXIBLE DEL ESCAPE | C89: =IF(COUNTIF(B89,"SIPS*"),"UND ","SERV") -> UND | E89: 906333.33
A90: 74 | B90: SIPS PUNTA DE ESCAPE | C90: =IF(COUNTIF(B90,"SIPS*"),"UND ","SERV") -> UND | E90: 1295666.7
A91: 75 | B91: SIPS PARRILLA DE SILENCIADOR DE ESCAPE | C91: =IF(COUNTIF(B91,"SIPS*"),"UND ","SERV") -> UND | E91: 1479666.7
A92: 76 | B92: SIPS TRAMO DE TUBO DE ESCAPE | C92: =IF(COUNTIF(B92,"SIPS*"),"UND ","SERV") -> UND | E92: 741333.33
E93: 0
B94: SISTEMA DE LUBRICACION | E94: 0
A95: 77 | B95: GARRAFA DE ACEITE DE MOTOR 15W 40 | C95: UND | E95: 582666.67
A96: 78 | B96: GALON DE ACEITE DE MOTOR 15W 40 | C96: UND | E96: 191000
A97: 79 | B97: CUARTO DE ACEITE DE MOTOR 15W 4O | C97: UND | E97: 47333.333
A98: 80 | B98: CUARTO DE ACEITE DE CAJA HIDRAULICA ATF | C98: UND | E98: 89333.333
A99: 81 | B99: GARRAFA DE ACEITE HIDRAULICO | C99: UND | E99: 488333.33
A100: 82 | B100: GALON ACEITE HIDRAULICO | C100: UND | E100: 107000
A101: 83 | B101: GALON ACEITE SERBO TRANSMISION | C101: UND | E101: 214000
A102: 84 | B102: GARRAFA ACEITE 50 CAT TANDEN | C102: UND | E102: 621666.67
A103: 85 | B103: GARRAFA ACEITE SERBOTRANSMISION | C103: UND | E103: 621666.67
A104: 86 | B104: POTE DE GRASA ALTA TEMPERATURA | C104: UND | E104: 42000
A105: 87 | B105: SIPS BALDE DE GRASA ALTA TEMPERATURA | C105: UND | E105: 816000
A106: 88 | B106: SIPS ADITIVO ANTIFRICCION | C106: UND | E106: 180333.33
... A124: 106 | B124: ADITIVO PARA FRENOS | C124: UND | E124: 343333.33
A125: 107 | B125: SIPS BOMBA DE ACEITE A TODO COSTO | C125: =IF(COUNTIF(B125,"SIPS*"),"UND ","SERV") -> UND | E125: 5550333.3
A126: 108 | B126: SIPS SENSOR PRESION DE ACEITE | C126: =IF(COUNTIF(B126,"SIPS*"),"UND ","SERV") -> UND | E126: 4255666.7
A127: 109 | B127: SIPS KIT REPARCION ENFRIADOR DE ACEITE | C127: =IF(COUNTIF(B127,"SIPS*"),"UND ","SERV") -> UND | E127: 2220666.7
A128: 110 | B128: SIPS TAPA ENFRIADOR DE ACEITE | C128: =IF(COUNTIF(B128,"SIPS*"),"UND ","SERV") -> UND | E128: 3701333.3
A129: 111 | B129: SIPS MEDIDOR DE ACEITE | C129: =IF(COUNTIF(B129,"SIPS*"),"UND ","SERV") -> UND | E129: 1109666.7
A130: 112 | B130: SIPS TAPA LLENADO DE ACEITE MOTOR | C130: =IF(COUNTIF(B130,"SIPS*"),"UND ","SERV") -> UND | E130: 665666.67
A131: 113 | B131: SIPS EMPAQUETADURA BASE FILTRO ACEITE | C131: =IF(COUNTIF(B131,"SIPS*"),"UND ","SERV") -> UND | E131: 1295666.7
A132: 114 | B132: SIPS EMPAQUETADURA ENFRIADOR DE ACEITE | C132: =IF(COUNTIF(B132,"SIPS*"),"UND ","SERV") -> UND | E132: 1815666.7
A133: 115 | B133: SIPS MANGUERA DE LUBRICACION | C133: =IF(COUNTIF(B133,"SIPS*"),"UND ","SERV") -> UND | E133: 741333.33
E134: 0
B135: SISTEMA REFRIGERACION | E135: 0
A136: 116 | B136: SIPS TANQUE DE RADIADOR | C136: =IF(COUNTIF(B136,"SIPS*"),"UND ","SERV") -> UND | E136: 7898000
A137: 117 | B137: SIPS RADIADOR REFRIGERACION MOTOR | C137: =IF(COUNTIF(B137,"SIPS*"),"UND ","SERV") -> UND | E137: 15640000
A138: 118 | B138: SIPS BOQUILLA DE RADIADOR | C138: =IF(COUNTIF(B138,"SIPS*"),"UND ","SERV") -> UND | E138: 2775333.3
A139: 119 | B139: SIPS TAPA DE RADIADOR | C139: =IF(COUNTIF(B139,"SIPS*"),"UND ","SERV") -> UND | E139: 463000
A140: 120 | B140: SIPS INTERCOOLER | C140: =IF(COUNTIF(B140,"SIPS*"),"UND ","SERV") -> UND | E140: 11988000
A141: 121 | B141: SIPS BOMBA DE AGUA | C141: =IF(COUNTIF(B141,"SIPS*"),"UND ","SERV") -> UND | E141: 8140666.7
A142: 122 | B142: SIPS KIT DE REPARACION BOMBA DE AGUA | C142: =IF(COUNTIF(B142,"SIPS*"),"UND ","SERV") -> UND | E142: 4070000
A143: 123 | B143: SIPS IMPELER BOMBA AGUA | C143: =IF(COUNTIF(B143,"SIPS*"),"UND ","SERV") -> UND | E143: 558666.67
A144: 124 | B144: SIPS MANGUERA SUPERIOR RADIADOR | C144: =IF(COUNTIF(B144,"SIPS*"),"UND ","SERV") -> UND | E144: 720333.33
A145: 125 | B145: SIPS MANGUERA INFERIOR RADIADOR | C145: =IF(COUNTIF(B145,"SIPS*"),"UND ","SERV") -> UND | E145: 703333.33
A146: 126 | B146: SIPS MANGUERA SISTEMA DE REFRIGERACION | C146: =IF(COUNTIF(B146,"SIPS*"),"UND ","SERV") -> UND | E146: 888333.33
A147: 127 | B147: SIPS MANGUERA DE CALEFACCION | C147: =IF(COUNTIF(B147,"SIPS*"),"UND ","SERV") -> UND | E147: 1460333.3
... A161: 141 | B161: SIPS SENSOR DE TEMPERATURA | C161: =IF(COUNTIF(B161,"SIPS*"),"UND ","SERV") -> UND | E161: 4467666.7
E162: 0
B163: SISTEMA DE DIRECCION | E163: 0
A164: 142 | B164: SIPS TERMINAL DE DIRECCION | C164: =IF(COUNTIF(B164,"SIPS*"),"UND ","SERV") -> UND | E164: 1109666.7
A165: 143 | B165: SIPS BRAZO DE DIRECCION | C165: =IF(COUNTIF(B165,"SIPS*"),"UND ","SERV") -> UND | E165: 2775333.3
A166: 144 | B166: SIPS CARDAN DE DIRECCION INCLUYENDO CRUCETAS | C166: =IF(COUNTIF(B166,"SIPS*"),"UND ","SERV") -> UND | E166: 3701333.3
A167: 145 | B167: SIPS ESPIGO Y BOTELLA DE CARDAN DE DIRECCION | C167: =IF(COUNTIF(B167,"SIPS*"),"UND ","SERV") -> UND | E167: 2960000
A168: 146 | B168: SIPS BIELA DE DIRECCION | C168: =IF(COUNTIF(B168,"SIPS*"),"UND ","SERV") -> UND | E168: 2589333.3
A169: 147 | B169: SIPS BARRA DE DIRECCION | C169: =IF(COUNTIF(B169,"SIPS*"),"UND ","SERV") -> UND | E169: 4439666.7
...

Sheet NIVELADORA 
B7: MUNICIPIO DE EL CARMEN DE VIBORAL
B9: VEHICULO COTIZADO:
A10: MOTONIVELADORA NEW HOLLAND PLACA: MCO 12827
A11: ITEM | B11: SERVICIO REQUERIDO | C11: UNIDAD DE MEDIDA | D11: VALOR PROPUESTA, IVA INCLUIDO | E11: VALOR TECHO
B12: SISTEMA MOTOR
A13: 1 | B13: SIPS KIT DE REPARACION DE MOTOR; JUEGO PISTONES, JUEGO ANILLOS, JUEGO BULONES Y SEGUROS PISTONES, JUEGO CAMISAS, JUEGO CASQUETES BANCADA, JUEGO CASQUETES BIELA, JUEGO AXIALES, JUEGO BUJES BIELA, JUEGO BUJES LEVA, JUEGO RETENEDORES MOTOR, JUEGO EMPAQUES MOTOR | C13: =IF(COUNTIF(B13,"SIPS*"),"UND ","SERV") -> UND | E13: 60946333
A14: 2 | B14: ANILLADA DE MOTOR INCLUYE SIPS DE CASQUETERIA, SIPS EMPAQUETADURA DE MOTOR | C14: =IF(COUNTIF(B14,"SIPS*"),"UND ","SERV") -> SERV | E14: 9981333.3
A15: 3 | B15: SIPS KIT DE REPARACION CULATA; JUEGO VALVULAS AD, JUEGO VALVULAS EX, JUEGO GUIAS EX, JUEGO GUIAS AD, JUEGO ASIENTOS AD. JUEGO ASIENTOS EX, JUEGO INPULSADORES VALVULAS, JUEGO GORROS VALVULAS | C15: =IF(COUNTIF(B15,"SIPS*"),"UND ","SERV") -> UND | E15: 25469667
A16: 4 | B16: SIPS EMPAQUE DE CULATA | C16: =IF(COUNTIF(B16,"SIPS*"),"UND ","SERV") -> UND | E16: 4978000
A17: 5 | B17: SIPS PISTON DE MOTOR | C17: =IF(COUNTIF(B17,"SIPS*"),"UND ","SERV") -> UND | E17: 4518000
A18: 6 | B18: SIPS ANILLOS DE PISTON DE MOTOR | C18: =IF(COUNTIF(B18,"SIPS*"),"UND ","SERV") -> UND | E18: 2712000
A19: 7 | B19: SIPS JUEGO DE IMPULSADORES HIDRAULICOS | C19: UND | E19: 3658333.3
A20: 8 | B20: SIPS JUEGO DE IMPULSADORES Y VARILLAS IMPULSORAS | C20: UND | E20: 4065333.3
A21: 9 | B21: SIPS JUEGO DE BALANCINES | C21: =IF(COUNTIF(B21,"SIPS*"),"UND ","SERV") -> UND | E21: 5028333.3
A22: 10 | B22: SIPS POLEA DEL MOTOR | C22: =IF(COUNTIF(B22,"SIPS*"),"UND ","SERV") -> UND | E22: 1740666.7
A23: 11 | B23: SIPS DE CIGÜEÑAL | C23: =IF(COUNTIF(B23,"SIPS*"),"UND ","SERV") -> UND | E23: 15389667
A24: 12 | B24: SIPS DE JUEGO DE CASQUETES DE VIELA Y BANCADA | C24: =IF(COUNTIF(B24,"SIPS*"),"UND ","SERV") -> UND | E24: 11372667
A25: 13 | B25: SIPS TAPON BLOQUE MOTOR | C25: =IF(COUNTIF(B25,"SIPS*"),"UND ","SERV") -> UND | E25: 485333.33
A26: 14 | B26: SIPS EMPAQUE DE CARTER | C26: =IF(COUNTIF(B26,"SIPS*"),"UND ","SERV") -> UND | E26: 1352333.3
A27: 15 | B27: SIPS VOLANTE DE MOTOR | C27: =IF(COUNTIF(B27,"SIPS*"),"UND ","SERV") -> UND | E27: 7395333.3
A28: 16 | B28: SIPS RODAMIENTO DEL VOLANTE | C28: =IF(COUNTIF(B28,"SIPS*"),"UND ","SERV") -> UND | E28: 967000
A29: 17 | B29: SIPS CREMALLERA DEL VOLANTE | C29: =IF(COUNTIF(B29,"SIPS*"),"UND ","SERV") -> UND | E29: 2515000
A30: 18 | B30: SIPS DE CORREA DE ACCESORIOS | C30: =IF(COUNTIF(B30,"SIPS*"),"UND ","SERV") -> UND | E30: 657333.33
A31: 19 | B31: SIPS DAMPER DE MOTOR | C31: =IF(COUNTIF(B31,"SIPS*"),"UND ","SERV") -> UND | E31: 2128333.3
A32: 20 | B32: SIPS TAPON DEL CARTER | C32: =IF(COUNTIF(B32,"SIPS*"),"UND ","SERV") -> UND | E32: 189000
... A45: 33 | B45: SIPS COMPUTADORA Y PROGRAMACION | C45: =IF(COUNTIF(B45,"SIPS*"),"UND ","SERV") -> UND | E45: 37669000
E46: 0
B47: SISTEMA ALIMENTACION AIRE/COMBUSTIBLE | E47: 0
A48: 34 | B48: SIPS DE LA BOMBA DE INYECCION | C48: =IF(COUNTIF(B48,"SIPS*"),"UND ","SERV") -> UND | E48: 27076333
A49: 35 | B49: SIPS KIT REPARACION DE LA BOMBA DE INYECCION | C49: =IF(COUNTIF(B49,"SIPS*"),"UND ","SERV") -> UND | E49: 13538667
A50: 36 | B50: SIPS DE INYECTOR DE COMBUSTIBLE | C50: =IF(COUNTIF(B50,"SIPS*"),"UND ","SERV") -> UND | E50: 11218333
A51: 37 | B51: SIPS KIT REPARCION DE INYECTOR | C51: =IF(COUNTIF(B51,"SIPS*"),"UND ","SERV") -> UND | E51: 4643000
A52: 38 | B52: SIPS JUEGO DE TOBERAS INYECTOR | C52: =IF(COUNTIF(B52,"SIPS*"),"UND ","SERV") -> UND | E52: 11603667
A53: 39 | B53: SIPS DE TURBO ALIMENTADOR | C53: =IF(COUNTIF(B53,"SIPS*"),"UND ","SERV") -> UND | E53: 15472667
A54: 40 | B54: SIPS DE KIT DE REPARACION DE TURBO ALIMENTADOR | C54: =IF(COUNTIF(B54,"SIPS*"),"UND ","SERV") -> UND | E54: 7736333.3
A55: 41 | B55: SIPS EMPAQUTADURA DEL TURBO | C55: =IF(COUNTIF(B55,"SIPS*"),"UND ","SERV") -> UND | E55: 1352333.3
A56: 42 | B56: SIPS TORNILLO DEL TURBO | C56: =IF(COUNTIF(B56,"SIPS*"),"UND ","SERV") -> UND | E56: 97666.667
A57: 43 | B57: SIPS DE BOMBA DE SUMINISTRO DE COMBUSTBLE ELECTRICA | C57: =IF(COUNTIF(B57,"SIPS*"),"UND ","SERV") -> UND | E57: 7349000
A58: 44 | B58: SIPS FLOTADOR Y MECANISMOS DE INDICACION DE NIVEL DE COMBUSTIBLE | C58: =IF(COUNTIF(B58,"SIPS*"),"UND ","SERV") -> UND | E58: 1971000
A59: 45 | B59: SIPS TANQUE DE COMBUSTIBLE | C59: =IF(COUNTIF(B59,"SIPS*"),"UND ","SERV") -> UND | E59: 7736333.3
... A84: 70 | B84: SIPS COMPRESOR DE AIRE | C84: =IF(COUNTIF(B84,"SIPS*"),"UND ","SERV") -> UND | E84: 8958666.7
A85: 71 | B85: EMPAQUETADURA COMPRESOR DE AIRE | C85: UND | E85: 923000
A86: 72 | B86: SERVICIO MONTAGE Y AJUSTE DE COMPRESOR DE AIRE | C86: =IF(COUNTIF(B86,"SIPS*"),"UND ","SERV") -> SERV | E86: 314000
A87: 73 | B87: MANGUERA PRINCIPAL DE COMPRESOR DE AIRE | C87: UND | E87: 531333.33
A88: 74 | B88: GOBERNADOR DE AIRE | C88: UND | E88: 240666.67
A89: 75 | B89: EMPAQUETADURA CULATA COMPRESOR | C89: UND | E89: 366333.33
A90: 76 | B90: REPARACION DE CULATA DE COMPRESOR | C90: =IF(COUNTIF(B90,"SIPS*"),"UND ","SERV") -> SERV | E90: 285333.33
A91: 77 | B91: CAMBIO DE GOBERNADOR DE AIRE | C91: =IF(COUNTIF(B91,"SIPS*"),"UND ","SERV") -> SERV | E91: 143666.67
A92: 78 | B92: SIPS DIAFRAGMA VALVULA DE AIRE | C92: UND | E92: 293000
A93: 79 | B93: CAMBIO DE MANGUERA PRINCIPAL DE AIRE | C93: =IF(COUNTIF(B93,"SIPS*"),"UND ","SERV") -> SERV | E93: 114666.67
A94: 80 | B94: CORRECCION DE FUGA DE COMBUSTIBLE | C94: =IF(COUNTIF(B94,"SIPS*"),"UND ","SERV") -> SERV | E94: 270666.67
A95: 81 | B95: CORRECCION DE FUGA DE AIRE | C95: =IF(COUNTIF(B95,"SIPS*"),"UND ","SERV") -> SERV | E95: 257333.33
A96: 82 | B96: SERVICIO LAVADA TANQUE DE COMBUSTIBLE Y SANGRADA DE SISTEMA DE SUMINISTRO DE COMBUSTIBLE | C96: =IF(COUNTIF(B96,"SIPS*"),"UND ","SERV") -> SERV | E96: 714000
A97: 83 | B97: SERVICIO CALIBRACION DE PALANCAS DEL SISTEMA DE ACELERACION | C97: =IF(COUNTIF(B97,"SIPS*"),"UND ","SERV") -> SERV | E97: 214000
A98: 84 | B98: SERVICIO DESVARE POR INTERRUPCION EN EL FLUJO DE COMBUSTIBLE, POR CONTAMINACION DE LODOS Y DESAIREADA DEL SISTEMA | C98: =IF(COUNTIF(B98,"SIPS*"),"UND ","SERV") -> SERV | E98: 257333.33
E99: 0
B100: SISTEMA DE ESCAPE | E100: 0
A101: 85 | B101: SIPS MULTIPLE DE ESCAPE | C101: =IF(COUNTIF(B101,"SIPS*"),"UND ","SERV") -> UND | E101: 13344667
A102: 86 | B102: SIPS TORNILLOS MULTIPLE DE ESCAPE | C102: =IF(COUNTIF(B102,"SIPS*"),"UND ","SERV") -> UND | E102: 115666.67
A103: 87 | B103: SIPS DE SISTEMA DE ESCAPE COMPLETO | C103: =IF(COUNTIF(B103,"SIPS*"),"UND ","SERV") -> UND | E103: 8703333.3
A104: 88 | B104: SIPS DE SILENCIADOR | C104: =IF(COUNTIF(B104,"SIPS*"),"UND ","SERV") -> UND | E104: 6188666.7
A105: 89 | B105: SIPS TUBO DE ESCAPE | C105: =IF(COUNTIF(B105,"SIPS*"),"UND ","SERV") -> UND | E105: 1935333.3
A106: 90 | B106: SIPS EMPAQUES O ANILLOS MULTIPLE DE ESCAPE | C106: =IF(COUNTIF(B106,"SIPS*"),"UND ","SERV") -> UND | E106: 1352333.3
A107: 91 | B107: SIPS FLEXIBLE DEL ESCAPE | C107: =IF(COUNTIF(B107,"SIPS*"),"UND ","SERV") -> UND | E107: 948000
A108: 92 | B108: SIPS PUNTA DE ESCAPE | C108: =IF(COUNTIF(B108,"SIPS*"),"UND ","SERV") -> UND | E108: 1352333.3
A109: 93 | B109: SIPS PARRILLA DE SILENCIADOR DE ESCAPE | C109: =IF(COUNTIF(B109,"SIPS*"),"UND ","SERV") -> UND | E109: 1547666.7
A110: 94 | B110: SIPS TRAMO DE TUBO DE ESCAPE | C110: =IF(COUNTIF(B110,"SIPS*"),"UND ","SERV") -> UND | E110: 772666.67
E111: 0
B112: SISTEMA DE LUBRICACION | E112: 0
A113: 95 | B113: GARRAFA DE ACEITE DE MOTOR 15W 40 | C113: UND | E113: 582666.67
A114: 96 | B114: GALON DE ACEITE DE MOTOR 15W 40 | C114: UND | E114: 191000
A115: 97 | B115: CUARTO DE ACEITE DE MOTOR 15W 4O | C115: UND | E115: 47333.333
A116: 98 | B116: CUARTO DE ACEITE DE CAJA HIDRAULICA ATF | C116: UND | E116: 89333.333
A117: 99 | B117: GARRAFA DE ACEITE HIDRAULICO | C117: UND | E117: 488333.33
A118: 100 | B118: GALON ACEITE HIDRAULICO | C118: UND | E118: 107000
A119: 101 | B119: GALON ACEITE SERBO TRANSMISION | C119: UND | E119: 214000
A120: 102 | B120: GARRAFA ACEITE SERBOTRANSMISION | C120: UND | E120: 621666.67
A121: 103 | B121: GARRAFA ACEITE 50 CAT TANDEN | C121: UND | E121: 621666.67
A122: 104 | B122: GARRAFA ACEITE SERBO 30 CAT | C122: UND | E122: 621666.67
A123: 105 | B123: CUARTO 10W30 ACEITE MOTOR DE GIRO | C123: UND | E123: 93333.333
A124: 106 | B124: POTE DE GRASA ALTA TEMPERATURA | C124: UND | E124: 42000
... A139: 121 | B139: FILTRO AIRE INTERNO | C139: UND | E139: 2103000
A140: 122 | B140: SERVICIO CAMBIO DE ACEITE Y FILTROS | C140: =IF(COUNTIF(B140,"SIPS*"),"UND ","SERV") -> SERV | E140: 172333.33
A141: 123 | B141: FILTRO HIDRAULICO | C141: UND | E141: 1341000
A142: 124 | B142: FILTRO SERBOTRANSMISION | C142: UND | E142: 1473000
A143: 125 | B143: FILTRO TANQUE HIDRAULICO | C143: UND | E143: 976666.67
A144: 126 | B144: SERVICIO CAMBIO FILTRO Y ACEITE DE SERBOTRANSMISION | C144: =IF(COUNTIF(B144,"SIPS*"),"UND ","SERV") -> SERV | E144: 228000
A145: 127 | B145: DESENGRASANTE X GL | C145: UND | E145: 18000
A146: 128 | B146: SERVICIO ENGRASADA GENERAL | C146: =IF(COUNTIF(B146,"SIPS*"),"UND ","SERV") -> SERV | E146: 143666.67
A147: 129 | B147: SERVICIO CAMBIO DE ACEITE Y FILTROS DE MOTOR | C147: =IF(COUNTIF(B147,"SIPS*"),"UND ","SERV") -> SERV | E147: 172333.33
A148: 130 | B148: SERVICIO CAMBIO FILTRO Y ACEITE HIDRAULICO | C148: =IF(COUNTIF(B148,"SIPS*"),"UND ","SERV") -> SERV | E148: 285333.33
A149: 131 | B149: SERVICIO CAMBIO FILTRO Y ACEITE DE SERBOTRANSMISION | C149: =IF(COUNTIF(B149,"SIPS*"),"UND ","SERV") -> SERV | E149: 228000
A150: 132 | B150: SERVICIO CAMBIO DE ACEITE DE LOS TANDEN | C150: =IF(COUNTIF(B150,"SIPS*"),"UND ","SERV") -> SERV | E150: 285333.33
A151: 133 | B151: SIPS BOMBA DE ACEITE A TODO COSTO | C151: =IF(COUNTIF(B151,"SIPS*"),"UND ","SERV") -> UND | E151: 5802333.3
A152: 134 | B152: SIPS SENSOR PRESION DE ACEITE | C152: =IF(COUNTIF(B152,"SIPS*"),"UND ","SERV") -> UND | E152: 4448666.7
A153: 135 | B153: SIPS KIT REPARCION ENFRIADOR DE ACEITE | C153: =IF(COUNTIF(B153,"SIPS*"),"UND ","SERV") -> UND | E153: 2320666.7
A154: 136 | B154: SIPS TAPA ENFRIADOR DE ACEITE | C154: =IF(COUNTIF(B154,"SIPS*"),"UND ","SERV") -> UND | E154: 3867000
A155: 137 | B155: SIPS MEDIDOR DE ACEITE | C155: =IF(COUNTIF(B155,"SIPS*"),"UND ","SERV") -> UND | E155: 1160000
A156: 138 | B156: SIPS TAPA LLENADO DE ACEITE MOTOR | C156: =IF(COUNTIF(B156,"SIPS*"),"UND ","SERV") -> UND | E156: 696333.33
A157: 139 | B157: SIPS EMPAQUETADURA BASE FILTRO ACEITE | C157: =IF(COUNTIF(B157,"SIPS*"),"UND ","SERV") -> UND | E157: 1352333.3
...

Sheet VIBRO
B7: MUNICIPIO DE EL CARMEN DE VIBORAL
B9: VEHICULO COTIZADO:
A10: VIBROCOMPACTADOR PLACA: MCO 13666
A11: ITEM | B11: SERVICIO REQUERIDO | C11: UNIDAD DE MEDIDA | D11: VALOR PROPUESTA, IVA INCLUIDO | E11: VALOR TECHO
B12: SISTEMA MOTOR
A13: 1 | B13: SIPS KIT DE REPARACION DE MOTOR; JUEGO PISTONES, JUEGO ANILLOS, JUEGO BULONES Y SEGUROS PISTONES, JUEGO CAMISAS, JUEGO CASQUETES BANCADA, JUEGO CASQUETES BIELA, JUEGO AXIALES, JUEGO BUJES BIELA, JUEGO BUJES LEVA, JUEGO RETENEDORES MOTOR, JUEGO EMPAQUES MOTOR | C13: =IF(COUNTIF(B13,"SIPS*"),"UND ","SERV") -> UND | E13: 61249667
A14: 2 | B14: ANILLADA DE MOTOR INCLUYE SIPS DE CASQUETERIA, SIPS EMPAQUETADURA DE MOTOR | C14: =IF(COUNTIF(B14,"SIPS*"),"UND ","SERV") -> SERV | E14: 9981333.3
A15: 3 | B15: SIPS KIT DE REPARACION CULATA; JUEGO VALVULAS AD, JUEGO VALVULAS EX, JUEGO GUIAS EX, JUEGO GUIAS AD, JUEGO ASIENTOS AD. JUEGO ASIENTOS EX, JUEGO INPULSADORES VALVULAS, JUEGO GORROS VALVULAS | C15: =IF(COUNTIF(B15,"SIPS*"),"UND ","SERV") -> UND | E15: 25598000
A16: 4 | B16: SIPS EMPAQUE DE CULATA | C16: =IF(COUNTIF(B16,"SIPS*"),"UND ","SERV") -> UND | E16: 5002333.3
A17: 5 | B17: SIPS PISTON DE MOTOR | C17: =IF(COUNTIF(B17,"SIPS*"),"UND ","SERV") -> UND | E17: 4541333.3
A18: 6 | B18: SIPS ANILLOS DE PISTON DE MOTOR | C18: =IF(COUNTIF(B18,"SIPS*"),"UND ","SERV") -> UND | E18: 2725000
A19: 7 | B19: SIPS JUEGO DE IMPULSADORES HIDRAULICOS | C19: UND | E19: 3658333.3
A20: 8 | B20: SIPS JUEGO DE IMPULSADORES Y VARILLAS IMPULSORAS | C20: UND | E20: 4065333.3
A21: 9 | B21: SIPS JUEGO DE BALANCINES | C21: =IF(COUNTIF(B21,"SIPS*"),"UND ","SERV") -> UND | E21: 5053666.7
A22: 10 | B22: SIPS POLEA DEL MOTOR | C22: =IF(COUNTIF(B22,"SIPS*"),"UND ","SERV") -> UND | E22: 1749333.3
A23: 11 | B23: SIPS DE CIGÜEÑAL | C23: =IF(COUNTIF(B23,"SIPS*"),"UND ","SERV") -> UND | E23: 15466667
A24: 12 | B24: SIPS DE JUEGO DE CASQUETES DE VIELA Y BANCADA | C24: =IF(COUNTIF(B24,"SIPS*"),"UND ","SERV") -> UND | E24: 11429333
A25: 13 | B25: SIPS TAPON BLOQUE MOTOR | C25: =IF(COUNTIF(B25,"SIPS*"),"UND ","SERV") -> UND | E25: 487333.33
A26: 14 | B26: SIPS EMPAQUE DE CARTER | C26: =IF(COUNTIF(B26,"SIPS*"),"UND ","SERV") -> UND | E26: 1360000
A27: 15 | B27: SIPS VOLANTE DE MOTOR | C27: =IF(COUNTIF(B27,"SIPS*"),"UND ","SERV") -> UND | E27: 7432000
A28: 16 | B28: SIPS RODAMIENTO DEL VOLANTE | C28: =IF(COUNTIF(B28,"SIPS*"),"UND ","SERV") -> UND | E28: 971333.33
A29: 17 | B29: SIPS CREMALLERA DEL VOLANTE | C29: =IF(COUNTIF(B29,"SIPS*"),"UND ","SERV") -> UND | E29: 2528333.3
A30: 18 | B30: SIPS DE CORREA DE ACCESORIOS | C30: =IF(COUNTIF(B30,"SIPS*"),"UND ","SERV") -> UND | E30: 659666.67
A31: 19 | B31: SIPS DAMPER DE MOTOR | C31: =IF(COUNTIF(B31,"SIPS*"),"UND ","SERV") -> UND | E31: 2137666.7
A32: 20 | B32: SIPS TAPON DEL CARTER | C32: =IF(COUNTIF(B32,"SIPS*"),"UND ","SERV") -> UND | E32: 191000
... A45: 33 | B45: SIPS COMPUTADORA Y PROGRAMACION | C45: =IF(COUNTIF(B45,"SIPS*"),"UND ","SERV") -> UND | E45: 37857667
E46: 0
B47: SISTEMA ALIMENTACION AIRE/COMBUSTIBLE | E47: 0
A48: 34 | B48: SIPS DE LA BOMBA DE INYECCION | C48: =IF(COUNTIF(B48,"SIPS*"),"UND ","SERV") -> UND | E48: 27211667
A49: 35 | B49: SIPS KIT REPARACION DE LA BOMBA DE INYECCION | C49: =IF(COUNTIF(B49,"SIPS*"),"UND ","SERV") -> UND | E49: 13604667
A50: 36 | B50: SIPS DE INYECTOR DE COMBUSTIBLE | C50: =IF(COUNTIF(B50,"SIPS*"),"UND ","SERV") -> UND | E50: 11272667
A51: 37 | B51: SIPS KIT REPARCION DE INYECTOR | C51: =IF(COUNTIF(B51,"SIPS*"),"UND ","SERV") -> UND | E51: 4665333.3
A52: 38 | B52: SIPS JUEGO DE TOBERAS INYECTOR | C52: =IF(COUNTIF(B52,"SIPS*"),"UND ","SERV") -> UND | E52: 11662333
A53: 39 | B53: SIPS DE TURBO ALIMENTADOR | C53: =IF(COUNTIF(B53,"SIPS*"),"UND ","SERV") -> UND | E53: 15548333
A54: 40 | B54: SIPS DE KIT DE REPARACION DE TURBO ALIMENTADOR | C54: =IF(COUNTIF(B54,"SIPS*"),"UND ","SERV") -> UND | E54: 7774000
A55: 41 | B55: SIPS EMPAQUTADURA DEL TURBO | C55: =IF(COUNTIF(B55,"SIPS*"),"UND ","SERV") -> UND | E55: 1360000
A56: 42 | B56: SIPS TORNILLO DEL TURBO | C56: =IF(COUNTIF(B56,"SIPS*"),"UND ","SERV") -> UND | E56: 97666.667
A57: 43 | B57: SIPS DE BOMBA DE SUMINISTRO DE COMBUSTBLE ELECTRICA | C57: =IF(COUNTIF(B57,"SIPS*"),"UND ","SERV") -> UND | E57: 5956666.7
A58: 44 | B58: SIPS FLOTADOR Y MECANISMOS DE INDICACION DE NIVEL DE COMBUSTIBLE | C58: =IF(COUNTIF(B58,"SIPS*"),"UND ","SERV") -> UND | E58: 1981333.3
A59: 45 | B59: SIPS TANQUE DE COMBUSTIBLE | C59: =IF(COUNTIF(B59,"SIPS*"),"UND ","SERV") -> UND | E59: 7774000
A60: 46 | B60: TORNILLOS TANQUE COMBUSTIBLE | C60: UND | E60: 2000
A61: 47 | B61: SERVICO REPARACION DE TANQUE DE COMBUSTIBLE CON SOLDADURA Y RECTIFICADA DE ROSCAS DE TORNILLERIA | C61: =IF(COUNTIF(B61,"SIPS*"),"UND ","SERV") -> SERV | E61: 286666.67
A62: 48 | B62: SIPS SOPORTE DE TANQUE DE COMBUSTIBLE | C62: =IF(COUNTIF(B62,"SIPS*"),"UND ","SERV") -> UND | E62: 777000
A63: 49 | B63: SIPS TAPA DE TANQUE DE COMBUSTIBLE | C63: =IF(COUNTIF(B63,"SIPS*"),"UND ","SERV") -> UND | E63: 1244333.3
A64: 50 | B64: SIPS REGULADOR DE PRESION DE COMBUSTIBLE | C64: =IF(COUNTIF(B64,"SIPS*"),"UND ","SERV") -> UND | E64: 1458333.3
A65: 51 | B65: SIPS PESCADOR TANQUE DE COMBUSTIBLE | C65: =IF(COUNTIF(B65,"SIPS*"),"UND ","SERV") -> UND | E65: 490333.33
A66: 52 | B66: SIPS RIEL DE INYECTORES | C66: =IF(COUNTIF(B66,"SIPS*"),"UND ","SERV") -> UND | E66: 5830666.7
A67: 53 | B67: SIPS ABRASADERA MANGUERA | C67: =IF(COUNTIF(B67,"SIPS*"),"UND ","SERV") -> UND | E67: 92333.333
A68: 54 | B68: SIPS DE MANGUERA DE COMBUSTIBLE INFERIOR | C68: =IF(COUNTIF(B68,"SIPS*"),"UND ","SERV") -> UND | E68: 601666.67
A69: 55 | B69: SIPS DE MANGUERA DE ADMISION | C69: =IF(COUNTIF(B69,"SIPS*"),"UND ","SERV") -> UND | E69: 1165666.7
A70: 56 | B70: SIPS DE MANGUERA DE VACIO | C70: =IF(COUNTIF(B70,"SIPS*"),"UND ","SERV") -> UND | E70: 621666.67
A71: 57 | B71: SIPS EMPAQUETADURA DE TAPA DEL DESFOGUE | C71: =IF(COUNTIF(B71,"SIPS*"),"UND ","SERV") -> UND | E71: 777000
A72: 58 | B72: SIPS MANGUERA DE RETORNO | C72: =IF(COUNTIF(B72,"SIPS*"),"UND ","SERV") -> UND | E72: 591333.33
... A83: 69 | B83: SIPS COMPRESOR DE AIRE | C83: =IF(COUNTIF(B83,"SIPS*"),"UND ","SERV") -> UND | E83: 9002666.7
A84: 70 | B84: EMPAQUETADURA COMPRESOR DE AIRE | C84: UND | E84: 927000
A85: 71 | B85: SERVICIO MONTAGE Y AJUSTE DE COMPRESOR DE AIRE | C85: =IF(COUNTIF(B85,"SIPS*"),"UND ","SERV") -> SERV | E85: 315000
A86: 72 | B86: MANGUERA PRINCIPAL DE COMPRESOR DE AIRE | C86: UND | E86: 534666.67
A87: 73 | B87: GOBERNADOR DE AIRE | C87: UND | E87: 241666.67
A88: 74 | B88: SIPS MARIPOSA DE ACELERACION | C88: UND | E88: 242666.67
A89: 75 | B89: EMPAQUETADURA CULATA COMPRESOR | C89: UND | E89: 367666.67
A90: 76 | B90: REPARACION DE CULATA DE COMPRESOR | C90: =IF(COUNTIF(B90,"SIPS*"),"UND ","SERV") -> SERV | E90: 286666.67
A91: 77 | B91: CAMBIO DE GOBERNADOR DE AIRE | C91: =IF(COUNTIF(B91,"SIPS*"),"UND ","SERV") -> SERV | E91: 143666.67
A92: 78 | B92: CAMBIO DE MANGUERA PRINCIPAL DE AIRE | C92: =IF(COUNTIF(B92,"SIPS*"),"UND ","SERV") -> SERV | E92: 114666.67
A93: 79 | B93: CORRECCION DE FUGA DE COMBUSTIBLE | C93: =IF(COUNTIF(B93,"SIPS*"),"UND ","SERV") -> SERV | E93: 272000
A94: 80 | B94: CORRECCION DE FUGA DE AIRE | C94: =IF(COUNTIF(B94,"SIPS*"),"UND ","SERV") -> SERV | E94: 258333.33
A95: 81 | B95: SERVICIO LAVADA TANQUE DE COMBUSTIBLE Y SANGRADA DE SISTEMA DE SUMINISTRO DE COMBUSTIBLE | C95: =IF(COUNTIF(B95,"SIPS*"),"UND ","SERV") -> SERV | E95: 717000
A96: 82 | B96: SERVICIO CALIBRACION DE PALANCAS DEL SISTEMA DE ACELERACION | C96: =IF(COUNTIF(B96,"SIPS*"),"UND ","SERV") -> SERV | E96: 215000
A97: 83 | B97: SERVICIO DESVARE POR INTERRUPCION EN EL FLUJO DE COMBUSTIBLE, POR CONTAMINACION DE LODOS Y DESAIREADA DEL SISTEMA | C97: =IF(COUNTIF(B97,"SIPS*"),"UND ","SERV") -> SERV | E97: 258333.33
E98: 0
B99: SISTEMA DE ESCAPE | E99: 0
A100: 84 | B100: SIPS MULTIPLE DE ESCAPE | C100: =IF(COUNTIF(B100,"SIPS*"),"UND ","SERV") -> UND | E100: 13410333
A101: 85 | B101: SIPS TORNILLOS MULTIPLE DE ESCAPE | C101: =IF(COUNTIF(B101,"SIPS*"),"UND ","SERV") -> UND | E101: 115666.67
A102: 86 | B102: SIPS DE SISTEMA DE ESCAPE COMPLETO | C102: =IF(COUNTIF(B102,"SIPS*"),"UND ","SERV") -> UND | E102: 8746666.7
A103: 87 | B103: SIPS DE SILENCIADOR | C103: =IF(COUNTIF(B103,"SIPS*"),"UND ","SERV") -> UND | E103: 6220000
A104: 88 | B104: SIPS TUBO DE ESCAPE | C104: =IF(COUNTIF(B104,"SIPS*"),"UND ","SERV") -> UND | E104: 1944666.7
A105: 89 | B105: SIPS EMPAQUES O ANILLOS MULTIPLE DE ESCAPE | C105: =IF(COUNTIF(B105,"SIPS*"),"UND ","SERV") -> UND | E105: 1360000
A106: 90 | B106: SIPS FLEXIBLE DEL ESCAPE | C106: =IF(COUNTIF(B106,"SIPS*"),"UND ","SERV") -> UND | E106: 951333.33
A107: 91 | B107: SIPS PUNTA DE ESCAPE | C107: =IF(COUNTIF(B107,"SIPS*"),"UND ","SERV") -> UND | E107: 1360000
A108: 92 | B108: SIPS PARRILLA DE SILENCIADOR DE ESCAPE | C108: =IF(COUNTIF(B108,"SIPS*"),"UND ","SERV") -> UND | E108: 1555000
A109: 93 | B109: SIPS TRAMO DE TUBO DE ESCAPE | C109: =IF(COUNTIF(B109,"SIPS*"),"UND ","SERV") -> UND | E109: 777000
E110: 0
B111: SISTEMA DE LUBRICACION | E111: 0
A112: 94 | B112: GARRAFA DE ACEITE DE MOTOR 15W 40 | C112: UND | E112: 582666.67
A113: 95 | B113: GALON DE ACEITE DE MOTOR 15W 40 | C113: UND | E113: 191000
A114: 96 | B114: CUARTO DE ACEITE DE MOTOR 15W 4O | C114: UND | E114: 47333.333
A115: 97 | B115: CUARTO DE ACEITE DE CAJA HIDRAULICA ATF | C115: UND | E115: 89333.333
A116: 98 | B116: GARRAFA DE ACEITE HIDRAULICO | C116: UND | E116: 488333.33
A117: 99 | B117: GALON ACEITE HIDRAULICO | C117: UND | E117: 107000
A118: 100 | B118: GALON ACEITE SERBO TRANSMISION | C118: UND | E118: 214000
A119: 101 | B119: GARRAFA ACEITE SERBOTRANSMISION | C119: UND | E119: 621666.67
A120: 102 | B120: GARRAFA ACEITE 50 CAT TANDEN | C120: UND | E120: 621666.67
A121: 103 | B121: GARRAFA ACEITE SERBO 30 CAT | C121: UND | E121: 621666.67
A122: 104 | B122: POTE DE GRASA ALTA TEMPERATURA | C122: UND | E122: 42000
A123: 105 | B123: SIPS BALDE DE GRASA ALTA TEMPERATURA | C123: UND | E123: 816000
... A138: 120 | B138: CUARTO ACEITE MOTOR 15W40 | C138: UND | E138: 849666.67
A139: 121 | B139: SERVICIO CAMBIO DE ACEITE Y FILTROS | C139: =IF(COUNTIF(B139,"SIPS*"),"UND ","SERV") -> SERV | E139: 173333.33
A140: 122 | B140: FILTRO HIDRAULICO | C140: UND | E140: 1078333.3
A141: 123 | B141: FILTRO SERBOTRANSMISION | C141: UND | E141: 1491000
A142: 124 | B142: FILTRO TANQUE HIDRAULICO | C142: UND | E142: 999666.67
A143: 125 | B143: SERVICIO CAMBIO FILTRO Y ACEITE DE SERBOTRANSMISION | C143: =IF(COUNTIF(B143,"SIPS*"),"UND ","SERV") -> SERV | E143: 270666.67
...

Sheet VOLQUETAS
B7: MUNICIPIO DE EL CARMEN DE VIBORAL
B9: VEHICULO COTIZADO:
A10: VOLQUETA INTERNATIONAL PLACAS: OZM 035, OCF 330, OJZ 230, OJZ 231, OJZ 232
A11: ITEM | B11: SERVICIO REQUERIDO | C11: UNIDAD DE MEDIDA | D11: VALOR PROPUESTA, IVA INCLUIDO | E11: VALOR TECHO
B12: SISTEMA MOTOR
A13: 1 | B13: REPARACION GENERAL DE MOTOR AL OVERSIDE SIGUIENTE O ENCAMISADA SI SE REQUIERE | C13: UND | E13: 28319333
A14: 2 | B14: ANILLADA DE MOTOR INCLUYE SIPS DE CASQUETERIA, SIPS EMPAQUETADURA DE MOTOR | C14: SERV | E14: 10230333
A15: 3 | B15: REPARACION DE CULATA | C15: UND | E15: 8143666.7
A16: 4 | B16: SIPS EMPAQUE DE CULATA | C16: UND | E16: 1489000
A17: 5 | B17: SIPS DE GUIAS DE VÁLVULAS Y VÁLVULAS | C17: UND | E17: 2054666.7
A18: 6 | B18: CALIBRACION DE VALVULAS | C18: UND | E18: 270666.67
A19: 7 | B19: SIPS JUEGO DE IMPULSADORES HIDRAULICOS | C19: UND | E19: 3539333.3
A20: 8 | B20: SIPS JUEGO DE IMPULSADORES Y VARILLAS IMPULSORAS | C20: UND | E20: 3813666.7
A21: 9 | B21: SIPS JUEGO DE BALANCINES | C21: UND | E21: 2300333.3
A22: 10 | B22: RECTIFICACION CIGÜEÑAL INCLUYE SIPS CASQUETERIA | C22: SERV | E22: 1841666.7
A23: 11 | B23: SIPS VOLANTE | C23: UND | E23: 1947666.7
A24: 12 | B24: SIPS RODAMIENTO DEL VOLANTE | C24: UND | E24: 923000
... A47: 35 | B47: SINCRONIZACION DE MOTOR INCLUYE REPUESTOS NECESARIOS PARA UNA OPTIMA SINCRONIZACION | C47: SERV | E47: 423000
E48: 0
B49: SISTEMA ALIMENTACION AIRE/COMBUSTIBLE | E49: 0
A50: 36 | B50: CALIBRACION DE LA BOMBA DE INYECCION E INYECTORES EN BANCO DE PRUEBA | C50: SERV | E50: 7749000
A51: 37 | B51: SIPS GUAYA DE ACELERACION | C51: UND | E51: 923000
A52: 38 | B52: CALIBRACION DE LA BOMBA DE INYECCION | C52: SERV | E52: 5105333.3
A53: 39 | B53: CALIBRACION JUEGO DE INYECTORES | C53: SERV | E53: 2643000
A54: 40 | B54: LAVADA JUEGO DE INYECTORES POR ULTRASONIDO INCLUYE SIPS DE FILTROS DE INYECTORES Y ORINGS | C54: SERV | E54: 1363000
A55: 41 | B55: SIPS DE UN INYECTOR INCLUYE INSTALACION | C55: UND | E55: 1064666.7
A56: 42 | B56: REPARACION DEL TURBO | C56: SERV | E56: 8350666.7
A57: 43 | B57: SIPS PESCADOR TANQUE DE COMBUSTIBLE | C57: =IF(COUNTIF(B57,"SIPS*"),"UND ","SERV") -> UND | E57: 3531333.3
A58: 44 | B58: LIMPIEZA CUERPO DE ACELERACION Y VALVULA IAC | C58: SERV | E58: 780333.33
A59: 45 | B59: SIPS MARIPOSAS DEL CARBURADOR | C59: UND | E59: 979666.67
A60: 46 | B60: SIPS EMPAQUETADURA DE CARBURADOR | C60: UND | E60: 563666.67
A61: 47 | B61: SAMBLASTEO MULTIPLE DE ADMISION | C61: SERV | E61: 497666.67
A62: 48 | B62: LAVADA TANQUE DE COMBUSTIBLE | C62: SERV | E62: 584666.67
A63: 49 | B63: SIPS JUEGO DE FILTROS DE COMBUSTIBLE | C63: UND | E63: 619333.33
A64: 50 | B64: SIPS REGULADOR DE PRESION DE COMBUSTIBLE | C64: UND | E64: 992333.33
A65: 51 | B65: SIPS RIEL DE INYECTORES | C65: UND | E65: 1700000
A66: 52 | B66: SIPS JUEGO DE FILTROS DE AIRE | C66: UND | E66: 298333.33
A67: 53 | B67: SIPS SENSOR MAP | C67: UND | E67: 836000
A68: 54 | B68: SIPS SENSOR MAF | C68: UND | E68: 701333.33
A69: 55 | B69: SIPS SENSOR IAT | C69: UND | E69: 866333.33
... A88: 74 | B88: SIPS RACOR AGUA | C88: UND | E88: 11666.667
E89: 0
B90: SISTEMA DE ESCAPE | E90: 0
A91: 75 | B91: REPARACION DE SILENCIADOR | C91: SERV | E91: 391666.67
A92: 76 | B92: REPARACION TUBO DE ESCAPE | C92: SERV | E92: 284333.33
A93: 77 | B93: SIPS DE SILINCIADOR | C93: UND | E93: 1240000
A94: 78 | B94: SIPS FLEXIBLE DEL ESCAPE | C94: UND | E94: 301333.33
A95: 79 | B95: SIPS EMPAQUES O ANILLOS MULTIPLE DE ESCAPE | C95: UND | E95: 357000
A96: 80 | B96: SIPS CATALIZADOR | C96: UND | E96: 1348333.3
E97: 0
B98: SISTEMA DE LUBRICACION | E98: 0
A99: 81 | B99: GALON DE ACEITE DE MOTOR 15W40 | C99: UND | E99: 191000
A100: 82 | B100: CUARTO DE ACEITE DE MOTOR 15W40 | C100: UND | E100: 47333.333
A101: 83 | B101: CUARTO DE ACEITE DE CAJA HIDRAULICA ATF | C101: UND | E101: 89333.333
A102: 84 | B102: CUARTO DE ACEITE DE CAJA DE VELOCIDADES 80W90 | C102: UND | E102: 42000
A103: 85 | B103: CUARTO DE ACEITE DE TRANSMISION 85W140 | C103: UND | E103: 42000
A104: 86 | B104: POTE DE GRASA ALTA TEMPERATURA | C104: UND | E104: 35666.667
A105: 87 | B105: ADITIVO ANTIFRICCION | C105: UND | E105: 180333.33
A106: 88 | B106: ADITIVO DE LUBRICACION | C106: UND | E106: 34666.667
A107: 89 | B107: ADITIVO DE CAJA O TRANSMISION | C107: UND | E107: 30666.667
A108: 90 | B108: ADITIVO DE RODILLERIA | C108: UND | E108: 30666.667
A109: 91 | B109: SIPS LIQUIDO DE CLUTCH SL | C109: UND | E109: 169000
A110: 92 | B110: SIPS LIQUIDO DE FRENOS DOT 4 | C110: UND | E110: 113333.33
... A121: 103 | B121: SIPS TAPA GRASERA | C121: SERV | E121: 45333.333
E122: 0
B123: SISTEMA REFRIGERACION | E123: 0
A124: 104 | B124: SONDEADA DE RADIADOR | C124: SERV | E124: 497666.67
A125: 105 | B125: REPARACION DE RADIADOR INCLUYE PINTADA DONDE APLIQUE | C125: SERV | E125: 673000
A126: 106 | B126: LAVADA DEL INTERCOOLER | C126: SERV | E126: 372666.67
A127: 107 | B127: SIPS DE REFRIGERANTE MOTOR POR CUARTOS ALTA CALIDAD | C127: UND | E127: 38666.667
A128: 108 | B128: SIPS BOMBA DE AGUA | C128: UND | E128: 1221333.3
A129: 109 | B129: SIPS MANGUERA SUPERIOR RADIADOR | C129: UND | E129: 442000
A130: 110 | B130: SIPS MANGUERA INFERIOR RADIADOR | C130: UND | E130: 549000
A131: 111 | B131: SIPS MANGUERA DE CALEFACCION | C131: UND | E131: 584666.67
A132: 112 | B132: SIPS SENSOR DE TEMPERATURA | C132: UND | E132: 391666.67
A133: 113 | B133: SIPS DE RADIADOR | C133: UND | E133: 2231333.3
A134: 114 | B134: SIPS DEL TERMOSTATO | C134: UND | E134: 566000
A135: 115 | B135: SIPS DEL MOTOVENTILADOR | C135: UND | E135: 1180000
... A137: 117 | B137: SIPS DEL DEPOSITO AUXILIAR DE REFRIGERANTE MOTOR | C137: UND | E137: 566000
E138: 0
B139: SISTEMA DE DIRECCION | E139: 0
A140: 118 | B140: ALINEACION Y BALANCEO DE TODAS LAS RUEDAS | C140: SERV | E140: 219666.67
A141: 119 | B141: ALINEACION | C141: SERV | E141: 108000
A142: 120 | B142: BALANCEO | C142: SERV | E142: 108000
A143: 121 | B143: SIPS DE CINTILLA DEL SISTEMA AIR-BAG | C143: UND | E143: 1489000
A144: 122 | B144: SIPS DE TODOS LOS TERMINALES DE DIRECCION | C144: UND | E144: 1591666.7
A145: 123 | B145: SIPS DE UN TERMINAL DE DIRECCION | C145: UND | E145: 333000
A146: 124 | B146: SIPS DE TODOS LOS BRAZOS DE DIRECCION | C146: UND | E146: 2054666.7
A147: 125 | B147: SIPS DE UN BRAZO DE DIRECCION | C147: UND | E147: 759000
A148: 126 | B148: SIPS CAÑA DE DIRECCION INCLUYENDO CRUCETAS Y RODAMIENTOS | C148: UND | E148: 1735666.7
A149: 127 | B149: SIPS BRAZO PITMAN | C149: UND | E149: 956666.67
A150: 128 | B150: SIPS BIELA DE DIRECCION | C150: UND | E150: 566000
A151: 129 | B151: SIPS BARRA DE DIRECCION | C151: UND | E151: 835000
... A167: 145 | B167: SIPS DE UN BOCIN | C167: UND | E167: 1397666.7
E168: 0
B169: SISTEMA DE FRENOS | E169: 0
A170: 146 | B170: REMACHADA DE BANDAS TRASERAS DE DOS RUEDAS | C170: SERV | E170: 707666.67
A171: 147 | B171: REMACHADA DE BANDAS DELANTERAS DE DOS RUEDAS | C171: SERV | E171: 744666.67
A172: 148 | B172: RECTIFICADA DE CAMPANA DE UNA RUEDA | C172: SERV | E172: 277333.33
A173: 149 | B173: RECTIFICADA DE DISCO DE UNA RUEDA | C173: SERV | E173: 277333.33
...

Sheet FRONTIER
B7: MUNICIPIO DE EL CARMEN DE VIBORAL
B9: VEHICULO COTIZADO:
A10: CAMIONETA NISSAN FRONTIER PLACAS: OCF 334, OJZ 230
A11: ITEM | B11: SERVICIO REQUERIDO | C11: UNIDAD DE MEDIDA | D11: VALOR PROPUESTA, IVA INCLUIDO | E11: VALOR TECHO
B12: SISTEMA MOTOR
A13: 1 | B13: REPARACION GENERAL DE MOTOR AL OVERSIDE SIGUIENTE O ENCAMISADA SI SE REQUIERE | C13: UND | E13: 24518667
A14: 2 | B14: ANILLADA DE MOTOR INCLUYE SIPS DE CASQUETERIA, SIPS EMPAQUETADURA DE MOTOR | C14: SERV | E14: 8857666.7
A15: 3 | B15: REPARACION DE CULATA | C15: UND | E15: 7051666.7
A16: 4 | B16: SIPS EMPAQUE DE CULATA | C16: UND | E16: 1288333.3
A17: 5 | B17: SIPS DE GUIAS DE VÁLVULAS Y VÁLVULAS | C17: UND | E17: 1780000
A18: 6 | B18: CALIBRACION DE VALVULAS | C18: UND | E18: 236333.33
A19: 7 | B19: SIPS JUEGO DE IMPULSADORES HIDRAULICOS | C19: UND | E19: 3065000
A20: 8 | B20: SIPS JUEGO DE IMPULSADORES Y VARILLAS IMPULSORAS | C20: UND | E20: 3301333.3
A21: 9 | B21: SIPS JUEGO DE BALANCINES | C21: UND | E21: 1992000
A22: 10 | B22: RECTIFICACION CIGÜEÑAL INCLUYE SIPS CASQUETERIA | C22: SERV | E22: 1593000
A23: 11 | B23: SIPS VOLANTE | C23: UND | E23: 1685000
A24: 12 | B24: SIPS RODAMIENTO DEL VOLANTE | C24: UND | E24: 799000
... A47: 35 | B47: SINCRONIZACION DE MOTOR INCLUYE REPUESTOS NECESARIOS PARA UNA OPTIMA SINCRONIZACION | C47: SERV | E47: 367666.67
E48: 0
B49: SISTEMA ALIMENTACION AIRE/COMBUSTIBLE | E49: 0
A50: 36 | B50: CALIBRACION DE LA BOMBA DE INYECCION E INYECTORES EN BANCO DE PRUEBA | C50: SERV | E50: 3615333.3
A51: 37 | B51: SIPS GUAYA DE ACELERACION | C51: UND | E51: 799000
A52: 38 | B52: CALIBRACION DE LA BOMBA DE INYECCION | C52: SERV | E52: 2357333.3
A53: 39 | B53: CALIBRACION JUEGO DE INYECTORES | C53: SERV | E53: 1257000
A54: 40 | B54: LAVADA JUEGO DE INYECTORES POR ULTRASONIDO INCLUYE SIPS DE FILTROS DE INYECTORES Y ORINGS | C54: SERV | E54: 1178000
A55: 41 | B55: SIPS DE UN INYECTOR INCLUYE INSTALACION | C55: UND | E55: 922000
A56: 42 | B56: REPARACION DEL TURBO | C56: SERV | E56: 7230333.3
A57: 43 | B57: SIPS PESCADOR TANQUE DE COMBUSTIBLE | C57: =IF(COUNTIF(B57,"SIPS*"),"UND ","SERV") -> UND | E57: 459666.67
A58: 44 | B58: LIMPIEZA CUERPO DE ACELERACION Y VALVULA IAC | C58: SERV | E58: 676333.33
A59: 45 | B59: SIPS MARIPOSAS DEL CARBURADOR | C59: UND | E59: 849666.67
A60: 46 | B60: SIPS EMPAQUETADURA DE CARBURADOR | C60: UND | E60: 487333.33
A61: 47 | B61: SAMBLASTEO MULTIPLE DE ADMISION | C61: SERV | E61: 430666.67
A62: 48 | B62: LAVADA TANQUE DE COMBUSTIBLE | C62: SERV | E62: 506000
A63: 49 | B63: SIPS JUEGO DE FILTROS DE COMBUSTIBLE | C63: UND | E63: 107000
A64: 50 | B64: SIPS REGULADOR DE PRESION DE COMBUSTIBLE | C64: UND | E64: 859000
A65: 51 | B65: SIPS RIEL DE INYECTORES | C65: UND | E65: 1472000
A66: 52 | B66: SIPS JUEGO DE FILTROS DE AIRE | C66: UND | E66: 81000
A67: 53 | B67: SIPS SENSOR MAP | C67: UND | E67: 724333.33
A68: 54 | B68: SIPS SENSOR MAF | C68: UND | E68: 608000
A69: 55 | B69: SIPS SENSOR IAT | C69: UND | E69: 750666.67
... A80: 66 | B80: SIPS TUBO DE ADMISION DEL FILTRO AL CUERPO DE ACELERACION O CARBURADOR | C80: UND | E80: 506000
E81: 0
B82: SISTEMA DE ESCAPE | E82: 0
A83: 67 | B83: REPARACION DE SILENCIADOR | C83: SERV | E83: 338000
A84: 68 | B84: REPARACION TUBO DE ESCAPE | C84: SERV | E84: 244666.67
A85: 69 | B85: SIPS DE SILINCIADOR | C85: UND | E85: 1073000
A86: 70 | B86: SIPS FLEXIBLE DEL ESCAPE | C86: UND | E86: 262666.67
A87: 71 | B87: SIPS EMPAQUES O ANILLOS MULTIPLE DE ESCAPE | C87: UND | E87: 308666.67
A88: 72 | B88: SIPS CATALIZADOR | C88: UND | E88: 1165666.7
E89: 0
B90: SISTEMA DE LUBRICACION | E90: 0
A91: 73 | B91: GALON DE ACEITE DE MOTOR 15W40 | C91: UND | E91: 191000
A92: 74 | B92: CUARTO DE ACEITE DE MOTOR 15W40 | C92: UND | E92: 47333.333
A93: 75 | B93: CUARTO DE ACEITE DE CAJA HIDRAULICA ATF | C93: UND | E93: 89333.333
A94: 76 | B94: CUARTO DE ACEITE DE CAJA DE VELOCIDADES 80W90 | C94: UND | E94: 42000
A95: 77 | B95: CUARTO DE ACEITE DE TRANSMISION 85W 140 | C95: UND | E95: 42000
A96: 78 | B96: POTE DE GRASA ALTA TEMPERATURA | C96: UND | E96: 35666.667
A97: 79 | B97: ADITIVO ANTIFRICCION | C97: UND | E97: 180333.33
A98: 80 | B98: ADITIVO DE LUBRICACION | C98: UND | E98: 34666.667
A99: 81 | B99: ADITIVO DE CAJA O TRANSMISION | C99: UND | E99: 30666.667
A100: 82 | B100: ADITIVO DE RODILLERIA | C100: UND | E100: 30666.667
A101: 83 | B101: SIPS LIQUIDO DE CLUTCH SL | C101: UND | E101: 169000
A102: 84 | B102: SIPS LIQUIDO DE FRENOS DOT 4 | C102: UND | E102: 113333.33
... A113: 95 | B113: SIPS TAPA GRASERA | C113: SERV | E113: 41000
E114: 0
B115: SISTEMA REFRIGERACION | E115: 0
A116: 96 | B116: SONDEADA DE RADIADOR | C116: SERV | E116: 430666.67
A117: 97 | B117: REPARACION DE RADIADOR INCLUYE PINTADA DONDE APLIQUE | C117: SERV | E117: 582666.67
A118: 98 | B118: LAVADA DEL INTERCOOLER | C118: SERV | E118: 323333.33
A119: 99 | B119: SIPS DE REFRIGERANTE MOTOR POR CUARTOS ALTA CALIDAD | C119: UND | E119: 38666.667
A120: 100 | B120: SIPS BOMBA DE AGUA | C120: UND | E120: 1057333.3
A121: 101 | B121: SIPS MANGUERA SUPERIOR RADIADOR | C121: UND | E121: 383333.33
A122: 102 | B122: SIPS MANGUERA INFERIOR RADIADOR | C122: UND | E122: 474666.67
A123: 103 | B123: SIPS MANGUERA DE CALEFACCION | C123: UND | E123: 506000
A124: 104 | B124: SIPS SENSOR DE TEMPERATURA | C124: UND | E124: 338000
A125: 105 | B125: SIPS DE RADIADOR | C125: UND | E125: 1932000
A126: 106 | B126: SIPS DEL TERMOSTATO | C126: UND | E126: 490333.33
A127: 107 | B127: SIPS DEL MOTOVENTILADOR | C127: UND | E127: 1021666.7
... A129: 109 | B129: SIPS DEL DEPOSITO AUXILIAR DE REFRIGERANTE MOTOR | C129: UND | E129: 490333.33
E130: 0
B131: SISTEMA DE DIRECCION | E131: 0
A132: 110 | B132: ALINEACION Y BALANCEO DE TODAS LAS RUEDAS | C132: SERV | E132: 189000
A133: 111 | B133: ALINEACION | C133: SERV | E133: 93333.333
A134: 112 | B134: BALANCEO | C134: SERV | E134: 93333.333
A135: 113 | B135: SIPS DE CINTILLA DEL SISTEMA AIR-BAG | C135: UND | E135: 1288333.3
A136: 114 | B136: SIPS DE TODOS LOS TERMINALES DE DIRECCION | C136: UND | E136: 1379666.7
A137: 115 | B137: SIPS DE UN TERMINAL DE DIRECCION | C137: UND | E137: 287666.67
A138: 116 | B138: SIPS DE TODOS LOS BRAZOS DE DIRECCION | C138: UND | E138: 1780000
A139: 117 | B139: SIPS DE UN BRAZO DE DIRECCION | C139: UND | E139: 658333.33
A140: 118 | B140: SIPS CAÑA DE DIRECCION INCLUYENDO CRUCETAS Y RODAMIENTOS | C140: UND | E140: 1501666.7
A141: 119 | B141: SIPS BRAZO PITMAN | C141: UND | E141: 829333.33
A142: 120 | B142: SIPS BIELA DE DIRECCION | C142: UND | E142: 490333.33
A143: 121 | B143: SIPS BARRA DE DIRECCION | C143: UND | E143: 723333.33
... A159: 137 | B159: SIPS DE UN BOCIN | C159: UND | E159: 1209666.7
E160: 0
B161: SISTEMA DE FRENOS | E161: 0
A162: 138 | B162: REMACHADA DE BANDAS TRASERAS DE DOS RUEDAS | C162: SERV | E162: 613333.33
A163: 139 | B163: REMACHADA DE BANDAS DELANTERAS DE DOS RUEDAS | C163: SERV | E163: 643666.67
A164: 140 | B164: RECTIFICADA DE CAMPANA DE UNA RUEDA | C164: SERV | E164: 238333.33
A165: 141 | B165: RECTIFICADA DE DISCO DE UNA RUEDA | C165: SERV | E165: 238333.33
...

Sheet COLORADO
B7: MUNICIPIO DE EL CARMEN DE VIBORAL
B9: VEHICULO COTIZADO:
A10: CAMIONETA CHEVROLET COLORADO PLACAS: OJZ 237, KPP 846, LCT 535
A11: ITEM | B11: SERVICIO REQUERIDO | C11: UNIDAD DE MEDIDA | D11: VALOR PROPUESTA, IVA INCLUIDO | E11: VALOR TECHO
B12: SISTEMA MOTOR
A13: 1 | B13: SIPS KIT DE REPARACION DE MOTOR; JUEGO PISTONES, JUEGO ANILLOS, JUEGO BULONES Y SEGUROS PISTONES, JUEGO CAMISAS, JUEGO CASQUETES BANCADA, JUEGO CASQUETES BIELA, JUEGO AXIALES, JUEGO BUJES BIELA, JUEGO BUJES LEVA, JUEGO RETENEDORES MOTOR, JUEGO EMPAQUES MOTOR | C13: =IF(COUNTIF(B13,"SIPS*"),"UND ","SERV") -> UND | E13: 49929667
A14: 2 | B14: ANILLADA DE MOTOR INCLUYE SIPS DE CASQUETERIA, SIPS EMPAQUETADURA DE MOTOR | C14: =IF(COUNTIF(B14,"SIPS*"),"UND ","SERV") -> SERV | E14: 12304000
A15: 3 | B15: SIPS KIT DE REPARACION CULATA; JUEGO VALVULAS AD, JUEGO VALVULAS EX, JUEGO GUIAS EX, JUEGO GUIAS AD, JUEGO ASIENTOS AD. JUEGO ASIENTOS EX, JUEGO INPULSADORES VALVULAS, JUEGO GORROS VALVULAS | C15: =IF(COUNTIF(B15,"SIPS*"),"UND ","SERV") -> UND | E15: 12483333
A16: 4 | B16: SIPS EMPAQUE DE CULATA | C16: =IF(COUNTIF(B16,"SIPS*"),"UND ","SERV") -> UND | E16: 1855333.3
A17: 5 | B17: SIPS DE GUIAS DE VALVULAS Y VALVULAS | C17: =IF(COUNTIF(B17,"SIPS*"),"UND ","SERV") -> UND | E17: 2460333.3
A18: 6 | B18: SIPS JUEGO DE IMPULSADORES HIDRAULICOS | C18: =IF(COUNTIF(B18,"SIPS*"),"UND ","SERV") -> UND | E18: 6418666.7
A19: 7 | B19: SIPS JUEGO DE BALANCINES | C19: =IF(COUNTIF(B19,"SIPS*"),"UND ","SERV") -> UND | E19: 5352000
A20: 8 | B20: RECTIFICACION CIGÜEÑAL INCLUYE SIPS CASQUETERIA | C20: =IF(COUNTIF(B20,"SIPS*"),"UND ","SERV") -> SERV | E20: 5352000
A21: 9 | B21: SIPS VOLANTE | C21: =IF(COUNTIF(B21,"SIPS*"),"UND ","SERV") -> UND | E21: 4991666.7
A22: 10 | B22: SIPS RODAMIENTO DEL VOLANTE | C22: =IF(COUNTIF(B22,"SIPS*"),"UND ","SERV") -> UND | E22: 1997000
A23: 11 | B23: SIPS CREMALLERA DEL VOLANTE | C23: =IF(COUNTIF(B23,"SIPS*"),"UND ","SERV") -> UND | E23: 2853000
A24: 12 | B24: SIPS CORREA REPARTICION | C24: =IF(COUNTIF(B24,"SIPS*"),"UND ","SERV") -> UND | E24: 1855333.3
... A43: 31 | B43: SINCRONIZACION DE MOTOR INCLUYE REPUESTOS NECESARIOS PARA UNA OPTIMA SINCRONIZACION | C43: =IF(COUNTIF(B43,"SIPS*"),"UND ","SERV") -> SERV | E43: 713000
E44: 0
B45: SISTEMA ALIMENTACION AIRE/COMBUSTIBLE | E45: 0
A46: 32 | B46: CALIBRACION DE LA BOMBA DE INYECCION E INYECTORES EN BANCO DE PRUEBA | C46: =IF(COUNTIF(B46,"SIPS*"),"UND ","SERV") -> SERV | E46: 9273666.7
A47: 33 | B47: SIPS GUAYA DE ACELERACION | C47: =IF(COUNTIF(B47,"SIPS*"),"UND ","SERV") -> UND | E47: 890333.33
A48: 34 | B48: CALIBRACION DE LA BOMBA DE INYECCION | C48: =IF(COUNTIF(B48,"SIPS*"),"UND ","SERV") -> SERV | E48: 5705666.7
A49: 35 | B49: CALIBRACION JUEGO DE INYECTORES | C49: =IF(COUNTIF(B49,"SIPS*"),"UND ","SERV") -> SERV | E49: 4280000
A50: 36 | B50: LAVADA JUEGO DE INYECTORES POR ULTRASONIDO INCLUYE SIPS DE FILTROS DE INYECTORES Y ORINGS | C50: =IF(COUNTIF(B50,"SIPS*"),"UND ","SERV") -> SERV | E50: 4638000
A51: 37 | B51: SIPS DE UN INYECTOR INCLUYE INSTALACION | C51: =IF(COUNTIF(B51,"SIPS*"),"UND ","SERV") -> UND | E51: 3496666.7
A52: 38 | B52: REPARACION DEL TURBO | C52: =IF(COUNTIF(B52,"SIPS*"),"UND ","SERV") -> SERV | E52: 3924666.7
A53: 39 | B53: LIMPIEZA CUERPO DE ACELERACION Y VALVULA IAC | C53: =IF(COUNTIF(B53,"SIPS*"),"UND ","SERV") -> SERV | E53: 1604666.7
A54: 40 | B54: SAMBLASTEO MULTIPLE DE ADMISION | C54: =IF(COUNTIF(B54,"SIPS*"),"UND ","SERV") -> SERV | E54: 890333.33
A55: 41 | B55: LAVADA TANQUE DE COMBUSTIBLE | C55: =IF(COUNTIF(B55,"SIPS*"),"UND ","SERV") -> SERV | E55: 713000
A56: 42 | B56: SIPS JUEGO DE FILTROS DE COMBUSTIBLE | C56: =IF(COUNTIF(B56,"SIPS*"),"UND ","SERV") -> UND | E56: 312000
A57: 43 | B57: SIPS REGULADOR DE PRESION DE COMBUSTIBLE | C57: =IF(COUNTIF(B57,"SIPS*"),"UND ","SERV") -> UND | E57: 1427000
... A72: 58 | B72: SIPS TUBO DE ADMISION DEL FILTRO AL CUERPO DE ACELERACION O CARBURADOR | C72: =IF(COUNTIF(B72,"SIPS*"),"UND ","SERV") -> UND | E72: 928333.33
E73: 0
B74: SISTEMA DE ESCAPE | E74: 0
A75: 59 | B75: REPARACION DE SILENCIADOR | C75: =IF(COUNTIF(B75,"SIPS*"),"UND ","SERV") -> SERV | E75: 928333.33
A76: 60 | B76: REPARACION TUBO DE ESCAPE | C76: =IF(COUNTIF(B76,"SIPS*"),"UND ","SERV") -> SERV | E76: 856666.67
A77: 61 | B77: SIPS DE SILINCIADOR | C77: =IF(COUNTIF(B77,"SIPS*"),"UND ","SERV") -> UND | E77: 1925666.7
A78: 62 | B78: SIPS FLEXIBLE DEL ESCAPE | C78: =IF(COUNTIF(B78,"SIPS*"),"UND ","SERV") -> UND | E78: 501000
A79: 63 | B79: SIPS EMPAQUES O ANILLOS MULTIPLE DE ESCAPE | C79: =IF(COUNTIF(B79,"SIPS*"),"UND ","SERV") -> UND | E79: 570333.33
A80: 64 | B80: SIPS CATALIZADOR | C80: =IF(COUNTIF(B80,"SIPS*"),"UND ","SERV") -> UND | E80: 1356666.7
E81: 0
B82: SISTEMA DE LUBRICACION | E82: 0
A83: 65 | B83: SIPS GARRAFA DE ACEITE DE MOTOR 15W 40 | C83: UND | E83: 582666.67
A84: 66 | B84: SIPS GALON DE ACEITE DE MOTOR 15W 40 | C84: UND | E84: 191000
A85: 67 | B85: SIPS CUARTO DE ACEITE DE MOTOR 15W 4O | C85: UND | E85: 47333.333
A86: 68 | B86: SIPS CUARTO DE ACEITE DE CAJA HIDRAULICA ATF | C86: UND | E86: 89333.333
A87: 69 | B87: SIPS CUARTO DE ACEITE DE CAJA DE VELOCIDADES 80W90 | C87: UND | E87: 42000
A88: 70 | B88: SIPS CUARTO DE ACEITE DE TRANSMISION 85W 140 | C88: UND | E88: 42000
A89: 71 | B89: SIPS POTE DE GRASA ALTA TEMPERATURA | C89: UND | E89: 35666.667
A90: 72 | B90: SIPS ADITIVO ANTIFRICCION | C90: UND | E90: 180333.33
A91: 73 | B91: SIPS ADITIVO DE LUBRICACION | C91: UND | E91: 34666.667
A92: 74 | B92: SIPS ADITIVO DE CAJA O TRANSMISION | C92: UND | E92: 30666.667
A93: 75 | B93: SIPS ADITIVO DE RODILLERIA | C93: UND | E93: 30666.667
A94: 76 | B94: SIPS LIQUIDO DE CLUTCH SL | C94: UND | E94: 169000
... A98: 80 | B98: LIMPIA CONTACTOS | C98: UND | E98: 77666.667
A99: 81 | B99: SERVICIO DE CAMBIO DE ACEITE MOTOR NO INCLUYE EL ACEITE | C99: =IF(COUNTIF(B99,"SIPS*"),"UND ","SERV") -> SERV | E99: 43000
A100: 82 | B100: SIPS FILTRO DE ACEITE MOTOR | C100: =IF(COUNTIF(B100,"SIPS*"),"UND ","SERV") -> UND | E100: 91333.333
A101: 83 | B101: SIPS BOMBA DE ACEITE MOTOR | C101: =IF(COUNTIF(B101,"SIPS*"),"UND ","SERV") -> UND | E101: 3245333.3
A102: 84 | B102: SIPS SENSOR PRESION DE ACEITE MOTOR | C102: =IF(COUNTIF(B102,"SIPS*"),"UND ","SERV") -> UND | E102: 1071000
A103: 85 | B103: SERVICIO DE ENGRASE GENERAL | C103: =IF(COUNTIF(B103,"SIPS*"),"UND ","SERV") -> SERV | E103: 43000
A104: 86 | B104: SERVICIO DE CAMBIO DE ACEITE DE DIFERENCIAL | C104: =IF(COUNTIF(B104,"SIPS*"),"UND ","SERV") -> SERV | E104: 43000
A105: 87 | B105: SERVICIO DE CAMBIO DE ACEITE DE LA CAJA | C105: =IF(COUNTIF(B105,"SIPS*"),"UND ","SERV") -> SERV | E105: 43000
E106: 0
B107: SISTEMA REFRIGERACION | E107: 0
A108: 88 | B108: SONDEADA DE RADIADOR | C108: =IF(COUNTIF(B108,"SIPS*"),"UND ","SERV") -> SERV | E108: 890333.33
A109: 89 | B109: REPARACION DE RADIADOR INCLUYE PINTADA DONDE APLIQUE | C109: =IF(COUNTIF(B109,"SIPS*"),"UND ","SERV") -> SERV | E109: 1427000
A110: 90 | B110: LAVADA DEL INTERCOOLER | C110: =IF(COUNTIF(B110,"SIPS*"),"UND ","SERV") -> SERV | E110: 679333.33
A111: 91 | B111: SIPS DE REFRIGERANTE MOTOR POR CUARTOS ALTA CALIDAD | C111: =IF(COUNTIF(B111,"SIPS*"),"UND ","SERV") -> UND | E111: 38666.667
A112: 92 | B112: SIPS BOMBA DE AGUA | C112: =IF(COUNTIF(B112,"SIPS*"),"UND ","SERV") -> UND | E112: 2710000
A113: 93 | B113: SIPS MANGUERA SUPERIOR RADIADOR | C113: =IF(COUNTIF(B113,"SIPS*"),"UND ","SERV") -> UND | E113: 786333.33
A114: 94 | B114: SIPS MANGUERA INFERIOR RADIADOR | C114: =IF(COUNTIF(B114,"SIPS*"),"UND ","SERV") -> UND | E114: 679333.33
A115: 95 | B115: SIPS MANGUERA DE CALEFACCION | C115: =IF(COUNTIF(B115,"SIPS*"),"UND ","SERV") -> UND | E115: 589000
A116: 96 | B116: SIPS SENSOR DE TEMPERATURA | C116: =IF(COUNTIF(B116,"SIPS*"),"UND ","SERV") -> UND | E116: 998666.67
A117: 97 | B117: SIPS DE RADIADOR | C117: =IF(COUNTIF(B117,"SIPS*"),"UND ","SERV") -> UND | E117: 3315666.7
A118: 98 | B118: SIPS DEL TERMOSTATO | C118: =IF(COUNTIF(B118,"SIPS*"),"UND ","SERV") -> UND | E118: 890333.33
A119: 99 | B119: SIPS DE TAPA DE RADIADOR | C119: =IF(COUNTIF(B119,"SIPS*"),"UND ","SERV") -> UND | E119: 125000
A120: 100 | B120: SIPS DEL DEPOSITO AUXILIAR DE REFRIGERANTE MOTOR | C120: =IF(COUNTIF(B120,"SIPS*"),"UND ","SERV") -> UND | E120: 1071000
E121: 0
B122: SISTEMA DE DIRECCION | E122: 0
A123: 101 | B123: ALINEACION Y BALANCEO DE TODAS LAS RUEDAS | C123: =IF(COUNTIF(B123,"SIPS*"),"UND ","SERV") -> SERV | E123: 172333.33
A124: 102 | B124: ALINEACION | C124: =IF(COUNTIF(B124,"SIPS*"),"UND ","SERV") -> SERV | E124: 86000
A125: 103 | B125: BALANCEO | C125: =IF(COUNTIF(B125,"SIPS*"),"UND ","SERV") -> SERV | E125: 86000
A126: 104 | B126: SIPS DE CINTILLA DEL SISTEMA AIR-BAG | C126: =IF(COUNTIF(B126,"SIPS*"),"UND ","SERV") -> UND | E126: 1641333.3
A127: 105 | B127: SIPS DE TODOS LOS TERMINALES DE DIRECCION | C127: =IF(COUNTIF(B127,"SIPS*"),"UND ","SERV") -> UND | E127: 2104000
A128: 106 | B128: SIPS DE UN TERMINAL DE DIRECCION | C128: =IF(COUNTIF(B128,"SIPS*"),"UND ","SERV") -> UND | E128: 338000
A129: 107 | B129: SIPS DE TODOS LOS BRAZOS DE DIRECCION | C129: =IF(COUNTIF(B129,"SIPS*"),"UND ","SERV") -> UND | E129: 2494000
A130: 108 | B130: SIPS DE UN BRAZO DE DIRECCION | C130: =IF(COUNTIF(B130,"SIPS*"),"UND ","SERV") -> UND | E130: 765666.67
A131: 109 | B131: SIPS CAÑA DE DIRECCION INCLUYENDO CRUCETAS Y RODAMIENTOS | C131: =IF(COUNTIF(B131,"SIPS*"),"UND ","SERV") -> UND | E131: 1249333.3
A132: 110 | B132: SIPS BRAZO PITMAN | C132: =IF(COUNTIF(B132,"SIPS*"),"UND ","SERV") -> UND | E132: 964000
A133: 111 | B133: SIPS BIELA DE DIRECCION | C133: =IF(COUNTIF(B133,"SIPS*"),"UND ","SERV") -> UND | E133: 786333.33
A134: 112 | B134: SIPS DE LA CAJA DE DIRECCION | C134: =IF(COUNTIF(B134,"SIPS*"),"UND ","SERV") -> UND | E134: 8326666.7
... A146: 124 | B146: SIPS DE UN BOCIN | C146: =IF(COUNTIF(B146,"SIPS*"),"UND ","SERV") -> UND | E146: 1409333.3
E147: 0
B148: SISTEMA DE FRENOS | E148: 0
A149: 125 | B149: REMACHADA DE BANDAS TRASERAS DE DOS RUEDAS | C149: =IF(COUNTIF(B149,"SIPS*"),"UND ","SERV") -> SERV | E149: 856666.67
A150: 126 | B150: RECTIFICADA DE CAMPANA DE UNA RUEDA | C150: =IF(COUNTIF(B150,"SIPS*"),"UND ","SERV") -> SERV | E150: 343333.33
A151: 127 | B151: RECTIFICADA DE DISCO DE UNA RUEDA | C151: =IF(COUNTIF(B151,"SIPS*"),"UND ","SERV") -> SERV | E151: 343333.33
A152: 128 | B152: SIPS DE BANDAS DE DOS RUEDAS | C152: =IF(COUNTIF(B152,"SIPS*"),"UND ","SERV") -> UND | E152: 1455333.3
A153: 129 | B153: SIPS DE CAMPANA DE UNA RUEDA | C153: =IF(COUNTIF(B153,"SIPS*"),"UND ","SERV") -> UND | E153: 987000
...

Sheet DMAX 
B7: MUNICIPIO DE EL CARMEN DE VIBORAL
B9: VEHICULO COTIZADO:
A10: CAMIONETA CHEVROLET DMAX PLACAS: DIW 955; DDB 096
A11: ITEM | B11: SERVICIO REQUERIDO | C11: UNIDAD DE MEDIDA | D11: VALOR PROPUESTA, IVA INCLUIDO | E11: VALOR TECHO
B12: SISTEMA MOTOR
A13: 1 | B13: SIPS KIT DE REPARACION DE MOTOR; JUEGO PISTONES, JUEGO ANILLOS, JUEGO BULONES Y SEGUROS PISTONES, JUEGO CAMISAS, JUEGO CASQUETES BANCADA, JUEGO CASQUETES BIELA, JUEGO AXIALES, JUEGO BUJES BIELA, JUEGO BUJES LEVA, JUEGO RETENEDORES MOTOR, JUEGO EMPAQUES MOTOR | C13: =IF(COUNTIF(B13,"SIPS*"),"UND ","SERV") -> UND | E13: 48931000
A14: 2 | B14: ANILLADA DE MOTOR INCLUYE SIPS DE CASQUETERIA, SIPS EMPAQUETADURA DE MOTOR | C14: =IF(COUNTIF(B14,"SIPS*"),"UND ","SERV") -> SERV | E14: 12058333
A15: 3 | B15: SIPS KIT DE REPARACION CULATA; JUEGO VALVULAS AD, JUEGO VALVULAS EX, JUEGO GUIAS EX, JUEGO GUIAS AD, JUEGO ASIENTOS AD. JUEGO ASIENTOS EX, JUEGO INPULSADORES VALVULAS, JUEGO GORROS VALVULAS | C15: =IF(COUNTIF(B15,"SIPS*"),"UND ","SERV") -> UND | E15: 12233667
A16: 4 | B16: SIPS EMPAQUE DE CULATA | C16: =IF(COUNTIF(B16,"SIPS*"),"UND ","SERV") -> UND | E16: 1818666.7
A17: 5 | B17: SIPS DE GUIAS DE VALVULAS Y VALVULAS | C17: =IF(COUNTIF(B17,"SIPS*"),"UND ","SERV") -> UND | E17: 2411000
A18: 6 | B18: SIPS JUEGO DE IMPULSADORES HIDRAULICOS | C18: =IF(COUNTIF(B18,"SIPS*"),"UND ","SERV") -> UND | E18: 6290333.3
A19: 7 | B19: SIPS JUEGO DE BALANCINES | C19: =IF(COUNTIF(B19,"SIPS*"),"UND ","SERV") -> UND | E19: 5245000
A20: 8 | B20: RECTIFICACION CIGÜEÑAL INCLUYE SIPS CASQUETERIA | C20: =IF(COUNTIF(B20,"SIPS*"),"UND ","SERV") -> SERV | E20: 5245000
A21: 9 | B21: SIPS VOLANTE | C21: =IF(COUNTIF(B21,"SIPS*"),"UND ","SERV") -> UND | E21: 4892000
A22: 10 | B22: SIPS RODAMIENTO DEL VOLANTE | C22: =IF(COUNTIF(B22,"SIPS*"),"UND ","SERV") -> UND | E22: 1957333.3
A23: 11 | B23: SIPS CREMALLERA DEL VOLANTE | C23: =IF(COUNTIF(B23,"SIPS*"),"UND ","SERV") -> UND | E23: 2796333.3
A24: 12 | B24: SIPS CORREA REPARTICION | C24: =IF(COUNTIF(B24,"SIPS*"),"UND ","SERV") -> UND | E24: 1818666.7
... A43: 31 | B43: SINCRONIZACION DE MOTOR INCLUYE REPUESTOS NECESARIOS PARA UNA OPTIMA SINCRONIZACION | C43: =IF(COUNTIF(B43,"SIPS*"),"UND ","SERV") -> SERV | E43: 698333.33
E44: 0
B45: SISTEMA ALIMENTACION AIRE/COMBUSTIBLE | E45: 0
A46: 32 | B46: CALIBRACION DE LA BOMBA DE INYECCION E INYECTORES EN BANCO DE PRUEBA | C46: =IF(COUNTIF(B46,"SIPS*"),"UND ","SERV") -> SERV | E46: 9087666.7
A47: 33 | B47: SIPS GUAYA DE ACELERACION | C47: =IF(COUNTIF(B47,"SIPS*"),"UND ","SERV") -> UND | E47: 872666.67
A48: 34 | B48: CALIBRACION DE LA BOMBA DE INYECCION | C48: =IF(COUNTIF(B48,"SIPS*"),"UND ","SERV") -> SERV | E48: 5591333.3
A49: 35 | B49: CALIBRACION JUEGO DE INYECTORES | C49: =IF(COUNTIF(B49,"SIPS*"),"UND ","SERV") -> SERV | E49: 4193666.7
A50: 36 | B50: LAVADA JUEGO DE INYECTORES POR ULTRASONIDO INCLUYE SIPS DE FILTROS DE INYECTORES Y ORINGS | C50: =IF(COUNTIF(B50,"SIPS*"),"UND ","SERV") -> SERV | E50: 4545666.7
A51: 37 | B51: SIPS DE UN INYECTOR INCLUYE INSTALACION | C51: =IF(COUNTIF(B51,"SIPS*"),"UND ","SERV") -> UND | E51: 3426333.3
A52: 38 | B52: REPARACION DEL TURBO | C52: =IF(COUNTIF(B52,"SIPS*"),"UND ","SERV") -> SERV | E52: 3846333.3
A53: 39 | B53: LIMPIEZA CUERPO DE ACELERACION Y VALVULA IAC | C53: =IF(COUNTIF(B53,"SIPS*"),"UND ","SERV") -> SERV | E53: 1572000
A54: 40 | B54: SAMBLASTEO MULTIPLE DE ADMISION | C54: =IF(COUNTIF(B54,"SIPS*"),"UND ","SERV") -> SERV | E54: 872666.67
A55: 41 | B55: LAVADA TANQUE DE COMBUSTIBLE | C55: =IF(COUNTIF(B55,"SIPS*"),"UND ","SERV") -> SERV | E55: 698333.33
A56: 42 | B56: SIPS JUEGO DE FILTROS DE COMBUSTIBLE | C56: =IF(COUNTIF(B56,"SIPS*"),"UND ","SERV") -> UND | E56: 305333.33
A57: 43 | B57: SIPS REGULADOR DE PRESION DE COMBUSTIBLE | C57: =IF(COUNTIF(B57,"SIPS*"),"UND ","SERV") -> UND | E57: 1398666.7
... A72: 58 | B72: SIPS TUBO DE ADMISION DEL FILTRO AL CUERPO DE ACELERACION O CARBURADOR | C72: =IF(COUNTIF(B72,"SIPS*"),"UND ","SERV") -> UND | E72: 909333.33
E73: 0
B74: SISTEMA DE ESCAPE | E74: 0
A75: 59 | B75: REPARACION DE SILENCIADOR | C75: =IF(COUNTIF(B75,"SIPS*"),"UND ","SERV") -> SERV | E75: 909333.33
A76: 60 | B76: REPARACION TUBO DE ESCAPE | C76: =IF(COUNTIF(B76,"SIPS*"),"UND ","SERV") -> SERV | E76: 840000
A77: 61 | B77: SIPS DE SILINCIADOR | C77: =IF(COUNTIF(B77,"SIPS*"),"UND ","SERV") -> UND | E77: 1887000
A78: 62 | B78: SIPS FLEXIBLE DEL ESCAPE | C78: =IF(COUNTIF(B78,"SIPS*"),"UND ","SERV") -> UND | E78: 490333.33
A79: 63 | B79: SIPS EMPAQUES O ANILLOS MULTIPLE DE ESCAPE | C79: =IF(COUNTIF(B79,"SIPS*"),"UND ","SERV") -> UND | E79: 558666.67
A80: 64 | B80: SIPS CATALIZADOR | C80: =IF(COUNTIF(B80,"SIPS*"),"UND ","SERV") -> UND | E80: 1329333.3
E81: 0
B82: SISTEMA DE LUBRICACION | E82: 0
A83: 65 | B83: SIPS GARRAFA DE ACEITE DE MOTOR 15W 40 | C83: UND | E83: 582666.67
A84: 66 | B84: SIPS GALON DE ACEITE DE MOTOR 15W 40 | C84: UND | E84: 191000
A85: 67 | B85: SIPS CUARTO DE ACEITE DE MOTOR 15W 4O | C85: UND | E85: 47333.333
A86: 68 | B86: SIPS CUARTO DE ACEITE DE CAJA HIDRAULICA ATF | C86: UND | E86: 89333.333
A87: 69 | B87: SIPS CUARTO DE ACEITE DE CAJA DE VELOCIDADES 80W90 | C87: UND | E87: 42000
A88: 70 | B88: SIPS CUARTO DE ACEITE DE TRANSMISION 85W 140 | C88: UND | E88: 42000
A89: 71 | B89: SIPS POTE DE GRASA ALTA TEMPERATURA | C89: UND | E89: 35666.667
A90: 72 | B90: SIPS ADITIVO ANTIFRICCION | C90: UND | E90: 180333.33
A91: 73 | B91: SIPS ADITIVO DE LUBRICACION | C91: UND | E91: 34666.667
A92: 74 | B92: SIPS ADITIVO DE CAJA O TRANSMISION | C92: UND | E92: 30666.667
A93: 75 | B93: SIPS ADITIVO DE RODILLERIA | C93: UND | E93: 30666.667
A94: 76 | B94: SIPS LIQUIDO DE CLUTCH SL | C94: UND | E94: 169000
... A98: 80 | B98: LIMPIA CONTACTOS | C98: UND | E98: 77666.667
A99: 81 | B99: SERVICIO DE CAMBIO DE ACEITE MOTOR NO INCLUYE EL ACEITE | C99: =IF(COUNTIF(B99,"SIPS*"),"UND ","SERV") -> SERV | E99: 43000
A100: 82 | B100: SIPS FILTRO DE ACEITE MOTOR | C100: =IF(COUNTIF(B100,"SIPS*"),"UND ","SERV") -> UND | E100: 89333.333
A101: 83 | B101: SIPS BOMBA DE ACEITE MOTOR | C101: =IF(COUNTIF(B101,"SIPS*"),"UND ","SERV") -> UND | E101: 3180666.7
A102: 84 | B102: SIPS SENSOR PRESION DE ACEITE MOTOR | C102: =IF(COUNTIF(B102,"SIPS*"),"UND ","SERV") -> UND | E102: 1050000
A103: 85 | B103: SERVICIO DE ENGRASE GENERAL | C103: =IF(COUNTIF(B103,"SIPS*"),"UND ","SERV") -> SERV | E103: 42000
A104: 86 | B104: SERVICIO DE CAMBIO DE ACEITE DE DIFERENCIAL | C104: =IF(COUNTIF(B104,"SIPS*"),"UND ","SERV") -> SERV | E104: 42000
A105: 87 | B105: SERVICIO DE CAMBIO DE ACEITE DE LA CAJA | C105: =IF(COUNTIF(B105,"SIPS*"),"UND ","SERV") -> SERV | E105: 42000
E106: 0
B107: SISTEMA REFRIGERACION | E107: 0
A108: 88 | B108: SONDEADA DE RADIADOR | C108: =IF(COUNTIF(B108,"SIPS*"),"UND ","SERV") -> SERV | E108: 872666.67
A109: 89 | B109: REPARACION DE RADIADOR INCLUYE PINTADA DONDE APLIQUE | C109: =IF(COUNTIF(B109,"SIPS*"),"UND ","SERV") -> SERV | E109: 1398666.7
A110: 90 | B110: LAVADA DEL INTERCOOLER | C110: =IF(COUNTIF(B110,"SIPS*"),"UND ","SERV") -> SERV | E110: 665666.67
A111: 91 | B111: SIPS DE REFRIGERANTE MOTOR POR CUARTOS ALTA CALIDAD | C111: =IF(COUNTIF(B111,"SIPS*"),"UND ","SERV") -> UND | E111: 37666.667
A112: 92 | B112: SIPS BOMBA DE AGUA | C112: =IF(COUNTIF(B112,"SIPS*"),"UND ","SERV") -> UND | E112: 2655666.7
A113: 93 | B113: SIPS MANGUERA SUPERIOR RADIADOR | C113: =IF(COUNTIF(B113,"SIPS*"),"UND ","SERV") -> UND | E113: 770666.67
A114: 94 | B114: SIPS MANGUERA INFERIOR RADIADOR | C114: =IF(COUNTIF(B114,"SIPS*"),"UND ","SERV") -> UND | E114: 665666.67
A115: 95 | B115: SIPS MANGUERA DE CALEFACCION | C115: =IF(COUNTIF(B115,"SIPS*"),"UND ","SERV") -> UND | E115: 577666.67
A116: 96 | B116: SIPS SENSOR DE TEMPERATURA | C116: =IF(COUNTIF(B116,"SIPS*"),"UND ","SERV") -> UND | E116: 978666.67
A117: 97 | B117: SIPS DE RADIADOR | C117: =IF(COUNTIF(B117,"SIPS*"),"UND ","SERV") -> UND | E117: 3250000
A118: 98 | B118: SIPS DEL TERMOSTATO | C118: =IF(COUNTIF(B118,"SIPS*"),"UND ","SERV") -> UND | E118: 872666.67
A119: 99 | B119: SIPS DE TAPA DE RADIADOR | C119: =IF(COUNTIF(B119,"SIPS*"),"UND ","SERV") -> UND | E119: 123000
A120: 100 | B120: SIPS DEL DEPOSITO AUXILIAR DE REFRIGERANTE MOTOR | C120: =IF(COUNTIF(B120,"SIPS*"),"UND ","SERV") -> UND | E120: 1050000
E121: 0
B122: SISTEMA DE DIRECCION | E122: 0
A123: 101 | B123: ALINEACION Y BALANCEO DE TODAS LAS RUEDAS | C123: =IF(COUNTIF(B123,"SIPS*"),"UND ","SERV") -> SERV | E123: 172333.33
A124: 102 | B124: ALINEACION | C124: =IF(COUNTIF(B124,"SIPS*"),"UND ","SERV") -> SERV | E124: 86000
A125: 103 | B125: BALANCEO | C125: =IF(COUNTIF(B125,"SIPS*"),"UND ","SERV") -> SERV | E125: 86000
A126: 104 | B126: SIPS DE CINTILLA DEL SISTEMA AIR-BAG | C126: =IF(COUNTIF(B126,"SIPS*"),"UND ","SERV") -> UND | E126: 1608666.7
A127: 105 | B127: SIPS DE TODOS LOS TERMINALES DE DIRECCION | C127: =IF(COUNTIF(B127,"SIPS*"),"UND ","SERV") -> UND | E127: 2062333.3
A128: 106 | B128: SIPS DE UN TERMINAL DE DIRECCION | C128: =IF(COUNTIF(B128,"SIPS*"),"UND ","SERV") -> UND | E128: 331666.67
A129: 107 | B129: SIPS DE TODOS LOS BRAZOS DE DIRECCION | C129: =IF(COUNTIF(B129,"SIPS*"),"UND ","SERV") -> UND | E129: 2444666.7
A130: 108 | B130: SIPS DE UN BRAZO DE DIRECCION | C130: =IF(COUNTIF(B130,"SIPS*"),"UND ","SERV") -> UND | E130: 749666.67
A131: 109 | B131: SIPS CAÑA DE DIRECCION INCLUYENDO CRUCETAS Y RODAMIENTOS | C131: =IF(COUNTIF(B131,"SIPS*"),"UND ","SERV") -> UND | E131: 1224333.3
A132: 110 | B132: SIPS BRAZO PITMAN | C132: =IF(COUNTIF(B132,"SIPS*"),"UND ","SERV") -> UND | E132: 945000
A133: 111 | B133: SIPS BIELA DE DIRECCION | C133: =IF(COUNTIF(B133,"SIPS*"),"UND ","SERV") -> UND | E133: 770666.67
A134: 112 | B134: SIPS DE LA CAJA DE DIRECCION | C134: =IF(COUNTIF(B134,"SIPS*"),"UND ","SERV") -> UND | E134: 8159333.3
... A146: 124 | B146: SIPS DE UN BOCIN | C146: =IF(COUNTIF(B146,"SIPS*"),"UND ","SERV") -> UND | E146: 1380666.7
E147: 0
B148: SISTEMA DE FRENOS | E148: 0
A149: 125 | B149: REMACHADA DE BANDAS TRASERAS DE DOS RUEDAS | C149: =IF(COUNTIF(B149,"SIPS*"),"UND ","SERV") -> SERV | E149: 840000
A150: 126 | B150: RECTIFICADA DE CAMPANA DE UNA RUEDA | C150: =IF(COUNTIF(B150,"SIPS*"),"UND ","SERV") -> SERV | E150: 336000
A151: 127 | B151: RECTIFICADA DE DISCO DE UNA RUEDA | C151: =IF(COUNTIF(B151,"SIPS*"),"UND ","SERV") -> SERV | E151: 336000
A152: 128 | B152: SIPS DE BANDAS DE DOS RUEDAS | C152: =IF(COUNTIF(B152,"SIPS*"),"UND ","SERV") -> UND | E152: 1425666.7
A153: 129 | B153: SIPS DE CAMPANA DE UNA RUEDA | C153: =IF(COUNTIF(B153,"SIPS*"),"UND ","SERV") -> UND | E153: 967000
...

Sheet DODGE
B7: MUNICIPIO DE EL CARMEN DE VIBORAL
B9: VEHICULO COTIZADO:
A10: CAMIONETA DODGE RAM 2500 PLACA: GAT 042
A11: ITEM | B11: SERVICIO REQUERIDO | C11: UNIDAD DE MEDIDA | D11: VALOR PROPUESTA, IVA INCLUIDO | E11: VALOR TECHO
B12: SISTEMA MOTOR
A13: 1 | B13: SIPS KIT DE REPARACION DE MOTOR; JUEGO PISTONES, JUEGO ANILLOS, JUEGO BULONES Y SEGUROS PISTONES, JUEGO CAMISAS, JUEGO CASQUETES BANCADA, JUEGO CASQUETES BIELA, JUEGO AXIALES, JUEGO BUJES BIELA, JUEGO BUJES LEVA, JUEGO RETENEDORES MOTOR, JUEGO EMPAQUES MOTOR | C13: =IF(COUNTIF(B13,"SIPS*"),"UND ","SERV") -> UND | E13: 50429667
A14: 2 | B14: ANILLADA DE MOTOR INCLUYE SIPS DE CASQUETERIA, SIPS EMPAQUETADURA DE MOTOR | C14: =IF(COUNTIF(B14,"SIPS*"),"UND ","SERV") -> SERV | E14: 12426667
A15: 3 | B15: SIPS KIT DE REPARACION CULATA; JUEGO VALVULAS AD, JUEGO VALVULAS EX, JUEGO GUIAS EX, JUEGO GUIAS AD, JUEGO ASIENTOS AD. JUEGO ASIENTOS EX, JUEGO INPULSADORES VALVULAS, JUEGO GORROS VALVULAS | C15: =IF(COUNTIF(B15,"SIPS*"),"UND ","SERV") -> UND | E15: 12608333
A16: 4 | B16: SIPS EMPAQUE DE CULATA | C16: =IF(COUNTIF(B16,"SIPS*"),"UND ","SERV") -> UND | E16: 1874333.3
A17: 5 | B17: SIPS DE GUIAS DE VALVULAS Y VALVULAS | C17: =IF(COUNTIF(B17,"SIPS*"),"UND ","SERV") -> UND | E17: 2484333.3
A18: 6 | B18: SIPS JUEGO DE IMPULSADORES HIDRAULICOS | C18: =IF(COUNTIF(B18,"SIPS*"),"UND ","SERV") -> UND | E18: 6482666.7
A19: 7 | B19: SIPS JUEGO DE BALANCINES | C19: =IF(COUNTIF(B19,"SIPS*"),"UND ","SERV") -> UND | E19: 5405333.3
A20: 8 | B20: RECTIFICACION CIGÜEÑAL INCLUYE SIPS CASQUETERIA | C20: =IF(COUNTIF(B20,"SIPS*"),"UND ","SERV") -> SERV | E20: 5405333.3
A21: 9 | B21: SIPS VOLANTE | C21: =IF(COUNTIF(B21,"SIPS*"),"UND ","SERV") -> UND | E21: 5042000
A22: 10 | B22: SIPS RODAMIENTO DEL VOLANTE | C22: =IF(COUNTIF(B22,"SIPS*"),"UND ","SERV") -> UND | E22: 2017000
A23: 11 | B23: SIPS CREMALLERA DEL VOLANTE | C23: =IF(COUNTIF(B23,"SIPS*"),"UND ","SERV") -> UND | E23: 2881333.3
A24: 12 | B24: SIPS CORREA REPARTICION | C24: =IF(COUNTIF(B24,"SIPS*"),"UND ","SERV") -> UND | E24: 1874333.3
... A43: 31 | B43: SINCRONIZACION DE MOTOR INCLUYE REPUESTOS NECESARIOS PARA UNA OPTIMA SINCRONIZACION | C43: =IF(COUNTIF(B43,"SIPS*"),"UND ","SERV") -> SERV | E43: 720333.33
E44: 0
B45: SISTEMA ALIMENTACION AIRE/COMBUSTIBLE | E45: 0
A46: 32 | B46: CALIBRACION DE LA BOMBA DE INYECCION E INYECTORES EN BANCO DE PRUEBA | C46: =IF(COUNTIF(B46,"SIPS*"),"UND ","SERV") -> SERV | E46: 9366000
A47: 33 | B47: SIPS GUAYA DE ACELERACION | C47: =IF(COUNTIF(B47,"SIPS*"),"UND ","SERV") -> UND | E47: 898666.67
A48: 34 | B48: CALIBRACION DE LA BOMBA DE INYECCION | C48: =IF(COUNTIF(B48,"SIPS*"),"UND ","SERV") -> SERV | E48: 5762333.3
A49: 35 | B49: CALIBRACION JUEGO DE INYECTORES | C49: =IF(COUNTIF(B49,"SIPS*"),"UND ","SERV") -> SERV | E49: 4323000
A50: 36 | B50: LAVADA JUEGO DE INYECTORES POR ULTRASONIDO INCLUYE SIPS DE FILTROS DE INYECTORES Y ORINGS | C50: =IF(COUNTIF(B50,"SIPS*"),"UND ","SERV") -> SERV | E50: 4684000
A51: 37 | B51: SIPS DE UN INYECTOR INCLUYE INSTALACION | C51: =IF(COUNTIF(B51,"SIPS*"),"UND ","SERV") -> UND | E51: 3531333.3
A52: 38 | B52: REPARACION DEL TURBO | C52: =IF(COUNTIF(B52,"SIPS*"),"UND ","SERV") -> SERV | E52: 3964000
A53: 39 | B53: LIMPIEZA CUERPO DE ACELERACION Y VALVULA IAC | C53: =IF(COUNTIF(B53,"SIPS*"),"UND ","SERV") -> SERV | E53: 1620333.3
A54: 40 | B54: SAMBLASTEO MULTIPLE DE ADMISION | C54: =IF(COUNTIF(B54,"SIPS*"),"UND ","SERV") -> SERV | E54: 898666.67
A55: 41 | B55: LAVADA TANQUE DE COMBUSTIBLE | C55: =IF(COUNTIF(B55,"SIPS*"),"UND ","SERV") -> SERV | E55: 720333.33
A56: 42 | B56: SIPS JUEGO DE FILTROS DE COMBUSTIBLE | C56: =IF(COUNTIF(B56,"SIPS*"),"UND ","SERV") -> UND | E56: 315000
A57: 43 | B57: SIPS REGULADOR DE PRESION DE COMBUSTIBLE | C57: =IF(COUNTIF(B57,"SIPS*"),"UND ","SERV") -> UND | E57: 1441666.7
... A72: 58 | B72: SIPS TUBO DE ADMISION DEL FILTRO AL CUERPO DE ACELERACION O CARBURADOR | C72: =IF(COUNTIF(B72,"SIPS*"),"UND ","SERV") -> UND | E72: 937666.67
E73: 0
B74: SISTEMA DE ESCAPE | E74: 0
A75: 59 | B75: REPARACION DE SILENCIADOR | C75: =IF(COUNTIF(B75,"SIPS*"),"UND ","SERV") -> SERV | E75: 937666.67
A76: 60 | B76: REPARACION TUBO DE ESCAPE | C76: =IF(COUNTIF(B76,"SIPS*"),"UND ","SERV") -> SERV | E76: 865000
A77: 61 | B77: SIPS DE SILINCIADOR | C77: =IF(COUNTIF(B77,"SIPS*"),"UND ","SERV") -> UND | E77: 1944666.7
A78: 62 | B78: SIPS FLEXIBLE DEL ESCAPE | C78: =IF(COUNTIF(B78,"SIPS*"),"UND ","SERV") -> UND | E78: 506000
A79: 63 | B79: SIPS EMPAQUES O ANILLOS MULTIPLE DE ESCAPE | C79: =IF(COUNTIF(B79,"SIPS*"),"UND ","SERV") -> UND | E79: 575333.33
A80: 64 | B80: SIPS CATALIZADOR | C80: =IF(COUNTIF(B80,"SIPS*"),"UND ","SERV") -> UND | E80: 1370000
E81: 0
B82: SISTEMA DE LUBRICACION | E82: 0
A83: 65 | B83: SIPS GARRAFA DE ACEITE DE MOTOR 15W 40 | C83: UND | E83: 582666.67
A84: 66 | B84: SIPS GALON DE ACEITE DE MOTOR 15W 40 | C84: UND | E84: 191000
A85: 67 | B85: SIPS CUARTO DE ACEITE DE MOTOR 15W 4O | C85: UND | E85: 47333.333
A86: 68 | B86: SIPS CUARTO DE ACEITE DE CAJA HIDRAULICA ATF | C86: UND | E86: 89333.333
A87: 69 | B87: SIPS CUARTO DE ACEITE DE CAJA DE VELOCIDADES 80W90 | C87: UND | E87: 42000
A88: 70 | B88: SIPS CUARTO DE ACEITE DE TRANSMISION 85W 140 | C88: UND | E88: 42000
A89: 71 | B89: SIPS POTE DE GRASA ALTA TEMPERATURA | C89: UND | E89: 35666.667
A90: 72 | B90: SIPS ADITIVO ANTIFRICCION | C90: UND | E90: 180333.33
A91: 73 | B91: SIPS ADITIVO DE LUBRICACION | C91: UND | E91: 34666.667
A92: 74 | B92: SIPS ADITIVO DE CAJA O TRANSMISION | C92: UND | E92: 30666.667
A93: 75 | B93: SIPS ADITIVO DE RODILLERIA | C93: UND | E93: 30666.667
A94: 76 | B94: SIPS LIQUIDO DE CLUTCH SL | C94: UND | E94: 169000
... A98: 80 | B98: LIMPIA CONTACTOS | C98: UND | E98: 77666.667
A99: 81 | B99: SERVICIO DE CAMBIO DE ACEITE MOTOR NO INCLUYE EL ACEITE | C99: =IF(COUNTIF(B99,"SIPS*"),"UND ","SERV") -> SERV | E99: 43000
A100: 82 | B100: SIPS FILTRO DE ACEITE MOTOR | C100: =IF(COUNTIF(B100,"SIPS*"),"UND ","SERV") -> UND | E100: 92333.333
A101: 83 | B101: SIPS BOMBA DE ACEITE MOTOR | C101: =IF(COUNTIF(B101,"SIPS*"),"UND ","SERV") -> UND | E101: 3278000
A102: 84 | B102: SIPS SENSOR PRESION DE ACEITE MOTOR | C102: =IF(COUNTIF(B102,"SIPS*"),"UND ","SERV") -> UND | E102: 1081666.7
A103: 85 | B103: SERVICIO DE ENGRASE GENERAL | C103: =IF(COUNTIF(B103,"SIPS*"),"UND ","SERV") -> SERV | E103: 43000
A104: 86 | B104: SERVICIO DE CAMBIO DE ACEITE DE DIFERENCIAL | C104: =IF(COUNTIF(B104,"SIPS*"),"UND ","SERV") -> SERV | E104: 43000
A105: 87 | B105: SERVICIO DE CAMBIO DE ACEITE DE LA CAJA | C105: =IF(COUNTIF(B105,"SIPS*"),"UND ","SERV") -> SERV | E105: 43000
E106: 0
B107: SISTEMA REFRIGERACION | E107: 0
A108: 88 | B108: SONDEADA DE RADIADOR | C108: =IF(COUNTIF(B108,"SIPS*"),"UND ","SERV") -> SERV | E108: 898666.67
A109: 89 | B109: REPARACION DE RADIADOR INCLUYE PINTADA DONDE APLIQUE | C109: =IF(COUNTIF(B109,"SIPS*"),"UND ","SERV") -> SERV | E109: 1441666.7
A110: 90 | B110: LAVADA DEL INTERCOOLER | C110: =IF(COUNTIF(B110,"SIPS*"),"UND ","SERV") -> SERV | E110: 685666.67
A111: 91 | B111: SIPS DE REFRIGERANTE MOTOR POR CUARTOS ALTA CALIDAD | C111: =IF(COUNTIF(B111,"SIPS*"),"UND ","SERV") -> UND | E111: 38666.667
A112: 92 | B112: SIPS BOMBA DE AGUA | C112: =IF(COUNTIF(B112,"SIPS*"),"UND ","SERV") -> UND | E112: 2737333.3
A113: 93 | B113: SIPS MANGUERA SUPERIOR RADIADOR | C113: =IF(COUNTIF(B113,"SIPS*"),"UND ","SERV") -> UND | E113: 793666.67
A114: 94 | B114: SIPS MANGUERA INFERIOR RADIADOR | C114: =IF(COUNTIF(B114,"SIPS*"),"UND ","SERV") -> UND | E114: 685666.67
A115: 95 | B115: SIPS MANGUERA DE CALEFACCION | C115: =IF(COUNTIF(B115,"SIPS*"),"UND ","SERV") -> UND | E115: 595333.33
A116: 96 | B116: SIPS SENSOR DE TEMPERATURA | C116: =IF(COUNTIF(B116,"SIPS*"),"UND ","SERV") -> UND | E116: 1009000
A117: 97 | B117: SIPS DE RADIADOR | C117: =IF(COUNTIF(B117,"SIPS*"),"UND ","SERV") -> UND | E117: 3349333.3
A118: 98 | B118: SIPS DEL TERMOSTATO | C118: =IF(COUNTIF(B118,"SIPS*"),"UND ","SERV") -> UND | E118: 898666.67
A119: 99 | B119: SIPS DE TAPA DE RADIADOR | C119: =IF(COUNTIF(B119,"SIPS*"),"UND ","SERV") -> UND | E119: 126000
A120: 100 | B120: SIPS DEL DEPOSITO AUXILIAR DE REFRIGERANTE MOTOR | C120: =IF(COUNTIF(B120,"SIPS*"),"UND ","SERV") -> UND | E120: 1081666.7
E121: 0
B122: SISTEMA DE DIRECCION | E122: 0
A123: 101 | B123: ALINEACION Y BALANCEO DE TODAS LAS RUEDAS | C123: =IF(COUNTIF(B123,"SIPS*"),"UND ","SERV") -> SERV | E123: 172333.33
A124: 102 | B124: ALINEACION | C124: =IF(COUNTIF(B124,"SIPS*"),"UND ","SERV") -> SERV | E124: 86000
A125: 103 | B125: BALANCEO | C125: =IF(COUNTIF(B125,"SIPS*"),"UND ","SERV") -> SERV | E125: 86000
A126: 104 | B126: SIPS DE CINTILLA DEL SISTEMA AIR-BAG | C126: =IF(COUNTIF(B126,"SIPS*"),"UND ","SERV") -> UND | E126: 1658000
A127: 105 | B127: SIPS DE TODOS LOS TERMINALES DE DIRECCION | C127: =IF(COUNTIF(B127,"SIPS*"),"UND ","SERV") -> UND | E127: 2125000
A128: 106 | B128: SIPS DE UN TERMINAL DE DIRECCION | C128: =IF(COUNTIF(B128,"SIPS*"),"UND ","SERV") -> UND | E128: 341333.33
A129: 107 | B129: SIPS DE TODOS LOS BRAZOS DE DIRECCION | C129: =IF(COUNTIF(B129,"SIPS*"),"UND ","SERV") -> UND | E129: 2519000
A130: 108 | B130: SIPS DE UN BRAZO DE DIRECCION | C130: =IF(COUNTIF(B130,"SIPS*"),"UND ","SERV") -> UND | E130: 772666.67
A131: 109 | B131: SIPS CAÑA DE DIRECCION INCLUYENDO CRUCETAS Y RODAMIENTOS | C131: =IF(COUNTIF(B131,"SIPS*"),"UND ","SERV") -> UND | E131: 1262000
A132: 110 | B132: SIPS BRAZO PITMAN | C132: =IF(COUNTIF(B132,"SIPS*"),"UND ","SERV") -> UND | E132: 973333.33
A133: 111 | B133: SIPS BIELA DE DIRECCION | C133: =IF(COUNTIF(B133,"SIPS*"),"UND ","SERV") -> UND | E133: 793666.67
A134: 112 | B134: SIPS DE LA CAJA DE DIRECCION | C134: =IF(COUNTIF(B134,"SIPS*"),"UND ","SERV") -> UND | E134: 8409666.7
... A146: 124 | B146: SIPS DE UN BOCIN | C146: =IF(COUNTIF(B146,"SIPS*"),"UND ","SERV") -> UND | E146: 1422666.7
E147: 0
B148: SISTEMA DE FRENOS | E148: 0
A149: 125 | B149: REMACHADA DE BANDAS TRASERAS DE DOS RUEDAS | C149: =IF(COUNTIF(B149,"SIPS*"),"UND ","SERV") -> SERV | E149: 865000
A150: 126 | B150: RECTIFICADA DE CAMPANA DE UNA RUEDA | C150: =IF(COUNTIF(B150,"SIPS*"),"UND ","SERV") -> SERV | E150: 346666.67
A151: 127 | B151: RECTIFICADA DE DISCO DE UNA RUEDA | C151: =IF(COUNTIF(B151,"SIPS*"),"UND ","SERV") -> SERV | E151: 346666.67
A152: 128 | B152: SIPS DE BANDAS DE DOS RUEDAS | C152: =IF(COUNTIF(B152,"SIPS*"),"UND ","SERV") -> UND | E152: 1470000
A153: 129 | B153: SIPS DE CAMPANA DE UNA RUEDA | C153: =IF(COUNTIF(B153,"SIPS*"),"UND ","SERV") -> UND | E153: 996333.33
...

Sheet DUSTER
B7: MUNICIPIO DE EL CARMEN DE VIBORAL
B9: VEHICULO COTIZADO:
A10: CAMIONETA RENAUL DUSTER OROCH PLACA: OLN 835
A11: ITEM | B11: SERVICIO REQUERIDO | C11: UNIDAD DE MEDIDA | D11: VALOR PROPUESTA, IVA INCLUIDO | E11: VALOR TECHO
B12: SISTEMA MOTOR
A13: 1 | B13: REPARACION GENERAL DE MOTOR AL OVERSIDE SIGUIENTE O ENCAMISADA SI SE REQUIERE | C13: UND | E13: 21844000
A14: 2 | B14: ANILLADA DE MOTOR INCLUYE SIPS DE CASQUETERIA, SIPS EMPAQUETADURA DE MOTOR | C14: SERV | E14: 7890666.7
A15: 3 | B15: REPARACION DE CULATA | C15: UND | E15: 6282000
A16: 4 | B16: SIPS EMPAQUE DE CULATA | C16: UND | E16: 1148666.7
A17: 5 | B17: SIPS DE GUIAS DE VÁLVULAS Y VÁLVULAS | C17: UND | E17: 1584666.7
A18: 6 | B18: CALIBRACION DE VALVULAS | C18: UND | E18: 210000
A19: 7 | B19: SIPS JUEGO DE IMPULSADORES HIDRAULICOS | C19: UND | E19: 2730000
A20: 8 | B20: SIPS JUEGO DE IMPULSADORES Y VARILLAS IMPULSORAS | C20: UND | E20: 2941000
A21: 9 | B21: SIPS JUEGO DE BALANCINES | C21: UND | E21: 1774333.3
A22: 10 | B22: RECTIFICACION CIGÜEÑAL INCLUYE SIPS CASQUETERIA | C22: SERV | E22: 1419666.7
A23: 11 | B23: SIPS VOLANTE | C23: UND | E23: 1503666.7
A24: 12 | B24: SIPS RODAMIENTO DEL VOLANTE | C24: UND | E24: 712000
... A47: 35 | B47: SINCRONIZACION DE MOTOR INCLUYE REPUESTOS NECESARIOS PARA UNA OPTIMA SINCRONIZACION | C47: SERV | E47: 327666.67
E48: 0
B49: SISTEMA ALIMENTACION AIRE/COMBUSTIBLE | E49: 0
A50: 36 | B50: CALIBRACION DE LA BOMBA DE INYECCION E INYECTORES EN BANCO DE PRUEBA | C50: SERV | E50: 3220333.3
A51: 37 | B51: SIPS GUAYA DE ACELERACION | C51: UND | E51: 712000
A52: 38 | B52: CALIBRACION DE LA BOMBA DE INYECCION | C52: SERV | E52: 2100000
A53: 39 | B53: CALIBRACION JUEGO DE INYECTORES | C53: SERV | E53: 1120333.3
A54: 40 | B54: LAVADA JUEGO DE INYECTORES POR ULTRASONIDO INCLUYE SIPS DE FILTROS DE INYECTORES Y ORINGS | C54: SERV | E54: 1051000
A55: 41 | B55: SIPS DE UN INYECTOR INCLUYE INSTALACION | C55: UND | E55: 820000
A56: 42 | B56: REPARACION DEL TURBO | C56: SERV | E56: 6441666.7
A57: 43 | B57: SIPS PESCADOR TANQUE DE COMBUSTIBLE | C57: =IF(COUNTIF(B57,"SIPS*"),"UND ","SERV") -> UND | E57: 312000
A58: 44 | B58: LIMPIEZA CUERPO DE ACELERACION Y VALVULA IAC | C58: SERV | E58: 601666.67
A59: 45 | B59: SIPS MARIPOSAS DEL CARBURADOR | C59: UND | E59: 756000
A60: 46 | B60: SIPS EMPAQUETADURA DE CARBURADOR | C60: UND | E60: 434666.67
A61: 47 | B61: SAMBLASTEO MULTIPLE DE ADMISION | C61: SERV | E61: 384333.33
A62: 48 | B62: LAVADA TANQUE DE COMBUSTIBLE | C62: SERV | E62: 450666.67
A63: 49 | B63: SIPS JUEGO DE FILTROS DE COMBUSTIBLE | C63: UND | E63: 95333.333
A64: 50 | B64: SIPS REGULADOR DE PRESION DE COMBUSTIBLE | C64: UND | E64: 763333.33
A65: 51 | B65: SIPS RIEL DE INYECTORES | C65: UND | E65: 1311333.3
A66: 52 | B66: SIPS JUEGO DE FILTROS DE AIRE | C66: UND | E66: 113333.33
A67: 53 | B67: SIPS SENSOR MAP | C67: UND | E67: 644666.67
A68: 54 | B68: SIPS SENSOR MAF | C68: UND | E68: 540666.67
A69: 55 | B69: SIPS SENSOR IAT | C69: UND | E69: 669666.67
... A80: 66 | B80: SIPS TUBO DE ADMISION DEL FILTRO AL CUERPO DE ACELERACION O CARBURADOR | C80: UND | E80: 450666.67
E81: 0
B82: SISTEMA DE ESCAPE | E82: 0
A83: 67 | B83: REPARACION DE SILENCIADOR | C83: SERV | E83: 301333.33
A84: 68 | B84: REPARACION TUBO DE ESCAPE | C84: SERV | E84: 218333.33
A85: 69 | B85: SIPS DE SILINCIADOR | C85: UND | E85: 956666.67
A86: 70 | B86: SIPS FLEXIBLE DEL ESCAPE | C86: UND | E86: 232000
A87: 71 | B87: SIPS EMPAQUES O ANILLOS MULTIPLE DE ESCAPE | C87: UND | E87: 275333.33
A88: 72 | B88: SIPS CATALIZADOR | C88: UND | E88: 1038333.3
E89: 0
B90: SISTEMA DE LUBRICACION | E90: 0
A91: 73 | B91: GALON DE ACEITE DE MOTOR 20W50 | C91: UND | E91: 191000
A92: 74 | B92: CUARTO DE ACEITE DE MOTOR 20W50 | C92: UND | E92: 47333.333
A93: 75 | B93: CUARTO DE ACEITE DE CAJA HIDRAULICA ATF | C93: UND | E93: 89333.333
A94: 76 | B94: CUARTO DE ACEITE DE CAJA DE VELOCIDADES 80W90 | C94: UND | E94: 42000
A95: 77 | B95: CUARTO DE ACEITE DE TRANSMISION 85W 140 | C95: UND | E95: 42000
A96: 78 | B96: POTE DE GRASA ALTA TEMPERATURA | C96: UND | E96: 35666.667
A97: 79 | B97: ADITIVO ANTIFRICCION | C97: UND | E97: 180333.33
A98: 80 | B98: ADITIVO DE LUBRICACION | C98: UND | E98: 34666.667
A99: 81 | B99: ADITIVO DE CAJA O TRANSMISION | C99: UND | E99: 30666.667
A100: 82 | B100: ADITIVO DE RODILLERIA | C100: UND | E100: 30666.667
A101: 83 | B101: SIPS LIQUIDO DE CLUTCH SL | C101: UND | E101: 169000
A102: 84 | B102: SIPS LIQUIDO DE FRENOS DOT 4 | C102: UND | E102: 113333.33
... A113: 95 | B113: SIPS TAPA GRASERA | C113: SERV | E113: 34666.667
E114: 0
B115: SISTEMA REFRIGERACION | E115: 0
A116: 96 | B116: SONDEADA DE RADIADOR | C116: SERV | E116: 384333.33
A117: 97 | B117: REPARACION DE RADIADOR INCLUYE PINTADA DONDE APLIQUE | C117: SERV | E117: 520000
A118: 98 | B118: LAVADA DEL INTERCOOLER | C118: SERV | E118: 286666.67
A119: 99 | B119: SIPS DE REFRIGERANTE MOTOR POR CUARTOS ALTA CALIDAD | C119: UND | E119: 37666.667
A120: 100 | B120: SIPS BOMBA DE AGUA | C120: UND | E120: 944000
A121: 101 | B121: SIPS MANGUERA SUPERIOR RADIADOR | C121: UND | E121: 341333.33
A122: 102 | B122: SIPS MANGUERA INFERIOR RADIADOR | C122: UND | E122: 423000
A123: 103 | B123: SIPS MANGUERA DE CALEFACCION | C123: UND | E123: 450666.67
A124: 104 | B124: SIPS SENSOR DE TEMPERATURA | C124: UND | E124: 301333.33
A125: 105 | B125: SIPS DE RADIADOR | C125: UND | E125: 1722000
A126: 106 | B126: SIPS DEL TERMOSTATO | C126: UND | E126: 436666.67
A127: 107 | B127: SIPS DEL MOTOVENTILADOR | C127: UND | E127: 909333.33
... A129: 109 | B129: SIPS DEL DEPOSITO AUXILIAR DE REFRIGERANTE MOTOR | C129: UND | E129: 436666.67
E130: 0
B131: SISTEMA DE DIRECCION | E131: 0
A132: 110 | B132: ALINEACION Y BALANCEO DE TODAS LAS RUEDAS | C132: SERV | E132: 172333.33
A133: 111 | B133: ALINEACION | C133: SERV | E133: 86000
A134: 112 | B134: BALANCEO | C134: SERV | E134: 86000
A135: 113 | B135: SIPS DE CINTILLA DEL SISTEMA AIR-BAG | C135: UND | E135: 1148666.7
A136: 114 | B136: SIPS DE TODOS LOS TERMINALES DE DIRECCION | C136: UND | E136: 1227333.3
A137: 115 | B137: SIPS DE UN TERMINAL DE DIRECCION | C137: UND | E137: 258333.33
A138: 116 | B138: SIPS DE TODOS LOS BRAZOS DE DIRECCION | C138: UND | E138: 1584666.7
A139: 117 | B139: SIPS DE UN BRAZO DE DIRECCION | C139: UND | E139: 587000
A140: 118 | B140: SIPS CAÑA DE DIRECCION INCLUYENDO CRUCETAS Y RODAMIENTOS | C140: UND | E140: 1337666.7
A141: 119 | B141: SIPS BRAZO PITMAN | C141: UND | E141: 738000
A142: 120 | B142: SIPS BIELA DE DIRECCION | C142: UND | E142: 436666.67
A143: 121 | B143: SIPS BARRA DE DIRECCION | C143: UND | E143: 643666.67
... A159: 137 | B159: SIPS DE UN BOCIN | C159: UND | E159: 1078333.3
E160: 0
B161: SISTEMA DE FRENOS | E161: 0
A162: 138 | B162: REMACHADA DE BANDAS TRASERAS DE DOS RUEDAS | C162: SERV | E162: 545000
A163: 139 | B163: REMACHADA DE BANDAS DELANTERAS DE DOS RUEDAS | C163: SERV | E163: 574333.33
A164: 140 | B164: RECTIFICADA DE CAMPANA DE UNA RUEDA | C164: SERV | E164: 213000
A165: 141 | B165: RECTIFICADA DE DISCO DE UNA RUEDA | C165: SERV | E165: 213000
...

Sheet SAIL
B7: MUNICIPIO DE EL CARMEN DE VIBORAL
B9: VEHICULO COTIZADO:
A10: CAMIONETA CHEVROLET SAIL PLACA: FDV 085
A11: ITEM | B11: SERVICIO REQUERIDO | C11: UNIDAD DE MEDIDA | D11: VALOR PROPUESTA, IVA INCLUIDO | E11: VALOR TECHO
B12: SISTEMA MOTOR
A13: 1 | B13: REPARACION GENERAL DE MOTOR AL OVERSIDE SIGUIENTE O ENCAMISADA SI SE REQUIERE | C13: UND | E13: 21621667
A14: 2 | B14: ANILLADA DE MOTOR INCLUYE SIPS DE CASQUETERIA, SIPS EMPAQUETADURA DE MOTOR | C14: SERV | E14: 7809666.7
A15: 3 | B15: REPARACION DE CULATA | C15: UND | E15: 6218000
A16: 4 | B16: SIPS EMPAQUE DE CULATA | C16: UND | E16: 1137000
A17: 5 | B17: SIPS DE GUIAS DE VÁLVULAS Y VÁLVULAS | C17: UND | E17: 1568666.7
A18: 6 | B18: CALIBRACION DE VALVULAS | C18: UND | E18: 208000
A19: 7 | B19: SIPS JUEGO DE IMPULSADORES HIDRAULICOS | C19: UND | E19: 2701666.7
A20: 8 | B20: SIPS JUEGO DE IMPULSADORES Y VARILLAS IMPULSORAS | C20: UND | E20: 2910333.3
A21: 9 | B21: SIPS JUEGO DE BALANCINES | C21: UND | E21: 1755333.3
A22: 10 | B22: RECTIFICACION CIGÜEÑAL INCLUYE SIPS CASQUETERIA | C22: SERV | E22: 1406000
A23: 11 | B23: SIPS VOLANTE | C23: UND | E23: 1488000
A24: 12 | B24: SIPS RODAMIENTO DEL VOLANTE | C24: UND | E24: 704333.33
... A47: 35 | B47: SINCRONIZACION DE MOTOR INCLUYE REPUESTOS NECESARIOS PARA UNA OPTIMA SINCRONIZACION | C47: SERV | E47: 323333.33
E48: 0
B49: SISTEMA ALIMENTACION AIRE/COMBUSTIBLE | E49: 0
A50: 36 | B50: CALIBRACION DE LA BOMBA DE INYECCION E INYECTORES EN BANCO DE PRUEBA | C50: SERV | E50: 3187666.7
A51: 37 | B51: SIPS GUAYA DE ACELERACION | C51: UND | E51: 704333.33
A52: 38 | B52: CALIBRACION DE LA BOMBA DE INYECCION | C52: SERV | E52: 2079000
A53: 39 | B53: CALIBRACION JUEGO DE INYECTORES | C53: SERV | E53: 1108666.7
A54: 40 | B54: LAVADA JUEGO DE INYECTORES POR ULTRASONIDO INCLUYE SIPS DE FILTROS DE INYECTORES Y ORINGS | C54: SERV | E54: 1039333.3
A55: 41 | B55: SIPS DE UN INYECTOR INCLUYE INSTALACION | C55: UND | E55: 811666.67
A56: 42 | B56: REPARACION DEL TURBO | C56: SERV | E56: 6375333.3
A57: 43 | B57: SIPS PESCADOR TANQUE DE COMBUSTIBLE | C57: =IF(COUNTIF(B57,"SIPS*"),"UND ","SERV") -> UND | E57: 308666.67
A58: 44 | B58: LIMPIEZA CUERPO DE ACELERACION Y VALVULA IAC | C58: SERV | E58: 595333.33
A59: 45 | B59: SIPS MARIPOSAS DEL CARBURADOR | C59: UND | E59: 748666.67
A60: 46 | B60: SIPS EMPAQUETADURA DE CARBURADOR | C60: UND | E60: 429666.67
A61: 47 | B61: SAMBLASTEO MULTIPLE DE ADMISION | C61: SERV | E61: 380333.33
A62: 48 | B62: LAVADA TANQUE DE COMBUSTIBLE | C62: SERV | E62: 446333.33
A63: 49 | B63: SIPS JUEGO DE FILTROS DE COMBUSTIBLE | C63: UND | E63: 94333.333
A64: 50 | B64: SIPS REGULADOR DE PRESION DE COMBUSTIBLE | C64: UND | E64: 756000
A65: 51 | B65: SIPS RIEL DE INYECTORES | C65: UND | E65: 1297666.7
A66: 52 | B66: SIPS JUEGO DE FILTROS DE AIRE | C66: UND | E66: 112333.33
A67: 53 | B67: SIPS SENSOR MAP | C67: UND | E67: 638333.33
A68: 54 | B68: SIPS SENSOR MAF | C68: UND | E68: 534666.67
A69: 55 | B69: SIPS SENSOR IAT | C69: UND | E69: 662666.67
... A80: 66 | B80: SIPS TUBO DE ADMISION DEL FILTRO AL CUERPO DE ACELERACION O CARBURADOR | C80: UND | E80: 446333.33
E81: 0
B82: SISTEMA DE ESCAPE | E82: 0
A83: 67 | B83: REPARACION DE SILENCIADOR | C83: SERV | E83: 298333.33
A84: 68 | B84: REPARACION TUBO DE ESCAPE | C84: SERV | E84: 216333.33
A85: 69 | B85: SIPS DE SILINCIADOR | C85: UND | E85: 947000
A86: 70 | B86: SIPS FLEXIBLE DEL ESCAPE | C86: UND | E86: 230000
A87: 71 | B87: SIPS EMPAQUES O ANILLOS MULTIPLE DE ESCAPE | C87: UND | E87: 272000
A88: 72 | B88: SIPS CATALIZADOR | C88: UND | E88: 1028000
E89: 0
B90: SISTEMA DE LUBRICACION | E90: 0
A91: 73 | B91: GALON DE ACEITE DE MOTOR 20W50 | C91: UND | E91: 191000
A92: 74 | B92: CUARTO DE ACEITE DE MOTOR 20W50 | C92: UND | E92: 47333.333
A93: 75 | B93: CUARTO DE ACEITE DE CAJA HIDRAULICA ATF | C93: UND | E93: 89333.333
A94: 76 | B94: CUARTO DE ACEITE DE CAJA DE VELOCIDADES 80W90 | C94: UND | E94: 42000
A95: 77 | B95: CUARTO DE ACEITE DE TRANSMISION 85W 140 | C95: UND | E95: 42000
A96: 78 | B96: POTE DE GRASA ALTA TEMPERATURA | C96: UND | E96: 35666.667
A97: 79 | B97: ADITIVO ANTIFRICCION | C97: UND | E97: 180333.33
A98: 80 | B98: ADITIVO DE LUBRICACION | C98: UND | E98: 34666.667
A99: 81 | B99: ADITIVO DE CAJA O TRANSMISION | C99: UND | E99: 30666.667
A100: 82 | B100: ADITIVO DE RODILLERIA | C100: UND | E100: 30666.667
A101: 83 | B101: SIPS LIQUIDO DE CLUTCH SL | C101: UND | E101: 169000
A102: 84 | B102: SIPS LIQUIDO DE FRENOS DOT 4 | C102: UND | E102: 113333.33
... A113: 95 | B113: SIPS TAPA GRASERA | C113: SERV | E113: 34666.667
E114: 0
B115: SISTEMA REFRIGERACION | E115: 0
A116: 96 | B116: SONDEADA DE RADIADOR | C116: SERV | E116: 380333.33
A117: 97 | B117: REPARACION DE RADIADOR INCLUYE PINTADA DONDE APLIQUE | C117: SERV | E117: 514333.33
A118: 98 | B118: LAVADA DEL INTERCOOLER | C118: SERV | E118: 284333.33
A119: 99 | B119: SIPS DE REFRIGERANTE MOTOR POR CUARTOS ALTA CALIDAD | C119: UND | E119: 37666.667
A120: 100 | B120: SIPS BOMBA DE AGUA | C120: UND | E120: 933333.33
A121: 101 | B121: SIPS MANGUERA SUPERIOR RADIADOR | C121: UND | E121: 338000
A122: 102 | B122: SIPS MANGUERA INFERIOR RADIADOR | C122: UND | E122: 419000
A123: 103 | B123: SIPS MANGUERA DE CALEFACCION | C123: UND | E123: 446333.33
A124: 104 | B124: SIPS SENSOR DE TEMPERATURA | C124: UND | E124: 298333.33
A125: 105 | B125: SIPS DE RADIADOR | C125: UND | E125: 1704000
A126: 106 | B126: SIPS DEL TERMOSTATO | C126: UND | E126: 431666.67
A127: 107 | B127: SIPS DEL MOTOVENTILADOR | C127: UND | E127: 899666.67
... A129: 109 | B129: SIPS DEL DEPOSITO AUXILIAR DE REFRIGERANTE MOTOR | C129: UND | E129: 431666.67
E130: 0
B131: SISTEMA DE DIRECCION | E131: 0
A132: 110 | B132: ALINEACION Y BALANCEO DE TODAS LAS RUEDAS | C132: SERV | E132: 172333.33
A133: 111 | B133: ALINEACION | C133: SERV | E133: 86000
A134: 112 | B134: BALANCEO | C134: SERV | E134: 86000
A135: 113 | B135: SIPS DE CINTILLA DEL SISTEMA AIR-BAG | C135: UND | E135: 1137000
A136: 114 | B136: SIPS DE TODOS LOS TERMINALES DE DIRECCION | C136: UND | E136: 1214666.7
A137: 115 | B137: SIPS DE UN TERMINAL DE DIRECCION | C137: UND | E137: 255333.33
A138: 116 | B138: SIPS DE TODOS LOS BRAZOS DE DIRECCION | C138: UND | E138: 1568666.7
A139: 117 | B139: SIPS DE UN BRAZO DE DIRECCION | C139: UND | E139: 580666.67
A140: 118 | B140: SIPS CAÑA DE DIRECCION INCLUYENDO CRUCETAS Y RODAMIENTOS | C140: UND | E140: 1324000
A141: 119 | B141: SIPS BRAZO PITMAN | C141: UND | E141: 730000
A142: 120 | B142: SIPS BIELA DE DIRECCION | C142: UND | E142: 431666.67
A143: 121 | B143: SIPS BARRA DE DIRECCION | C143: UND | E143: 637333.33
... A159: 137 | B159: SIPS DE UN BOCIN | C159: UND | E159: 1068000
E160: 0
B161: SISTEMA DE FRENOS | E161: 0
A162: 138 | B162: REMACHADA DE BANDAS TRASERAS DE DOS RUEDAS | C162: SERV | E162: 539666.67
A163: 139 | B163: REMACHADA DE BANDAS DELANTERAS DE DOS RUEDAS | C163: SERV | E163: 568000
A164: 140 | B164: RECTIFICADA DE CAMPANA DE UNA RUEDA | C164: SERV | E164: 211000
A165: 141 | B165: RECTIFICADA DE DISCO DE UNA RUEDA | C165: SERV | E165: 211000
...

Sheet 4RUNNER
B7: MUNICIPIO DE EL CARMEN DE VIBORAL
B9: VEHICULO COTIZADO:
A10: CAMIONETA TOYOTA 4 RUNNER PLACA: OJZ 234
A11: ITEM | B11: SERVICIO REQUERIDO | C11: UNIDAD DE MEDIDA | D11: VALOR PROPUESTA, IVA INCLUIDO | E11: VALOR TECHO
B12: SISTEMA MOTOR
A13: 1 | B13: REPARACION GENERAL DE MOTOR AL OVERSIDE SIGUIENTE O ENCAMISADA SI SE REQUIERE | C13: UND | E13: 22290667
A14: 2 | B14: ANILLADA DE MOTOR INCLUYE SIPS DE CASQUETERIA, SIPS EMPAQUETADURA DE MOTOR | C14: SERV | E14: 8051333.3
A15: 3 | B15: REPARACION DE CULATA | C15: UND | E15: 6410000
A16: 4 | B16: SIPS EMPAQUE DE CULATA | C16: UND | E16: 1171666.7
A17: 5 | B17: SIPS DE GUIAS DE VÁLVULAS Y VÁLVULAS | C17: UND | E17: 1617000
A18: 6 | B18: CALIBRACION DE VALVULAS | C18: UND | E18: 214000
A19: 7 | B19: SIPS JUEGO DE IMPULSADORES HIDRAULICOS | C19: UND | E19: 2785666.7
A20: 8 | B20: SIPS JUEGO DE IMPULSADORES Y VARILLAS IMPULSORAS | C20: UND | E20: 3000666.7
A21: 9 | B21: SIPS JUEGO DE BALANCINES | C21: UND | E21: 1810000
A22: 10 | B22: RECTIFICACION CIGÜEÑAL INCLUYE SIPS CASQUETERIA | C22: SERV | E22: 1449000
A23: 11 | B23: SIPS VOLANTE | C23: UND | E23: 1534000
A24: 12 | B24: SIPS RODAMIENTO DEL VOLANTE | C24: UND | E24: 726666.67
... A47: 35 | B47: SINCRONIZACION DE MOTOR INCLUYE REPUESTOS NECESARIOS PARA UNA OPTIMA SINCRONIZACION | C47: SERV | E47: 334000
E48: 0
B49: SISTEMA ALIMENTACION AIRE/COMBUSTIBLE | E49: 0
A50: 36 | B50: CALIBRACION DE LA BOMBA DE INYECCION E INYECTORES EN BANCO DE PRUEBA | C50: SERV | E50: 3286666.7
A51: 37 | B51: SIPS GUAYA DE ACELERACION | C51: UND | E51: 726666.67
A52: 38 | B52: CALIBRACION DE LA BOMBA DE INYECCION | C52: SERV | E52: 2143000
A53: 39 | B53: CALIBRACION JUEGO DE INYECTORES | C53: SERV | E53: 1143333.3
A54: 40 | B54: LAVADA JUEGO DE INYECTORES POR ULTRASONIDO INCLUYE SIPS DE FILTROS DE INYECTORES Y ORINGS | C54: SERV | E54: 1072000
A55: 41 | B55: SIPS DE UN INYECTOR INCLUYE INSTALACION | C55: UND | E55: 837000
A56: 42 | B56: REPARACION DEL TURBO | C56: SERV | E56: 6573000
A57: 43 | B57: SIPS PESCADOR TANQUE DE COMBUSTIBLE | C57: =IF(COUNTIF(B57,"SIPS*"),"UND ","SERV") -> UND | E57: 318000
A58: 44 | B58: LIMPIEZA CUERPO DE ACELERACION Y VALVULA IAC | C58: SERV | E58: 614333.33
A59: 45 | B59: SIPS MARIPOSAS DEL CARBURADOR | C59: UND | E59: 771666.67
A60: 46 | B60: SIPS EMPAQUETADURA DE CARBURADOR | C60: UND | E60: 443000
A61: 47 | B61: SAMBLASTEO MULTIPLE DE ADMISION | C61: SERV | E61: 391666.67
A62: 48 | B62: LAVADA TANQUE DE COMBUSTIBLE | C62: SERV | E62: 459666.67
A63: 49 | B63: SIPS JUEGO DE FILTROS DE COMBUSTIBLE | C63: UND | E63: 97666.667
A64: 50 | B64: SIPS REGULADOR DE PRESION DE COMBUSTIBLE | C64: UND | E64: 779333.33
A65: 51 | B65: SIPS RIEL DE INYECTORES | C65: UND | E65: 1337666.7
A66: 52 | B66: SIPS JUEGO DE FILTROS DE AIRE | C66: UND | E66: 115666.67
A67: 53 | B67: SIPS SENSOR MAP | C67: UND | E67: 658333.33
A68: 54 | B68: SIPS SENSOR MAF | C68: UND | E68: 551333.33
A69: 55 | B69: SIPS SENSOR IAT | C69: UND | E69: 683666.67
... A80: 66 | B80: SIPS TUBO DE ADMISION DEL FILTRO AL CUERPO DE ACELERACION O CARBURADOR | C80: UND | E80: 459666.67
E81: 0
B82: SISTEMA DE ESCAPE | E82: 0
A83: 67 | B83: REPARACION DE SILENCIADOR | C83: SERV | E83: 307666.67
A84: 68 | B84: REPARACION TUBO DE ESCAPE | C84: SERV | E84: 222666.67
A85: 69 | B85: SIPS DE SILINCIADOR | C85: UND | E85: 976666.67
A86: 70 | B86: SIPS FLEXIBLE DEL ESCAPE | C86: UND | E86: 237333.33
A87: 71 | B87: SIPS EMPAQUES O ANILLOS MULTIPLE DE ESCAPE | C87: UND | E87: 280333.33
A88: 72 | B88: SIPS CATALIZADOR | C88: UND | E88: 1059666.7
E89: 0
B90: SISTEMA DE LUBRICACION | E90: 0
A91: 73 | B91: GALON DE ACEITE DE MOTOR 20W50 | C91: UND | E91: 191000
A92: 74 | B92: CUARTO DE ACEITE DE MOTOR 20W50 | C92: UND | E92: 47333.333
A93: 75 | B93: CUARTO DE ACEITE DE CAJA HIDRAULICA ATF | C93: UND | E93: 89333.333
A94: 76 | B94: CUARTO DE ACEITE DE CAJA DE VELOCIDADES 80W90 | C94: UND | E94: 42000
A95: 77 | B95: CUARTO DE ACEITE DE TRANSMISION 85W 140 | C95: UND | E95: 42000
A96: 78 | B96: POTE DE GRASA ALTA TEMPERATURA | C96: UND | E96: 35666.667
A97: 79 | B97: ADITIVO ANTIFRICCION | C97: UND | E97: 180333.33
A98: 80 | B98: ADITIVO DE LUBRICACION | C98: UND | E98: 34666.667
A99: 81 | B99: ADITIVO DE CAJA O TRANSMISION | C99: UND | E99: 30666.667
A100: 82 | B100: ADITIVO DE RODILLERIA | C100: UND | E100: 30666.667
A101: 83 | B101: SIPS LIQUIDO DE CLUTCH SL | C101: UND | E101: 169000
A102: 84 | B102: SIPS LIQUIDO DE FRENOS DOT 4 | C102: UND | E102: 113333.33
... A113: 95 | B113: SIPS TAPA GRASERA | C113: SERV | E113: 35666.667
E114: 0
B115: SISTEMA REFRIGERACION | E115: 0
A116: 96 | B116: SONDEADA DE RADIADOR | C116: SERV | E116: 391666.67
A117: 97 | B117: REPARACION DE RADIADOR INCLUYE PINTADA DONDE APLIQUE | C117: SERV | E117: 530000
A118: 98 | B118: LAVADA DEL INTERCOOLER | C118: SERV | E118: 293000
A119: 99 | B119: SIPS DE REFRIGERANTE MOTOR POR CUARTOS ALTA CALIDAD | C119: UND | E119: 38666.667
A120: 100 | B120: SIPS BOMBA DE AGUA | C120: UND | E120: 963000
A121: 101 | B121: SIPS MANGUERA SUPERIOR RADIADOR | C121: UND | E121: 348666.67
A122: 102 | B122: SIPS MANGUERA INFERIOR RADIADOR | C122: UND | E122: 431666.67
A123: 103 | B123: SIPS MANGUERA DE CALEFACCION | C123: UND | E123: 459666.67
A124: 104 | B124: SIPS SENSOR DE TEMPERATURA | C124: UND | E124: 307666.67
A125: 105 | B125: SIPS DE RADIADOR | C125: UND | E125: 1756666.7
A126: 106 | B126: SIPS DEL TERMOSTATO | C126: UND | E126: 445000
A127: 107 | B127: SIPS DEL MOTOVENTILADOR | C127: UND | E127: 928333.33
... A129: 109 | B129: SIPS DEL DEPOSITO AUXILIAR DE REFRIGERANTE MOTOR | C129: UND | E129: 445000
E130: 0
B131: SISTEMA DE DIRECCION | E131: 0
A132: 110 | B132: ALINEACION Y BALANCEO DE TODAS LAS RUEDAS | C132: SERV | E132: 172333.33
A133: 111 | B133: ALINEACION | C133: SERV | E133: 86000
A134: 112 | B134: BALANCEO | C134: SERV | E134: 86000
A135: 113 | B135: SIPS DE CINTILLA DEL SISTEMA AIR-BAG | C135: UND | E135: 1171666.7
A136: 114 | B136: SIPS DE TODOS LOS TERMINALES DE DIRECCION | C136: UND | E136: 1252666.7
A137: 115 | B137: SIPS DE UN TERMINAL DE DIRECCION | C137: UND | E137: 263666.67
A138: 116 | B138: SIPS DE TODOS LOS BRAZOS DE DIRECCION | C138: UND | E138: 1617000
A139: 117 | B139: SIPS DE UN BRAZO DE DIRECCION | C139: UND | E139: 598333.33
A140: 118 | B140: SIPS CAÑA DE DIRECCION INCLUYENDO CRUCETAS Y RODAMIENTOS | C140: UND | E140: 1365000
A141: 119 | B141: SIPS BRAZO PITMAN | C141: UND | E141: 753000
A142: 120 | B142: SIPS BIELA DE DIRECCION | C142: UND | E142: 445000
A143: 121 | B143: SIPS BARRA DE DIRECCION | C143: UND | E143: 657333.33
... A159: 137 | B159: SIPS DE UN BOCIN | C159: UND | E159: 1100333.3
E160: 0
B161: SISTEMA DE FRENOS | E161: 0
A162: 138 | B162: REMACHADA DE BANDAS TRASERAS DE DOS RUEDAS | C162: SERV | E162: 556666.67
A163: 139 | B163: REMACHADA DE BANDAS DELANTERAS DE DOS RUEDAS | C163: SERV | E163: 585666.67
A164: 140 | B164: RECTIFICADA DE CAMPANA DE UNA RUEDA | C164: SERV | E164: 217333.33
A165: 141 | B165: RECTIFICADA DE DISCO DE UNA RUEDA | C165: SERV | E165: 217333.33
...

Sheet TRAFIC
B7: MUNICIPIO DE EL CARMEN DE VIBORAL
B9: VEHICULO COTIZADO:
A10: CAMIONETA RENAULT TRAFIC 2.0 PLACA: OCI 941
A11: ITEM | B11: SERVICIO REQUERIDO | C11: UNIDAD DE MEDIDA | D11: VALOR PROPUESTA, IVA INCLUIDO | E11: VALOR TECHO
B12: SISTEMA MOTOR
A13: 1 | B13: REPARACION GENERAL DE MOTOR AL OVERSIDE SIGUIENTE O ENCAMISADA SI SE REQUIERE | C13: UND | E13: 24518667
A14: 2 | B14: ANILLADA DE MOTOR INCLUYE SIPS DE CASQUETERIA, SIPS EMPAQUETADURA DE MOTOR | C14: SERV | E14: 8857666.7
A15: 3 | B15: REPARACION DE CULATA | C15: UND | E15: 7051666.7
A16: 4 | B16: SIPS EMPAQUE DE CULATA | C16: UND | E16: 1288333.3
A17: 5 | B17: SIPS DE GUIAS DE VÁLVULAS Y VÁLVULAS | C17: UND | E17: 1780000
A18: 6 | B18: CALIBRACION DE VALVULAS | C18: UND | E18: 236333.33
A19: 7 | B19: SIPS JUEGO DE IMPULSADORES HIDRAULICOS | C19: UND | E19: 3065000
A20: 8 | B20: SIPS JUEGO DE IMPULSADORES Y VARILLAS IMPULSORAS | C20: UND | E20: 3301333.3
A21: 9 | B21: SIPS JUEGO DE BALANCINES | C21: UND | E21: 1992000
A22: 10 | B22: RECTIFICACION CIGÜEÑAL INCLUYE SIPS CASQUETERIA | C22: SERV | E22: 1593000
A23: 11 | B23: SIPS VOLANTE | C23: UND | E23: 1685000
A24: 12 | B24: SIPS RODAMIENTO DEL VOLANTE | C24: UND | E24: 799000
... A46: 34 | B46: SCANEO | C46: SERV | E46: 185000
E47: 0
B48: SISTEMA ALIMENTACION AIRE/COMBUSTIBLE | E48: 0
A49: 35 | B49: CALIBRACION DE LA BOMBA DE INYECCION E INYECTORES EN BANCO DE PRUEBA | C49: SERV | E49: 3615333.3
A50: 36 | B50: SIPS GUAYA DE ACELERACION | C50: UND | E50: 799000
A51: 37 | B51: CALIBRACION DE LA BOMBA DE INYECCION | C51: SERV | E51: 2357333.3
A52: 38 | B52: CALIBRACION JUEGO DE INYECTORES | C52: SERV | E52: 1257000
A53: 39 | B53: LAVADA JUEGO DE INYECTORES POR ULTRASONIDO INCLUYE SIPS DE FILTROS DE INYECTORES Y ORINGS | C53: SERV | E53: 1178000
A54: 40 | B54: SIPS DE UN INYECTOR INCLUYE INSTALACION | C54: UND | E54: 922000
A55: 41 | B55: REPARACION DEL TURBO | C55: SERV | E55: 7230333.3
A56: 42 | B56: SIPS PESCADOR TANQUE DE COMBUSTIBLE | C56: =IF(COUNTIF(B56,"SIPS*"),"UND ","SERV") -> UND | E56: 257333.33
A57: 43 | B57: LIMPIEZA CUERPO DE ACELERACION Y VALVULA IAC | C57: SERV | E57: 676333.33
A58: 44 | B58: SIPS MARIPOSAS DEL CARBURADOR | C58: UND | E58: 849666.67
A59: 45 | B59: SIPS EMPAQUETADURA DE CARBURADOR | C59: UND | E59: 487333.33
A60: 46 | B60: SAMBLASTEO MULTIPLE DE ADMISION | C60: SERV | E60: 430666.67
A61: 47 | B61: LAVADA TANQUE DE COMBUSTIBLE | C61: SERV | E61: 506000
A62: 48 | B62: SIPS JUEGO DE FILTROS DE COMBUSTIBLE | C62: UND | E62: 107000
A63: 49 | B63: SIPS REGULADOR DE PRESION DE COMBUSTIBLE | C63: UND | E63: 859000
A64: 50 | B64: SIPS RIEL DE INYECTORES | C64: UND | E64: 1472000
A65: 51 | B65: SIPS JUEGO DE FILTROS DE AIRE | C65: UND | E65: 81000
A66: 52 | B66: SIPS SENSOR MAP | C66: UND | E66: 724333.33
A67: 53 | B67: SIPS SENSOR MAF | C67: UND | E67: 608000
A68: 54 | B68: SIPS SENSOR IAT | C68: UND | E68: 750666.67
... A79: 65 | B79: SIPS TUBO DE ADMISION DEL FILTRO AL CUERPO DE ACELERACION O CARBURADOR | C79: UND | E79: 506000
E80: 0
B81: SISTEMA DE ESCAPE | E81: 0
A82: 66 | B82: REPARACION DE SILENCIADOR | C82: SERV | E82: 338000
A83: 67 | B83: REPARACION TUBO DE ESCAPE | C83: SERV | E83: 244666.67
A84: 68 | B84: SIPS DE SILINCIADOR | C84: UND | E84: 1073000
A85: 69 | B85: SIPS FLEXIBLE DEL ESCAPE | C85: UND | E85: 262666.67
A86: 70 | B86: SIPS EMPAQUES O ANILLOS MULTIPLE DE ESCAPE | C86: UND | E86: 308666.67
A87: 71 | B87: SIPS CATALIZADOR | C87: UND | E87: 1165666.7
E88: 0
B89: SISTEMA DE LUBRICACION | E89: 0
A90: 72 | B90: GALON DE ACEITE DE MOTOR 15W40 | C90: UND | E90: 191000
A91: 73 | B91: CUARTO DE ACEITE DE MOTOR 15W40 | C91: UND | E91: 47333.333
A92: 74 | B92: CUARTO DE ACEITE DE CAJA HIDRAULICA ATF | C92: UND | E92: 89333.333
A93: 75 | B93: CUARTO DE ACEITE DE CAJA DE VELOCIDADES 80W90 | C93: UND | E93: 42000
A94: 76 | B94: CUARTO DE ACEITE DE TRANSMISION 85W 140 | C94: UND | E94: 42000
A95: 77 | B95: POTE DE GRASA ALTA TEMPERATURA | C95: UND | E95: 35666.667
A96: 78 | B96: ADITIVO ANTIFRICCION | C96: UND | E96: 180333.33
A97: 79 | B97: ADITIVO DE LUBRICACION | C97: UND | E97: 34666.667
A98: 80 | B98: ADITIVO DE CAJA O TRANSMISION | C98: UND | E98: 30666.667
A99: 81 | B99: ADITIVO DE RODILLERIA | C99: UND | E99: 30666.667
A100: 82 | B100: SIPS LIQUIDO DE CLUTCH SL | C100: UND | E100: 169000
A101: 83 | B101: SIPS LIQUIDO DE FRENOS DOT 4 | C101: UND | E101: 113333.33
... A112: 94 | B112: SIPS TAPA GRASERA | C112: SERV | E112: 41000
E113: 0
B114: SISTEMA REFRIGERACION | E114: 0
A115: 95 | B115: SONDEADA DE RADIADOR | C115: SERV | E115: 430666.67
A116: 96 | B116: REPARACION DE RADIADOR INCLUYE PINTADA DONDE APLIQUE | C116: SERV | E116: 582666.67
A117: 97 | B117: LAVADA DEL INTERCOOLER | C117: SERV | E117: 323333.33
A118: 98 | B118: SIPS DE REFRIGERANTE MOTOR POR CUARTOS ALTA CALIDAD | C118: UND | E118: 38666.667
A119: 99 | B119: SIPS BOMBA DE AGUA | C119: UND | E119: 1057333.3
A120: 100 | B120: SIPS MANGUERA SUPERIOR RADIADOR | C120: UND | E120: 383333.33
A121: 101 | B121: SIPS MANGUERA INFERIOR RADIADOR | C121: UND | E121: 474666.67
A122: 102 | B122: SIPS MANGUERA DE CALEFACCION | C122: UND | E122: 506000
A123: 103 | B123: SIPS SENSOR DE TEMPERATURA | C123: UND | E123: 338000
A124: 104 | B124: SIPS DE RADIADOR | C124: UND | E124: 1932000
A125: 105 | B125: SIPS DEL TERMOSTATO | C125: UND | E125: 490333.33
A126: 106 | B126: SIPS DEL MOTOVENTILADOR | C126: UND | E126: 1021666.7
... A128: 108 | B128: SIPS DEL DEPOSITO AUXILIAR DE REFRIGERANTE MOTOR | C128: UND | E128: 490333.33
E129: 0
B130: SISTEMA DE DIRECCION | E130: 0
A131: 109 | B131: ALINEACION Y BALANCEO DE TODAS LAS RUEDAS | C131: SERV | E131: 189000
A132: 110 | B132: ALINEACION | C132: SERV | E132: 93333.333
A133: 111 | B133: BALANCEO | C133: SERV | E133: 93333.333
A134: 112 | B134: SIPS DE CINTILLA DEL SISTEMA AIR-BAG | C134: UND | E134: 1288333.3
A135: 113 | B135: SIPS DE TODOS LOS TERMINALES DE DIRECCION | C135: UND | E135: 1379666.7
A136: 114 | B136: SIPS DE UN TERMINAL DE DIRECCION | C136: UND | E136: 287666.67
A137: 115 | B137: SIPS DE TODOS LOS BRAZOS DE DIRECCION | C137: UND | E137: 1780000
A138: 116 | B138: SIPS DE UN BRAZO DE DIRECCION | C138: UND | E138: 658333.33
A139: 117 | B139: SIPS CAÑA DE DIRECCION INCLUYENDO CRUCETAS Y RODAMIENTOS | C139: UND | E139: 1501666.7
A140: 118 | B140: SIPS BRAZO PITMAN | C140: UND | E140: 829333.33
A141: 119 | B141: SIPS BIELA DE DIRECCION | C141: UND | E141: 490333.33
A142: 120 | B142: SIPS BARRA DE DIRECCION | C142: UND | E142: 723333.33
... A158: 136 | B158: SIPS DE UN BOCIN | C158: UND | E158: 1209666.7
E159: 0
B160: SISTEMA DE FRENOS | E160: 0
A161: 137 | B161: REMACHADA DE BANDAS TRASERAS DE DOS RUEDAS | C161: SERV | E161: 613333.33
A162: 138 | B162: REMACHADA DE BANDAS DELANTERAS DE DOS RUEDAS | C162: SERV | E162: 643666.67
A163: 139 | B163: RECTIFICADA DE CAMPANA DE UNA RUEDA | C163: SERV | E163: 238333.33
A164: 140 | B164: RECTIFICADA DE DISCO DE UNA RUEDA | C164: SERV | E164: 238333.33
...

Sheet NPR
B7: MUNICIPIO DE EL CARMEN DE VIBORAL
B9: VEHICULO COTIZADO:
A10: CAMIÓN GRÚA CHEVROLET NPR PLACA: OJZ 228
A11: ITEM | B11: SERVICIO REQUERIDO | C11: UNIDAD DE MEDIDA | D11: VALOR PROPUESTA, IVA INCLUIDO | E11: VALOR TECHO
B12: SISTEMA MOTOR
A13: 1 | B13: SIPS KIT DE REPARACION DE MOTOR; JUEGO PISTONES, JUEGO ANILLOS, JUEGO BULONES Y SEGUROS PISTONES, JUEGO CAMISAS, JUEGO CASQUETES BANCADA, JUEGO CASQUETES BIELA, JUEGO AXIALES, JUEGO BUJES BIELA, JUEGO BUJES LEVA, JUEGO RETENEDORES MOTOR, JUEGO EMPAQUES MOTOR | C13: =IF(COUNTIF(B13,"SIPS*"),"UND ","SERV") -> UND | E13: 26115500
A14: 2 | B14: ANILLADA DE MOTOR INCLUYE SIPS DE CASQUETERIA, SIPS EMPAQUETADURA DE MOTOR | C14: =IF(COUNTIF(B14,"SIPS*"),"UND ","SERV") -> SERV | E14: 12303867
A15: 3 | B15: SIPS KIT DE REPARACION CULATA; JUEGO VALVULAS AD, JUEGO VALVULAS EX, JUEGO GUIAS EX, JUEGO GUIAS AD, JUEGO ASIENTOS AD. JUEGO ASIENTOS EX, JUEGO INPULSADORES VALVULAS, JUEGO GORROS VALVULAS | C15: =IF(COUNTIF(B15,"SIPS*"),"UND ","SERV") -> UND | E15: 12483333
A16: 4 | B16: SIPS EMPAQUE DE CULATA | C16: =IF(COUNTIF(B16,"SIPS*"),"UND ","SERV") -> UND | E16: 1855333.3
A17: 5 | B17: SIPS DE GUIAS DE VALVULAS Y VALVULAS | C17: =IF(COUNTIF(B17,"SIPS*"),"UND ","SERV") -> UND | E17: 2460300
A18: 6 | B18: SIPS JUEGO DE IMPULSADORES HIDRAULICOS | C18: =IF(COUNTIF(B18,"SIPS*"),"UND ","SERV") -> UND | E18: 6418733.3
A19: 7 | B19: SIPS JUEGO DE BALANCINES | C19: =IF(COUNTIF(B19,"SIPS*"),"UND ","SERV") -> UND | E19: 5351900
A20: 8 | B20: RECTIFICACION CIGÜEÑAL INCLUYE SIPS CASQUETERIA | C20: =IF(COUNTIF(B20,"SIPS*"),"UND ","SERV") -> SERV | E20: 5351900
A21: 9 | B21: SIPS VOLANTE | C21: =IF(COUNTIF(B21,"SIPS*"),"UND ","SERV") -> UND | E21: 4991633.3
A22: 10 | B22: SIPS RODAMIENTO DEL VOLANTE | C22: =IF(COUNTIF(B22,"SIPS*"),"UND ","SERV") -> UND | E22: 1997066.7
A23: 11 | B23: SIPS CREMALLERA DEL VOLANTE | C23: =IF(COUNTIF(B23,"SIPS*"),"UND ","SERV") -> UND | E23: 2852833.3
A24: 12 | B24: SIPS CORREA REPARTICION | C24: =IF(COUNTIF(B24,"SIPS*"),"UND ","SERV") -> UND | E24: 1855333.3
... A43: 31 | B43: SINCRONIZACION DE MOTOR INCLUYE REPUESTOS NECESARIOS PARA UNA OPTIMA SINCRONIZACION | C43: =IF(COUNTIF(B43,"SIPS*"),"UND ","SERV") -> SERV | E43: 713033.33
E44: 0
B45: SISTEMA ALIMENTACION AIRE/COMBUSTIBLE | E45: 0
A46: 32 | B46: CALIBRACION DE LA BOMBA DE INYECCION E INYECTORES EN BANCO DE PRUEBA | C46: =IF(COUNTIF(B46,"SIPS*"),"UND ","SERV") -> SERV | E46: 9273633.3
A47: 33 | B47: SIPS GUAYA DE ACELERACION | C47: =IF(COUNTIF(B47,"SIPS*"),"UND ","SERV") -> UND | E47: 890433.33
A48: 34 | B48: CALIBRACION DE LA BOMBA DE INYECCION | C48: =IF(COUNTIF(B48,"SIPS*"),"UND ","SERV") -> SERV | E48: 5705700
A49: 35 | B49: CALIBRACION JUEGO DE INYECTORES | C49: =IF(COUNTIF(B49,"SIPS*"),"UND ","SERV") -> SERV | E49: 4279933.3
A50: 36 | B50: LAVADA JUEGO DE INYECTORES POR ULTRASONIDO INCLUYE SIPS DE FILTROS DE INYECTORES Y ORINGS | C50: =IF(COUNTIF(B50,"SIPS*"),"UND ","SERV") -> SERV | E50: 4637833.3
A51: 37 | B51: SIPS DE UN INYECTOR INCLUYE INSTALACION | C51: =IF(COUNTIF(B51,"SIPS*"),"UND ","SERV") -> UND | E51: 3496566.7
A52: 38 | B52: REPARACION DEL TURBO | C52: =IF(COUNTIF(B52,"SIPS*"),"UND ","SERV") -> SERV | E52: 3924800
A53: 39 | B53: SIPS PESCADOR TANQUE DE COMBUSTIBLE | C53: =IF(COUNTIF(B53,"SIPS*"),"UND ","SERV") -> UND | E53: 422066.67
A54: 40 | B54: LIMPIEZA CUERPO DE ACELERACION Y VALVULA IAC | C54: =IF(COUNTIF(B54,"SIPS*"),"UND ","SERV") -> SERV | E54: 1604500
A55: 41 | B55: SAMBLASTEO MULTIPLE DE ADMISION | C55: =IF(COUNTIF(B55,"SIPS*"),"UND ","SERV") -> SERV | E55: 890433.33
A56: 42 | B56: LAVADA TANQUE DE COMBUSTIBLE | C56: =IF(COUNTIF(B56,"SIPS*"),"UND ","SERV") -> SERV | E56: 713033.33
A57: 43 | B57: SIPS JUEGO DE FILTROS DE COMBUSTIBLE | C57: =IF(COUNTIF(B57,"SIPS*"),"UND ","SERV") -> UND | E57: 162666.67
... A73: 59 | B73: SIPS TUBO DE ADMISION DEL FILTRO AL CUERPO DE ACELERACION O CARBURADOR | C73: =IF(COUNTIF(B73,"SIPS*"),"UND ","SERV") -> UND | E73: 928200
E74: 0
B75: SISTEMA DE ESCAPE | E75: 0
A76: 60 | B76: REPARACION DE SILENCIADOR | C76: =IF(COUNTIF(B76,"SIPS*"),"UND ","SERV") -> SERV | E76: 928200
A77: 61 | B77: REPARACION TUBO DE ESCAPE | C77: =IF(COUNTIF(B77,"SIPS*"),"UND ","SERV") -> SERV | E77: 856800
A78: 62 | B78: SIPS DE SILINCIADOR | C78: =IF(COUNTIF(B78,"SIPS*"),"UND ","SERV") -> UND | E78: 1925700
A79: 63 | B79: SIPS FLEXIBLE DEL ESCAPE | C79: =IF(COUNTIF(B79,"SIPS*"),"UND ","SERV") -> UND | E79: 500966.67
A80: 64 | B80: SIPS EMPAQUES O ANILLOS MULTIPLE DE ESCAPE | C80: =IF(COUNTIF(B80,"SIPS*"),"UND ","SERV") -> UND | E80: 570300
A81: 65 | B81: SIPS CATALIZADOR | C81: =IF(COUNTIF(B81,"SIPS*"),"UND ","SERV") -> UND | E81: 1356766.7
E82: 0
B83: SISTEMA DE LUBRICACION | E83: 0
A84: 66 | B84: SIPS GARRAFA DE ACEITE DE MOTOR 15W 40 | C84: UND | E84: 582666.67
A85: 67 | B85: SIPS GALON DE ACEITE DE MOTOR 15W 40 | C85: UND | E85: 191133.33
A86: 68 | B86: SIPS CUARTO DE ACEITE DE MOTOR 15W 4O | C86: UND | E86: 47366.667
A87: 69 | B87: GALON ACEITE HIDRAULICO 68 | C87: UND | E87: 131433.33
A88: 70 | B88: SIPS CUARTO DE ACEITE DE CAJA HIDRAULICA ATF | C88: UND | E88: 89233.333
A89: 71 | B89: SIPS CUARTO DE ACEITE DE CAJA DE VELOCIDADES 80W90 | C89: UND | E89: 41866.667
A90: 72 | B90: SIPS CUARTO DE ACEITE DE TRANSMISION 85W 140 | C90: UND | E90: 41866.667
A91: 73 | B91: SIPS POTE DE GRASA ALTA TEMPERATURA | C91: UND | E91: 35700
A92: 74 | B92: SIPS ADITIVO ANTIFRICCION | C92: UND | E92: 180500
A93: 75 | B93: SIPS ADITIVO DE LUBRICACION | C93: UND | E93: 34666.667
A94: 76 | B94: SIPS ADITIVO DE CAJA O TRANSMISION | C94: UND | E94: 30533.333
A95: 77 | B95: SIPS ADITIVO DE RODILLERIA | C95: UND | E95: 30533.333
... A100: 82 | B100: LIMPIA CONTACTOS | C100: UND | E100: 77566.667
A101: 83 | B101: SERVICIO DE CAMBIO DE ACEITE MOTOR NO INCLUYE EL ACEITE | C101: =IF(COUNTIF(B101,"SIPS*"),"UND ","SERV") -> SERV | E101: 42900
A102: 84 | B102: SIPS FILTRO DE ACEITE MOTOR | C102: =IF(COUNTIF(B102,"SIPS*"),"UND ","SERV") -> UND | E102: 91266.667
A103: 85 | B103: SIPS BOMBA DE ACEITE MOTOR | C103: =IF(COUNTIF(B103,"SIPS*"),"UND ","SERV") -> UND | E103: 3245400
A104: 86 | B104: SIPS SENSOR PRESION DE ACEITE MOTOR | C104: =IF(COUNTIF(B104,"SIPS*"),"UND ","SERV") -> UND | E104: 1070933.3
A105: 87 | B105: SERVICIO DE ENGRASE GENERAL | C105: =IF(COUNTIF(B105,"SIPS*"),"UND ","SERV") -> SERV | E105: 42900
A106: 88 | B106: SERVICIO DE CAMBIO DE ACEITE DE DIFERENCIAL | C106: =IF(COUNTIF(B106,"SIPS*"),"UND ","SERV") -> SERV | E106: 42900
A107: 89 | B107: SERVICIO DE CAMBIO DE ACEITE DE LA CAJA | C107: =IF(COUNTIF(B107,"SIPS*"),"UND ","SERV") -> SERV | E107: 42900
E108: 0
B109: SISTEMA REFRIGERACION | E109: 0
A110: 90 | B110: SONDEADA DE RADIADOR | C110: =IF(COUNTIF(B110,"SIPS*"),"UND ","SERV") -> SERV | E110: 890433.33
A111: 91 | B111: REPARACION DE RADIADOR INCLUYE PINTADA DONDE APLIQUE | C111: =IF(COUNTIF(B111,"SIPS*"),"UND ","SERV") -> SERV | E111: 1427100
A112: 92 | B112: LAVADA DEL INTERCOOLER | C112: =IF(COUNTIF(B112,"SIPS*"),"UND ","SERV") -> SERV | E112: 679400
A113: 93 | B113: SIPS DE REFRIGERANTE MOTOR POR CUARTOS ALTA CALIDAD | C113: =IF(COUNTIF(B113,"SIPS*"),"UND ","SERV") -> UND | E113: 38766.667
A114: 94 | B114: SIPS BOMBA DE AGUA | C114: =IF(COUNTIF(B114,"SIPS*"),"UND ","SERV") -> UND | E114: 2710100
A115: 95 | B115: SIPS MANGUERA SUPERIOR RADIADOR | C115: =IF(COUNTIF(B115,"SIPS*"),"UND ","SERV") -> UND | E115: 786466.67
A116: 96 | B116: SIPS MANGUERA INFERIOR RADIADOR | C116: =IF(COUNTIF(B116,"SIPS*"),"UND ","SERV") -> UND | E116: 679400
A117: 97 | B117: SIPS MANGUERA DE CALEFACCION | C117: =IF(COUNTIF(B117,"SIPS*"),"UND ","SERV") -> UND | E117: 589166.67
A118: 98 | B118: SIPS SENSOR DE TEMPERATURA | C118: =IF(COUNTIF(B118,"SIPS*"),"UND ","SERV") -> UND | E118: 998533.33
A119: 99 | B119: SIPS DE RADIADOR | C119: =IF(COUNTIF(B119,"SIPS*"),"UND ","SERV") -> UND | E119: 3315733.3
A120: 100 | B120: SIPS DEL TERMOSTATO | C120: =IF(COUNTIF(B120,"SIPS*"),"UND ","SERV") -> UND | E120: 890433.33
A121: 101 | B121: SIPS DE TAPA DE RADIADOR | C121: =IF(COUNTIF(B121,"SIPS*"),"UND ","SERV") -> UND | E121: 124900
A122: 102 | B122: SIPS DEL DEPOSITO AUXILIAR DE REFRIGERANTE MOTOR | C122: =IF(COUNTIF(B122,"SIPS*"),"UND ","SERV") -> UND | E122: 1070933.3
E123: 0
B124: SISTEMA DE DIRECCION | E124: 0
A125: 103 | B125: ALINEACION Y BALANCEO DE TODAS LAS RUEDAS | C125: =IF(COUNTIF(B125,"SIPS*"),"UND ","SERV") -> SERV | E125: 172266.67
A126: 104 | B126: ALINEACION | C126: =IF(COUNTIF(B126,"SIPS*"),"UND ","SERV") -> SERV | E126: 86133.333
A127: 105 | B127: BALANCEO | C127: =IF(COUNTIF(B127,"SIPS*"),"UND ","SERV") -> SERV | E127: 86133.333
A128: 106 | B128: SIPS DE CINTILLA DEL SISTEMA AIR-BAG | C128: =IF(COUNTIF(B128,"SIPS*"),"UND ","SERV") -> UND | E128: 1641233.3
A129: 107 | B129: SIPS DE TODOS LOS TERMINALES DE DIRECCION | C129: =IF(COUNTIF(B129,"SIPS*"),"UND ","SERV") -> UND | E129: 2104133.3
A130: 108 | B130: SIPS DE UN TERMINAL DE DIRECCION | C130: =IF(COUNTIF(B130,"SIPS*"),"UND ","SERV") -> UND | E130: 338000
A131: 109 | B131: SIPS DE TODOS LOS BRAZOS DE DIRECCION | C131: =IF(COUNTIF(B131,"SIPS*"),"UND ","SERV") -> UND | E131: 2493933.3
A132: 110 | B132: SIPS DE UN BRAZO DE DIRECCION | C132: =IF(COUNTIF(B132,"SIPS*"),"UND ","SERV") -> UND | E132: 765533.33
A133: 111 | B133: SIPS CAÑA DE DIRECCION INCLUYENDO CRUCETAS Y RODAMIENTOS | C133: =IF(COUNTIF(B133,"SIPS*"),"UND ","SERV") -> UND | E133: 1249366.7
A134: 112 | B134: SIPS BRAZO PITMAN | C134: =IF(COUNTIF(B134,"SIPS*"),"UND ","SERV") -> UND | E134: 963866.67
A135: 113 | B135: SIPS BIELA DE DIRECCION | C135: =IF(COUNTIF(B135,"SIPS*"),"UND ","SERV") -> UND | E135: 786466.67
A136: 114 | B136: SIPS DE LA CAJA DE DIRECCION | C136: =IF(COUNTIF(B136,"SIPS*"),"UND ","SERV") -> UND | E136: 8326566.7
... A148: 126 | B148: SIPS DE UN BOCIN | C148: =IF(COUNTIF(B148,"SIPS*"),"UND ","SERV") -> UND | E148: 1409266.7
E149: 0
B150: SISTEMA DE FRENOS | E150: 0
A151: 127 | B151: REMACHADA DE BANDAS TRASERAS DE DOS RUEDAS | C151: =IF(COUNTIF(B151,"SIPS*"),"UND ","SERV") -> SERV | E151: 856800
A152: 128 | B152: RECTIFICADA DE CAMPANA DE UNA RUEDA | C152: =IF(COUNTIF(B152,"SIPS*"),"UND ","SERV") -> SERV | E152: 343466.67
A153: 129 | B153: RECTIFICADA DE DISCO DE UNA RUEDA | C153: =IF(COUNTIF(B153,"SIPS*"),"UND ","SERV") -> SERV | E153: 343466.67
A154: 130 | B154: SIPS DE BANDAS DE DOS RUEDAS | C154: =IF(COUNTIF(B154,"SIPS*"),"UND ","SERV") -> UND | E154: 1455233.3
A155: 131 | B155: SIPS DE CAMPANA DE UNA RUEDA | C155: =IF(COUNTIF(B155,"SIPS*"),"UND ","SERV") -> UND | E155: 986866.67
...

Sheet CARGUERO
B7: MUNICIPIO DE EL CARMEN DE VIBORAL
B9: MOTOCICLETAS COTIZADAS:
A10: MOTOCARGUERO AKT200 PLACAS: 506ADH, 511ADH, 512ADH
A11: ITEM | B11: DESCRIPCION | C11: UNIDAD DE MEDIDA | D11: VALOR PROPUESTA, IVA INCLUIDO | E11: VALOR TECHO
B12: SISTEMA MOTOR
A13: 1 | B13: SIPS KIT REPARACION GENERAL DE MOTOR ; PISTON, ANILLOS, CAMISA, VIELA, SIGUEÑAL Y EMPAQUETADURA | C13: UND | E13: 5658333.3
A14: 2 | B14: SIPS CULATA | C14: UND | E14: 1507666.7
A15: 3 | B15: SIPS EMPAQUE DE CULATA | C15: UND | E15: 272000
A16: 4 | B16: SIPS JUEGO PISTON DE MOTOR | C16: UND | E16: 1320666.7
A17: 5 | B17: SIPS JUEGO DE ANILLOS DE MOTOR | C17: UND | E17: 906333.33
A18: 6 | B18: SIPS VIELA DE MOTOR | C18: UND | E18: 1131000
A19: 7 | B19: SIPS SIGUEÑAL DE MOTOR | C19: UND | E19: 1698000
A20: 8 | B20: SIPS RODAMIENTOS SIGUEÑAL DE MOTOR | C20: UND | E20: 924000
A21: 9 | B21: SIPS EMPAQUETADURA DE MOTOR | C21: UND | E21: 471333.33
A22: 10 | B22: SIPS CILINDRO MOTOR | C22: UND | E22: 1887000
A23: 11 | B23: SIPS CADENA REPARTICION | C23: UND | E23: 1320666.7
A24: 12 | B24: SIPS TENSOR CADENA REPARTICION | C24: UND | E24: 1131000
... A35: 23 | B35: SINCRONIZACION DE MOTOR INCLUYE REPUESTOS NECESARIOS PARA UNA OPTIMA SINCRONIZACION | C35: SERV | E35: 340000
E36: 0
B37: SISTEMA ALIMENTACION AIRE/COMBUSTIBLE | E37: 0
A38: 24 | B38: SERVICIO LIMPIEZA CUERPO ACELERACION | C38: SERV | E38: 172333.33
A39: 25 | B39: SIPS CUERPO DE ACELERACION | C39: UND | E39: 755000
A40: 26 | B40: SIPS DE GUAYA DE ACELERADOR | C40: UND | E40: 377000
A41: 27 | B41: SIPS TANQUE DE COMBUSTIBLE | C41: UND | E41: 1698000
A42: 28 | B42: SIPS TAPA DE TANQUE DE COMBUSTIBLE | C42: UND | E42: 566000
A43: 29 | B43: SIPS LLAVE DE TANQUE DE COMBUSTIBLE | C43: UND | E43: 471333.33
A44: 30 | B44: SIPS EMPAQUE LLAVE DE TANQUE DE COMBUSTIBLE | C44: UND | E44: 151333.33
A45: 31 | B45: SIPS TORNILLOS LLAVE DE TANQUE DE COMBUSTIBLE | C45: UND | E45: 131333.33
A46: 32 | B46: SIPS REGULADOR DE PRESION DE COMBUSTIBLE | C46: UND | E46: 471333.33
A47: 33 | B47: SIPS FLOTADOR Y MECANISMOS DE INDICACION DE NIVEL DE COMBUSTIBLE | C47: UND | E47: 659666.67
A48: 34 | B48: SIPS MANGUERA DE COMBUSTIBLE | C48: UND | E48: 93333.333
A49: 35 | B49: SIPS DE UNA MANGUERA DE VACIO | C49: UND | E49: 85000
... A59: 45 | B59: SIPS TORQUE | C59: UND | E59: 377000
E60: 0
B61: SISTEMA DE ESCAPE | E61: 0
A62: 46 | B62: ARREGLO DE SILENCIADOR | C62: UND | E62: 447333.33
A63: 47 | B63: ARREGLO TUBO DE ESCAPE | C63: UND | E63: 223666.67
A64: 48 | B64: SIPS EMPAQUES O ANILLOS MULTIPLE DE ESCAPE | C64: UND | E64: 185000
A65: 49 | B65: SIPS ESCAPE COMPLETO | C65: UND | E65: 1785000
A66: 50 | B66: SIPS TORNILLOS DE ESCAPE | C66: UND | E66: 131333.33
A67: 51 | B67: SIPS TORNILLO SOPORTE DE ESCAPE | C67: UND | E67: 113333.33
E68: 0
B69: SISTEMA DE LUBRICACION | E69: 0
A70: 52 | B70: SIPS DE LA BOMBA DE ACEITE | C70: UND | E70: 866333.33
A71: 53 | B71: SIPS TORNILLOS DE LA BOMBA DE ACEITE | C71: UND | E71: 151333.33
A72: 54 | B72: SERVICIO DE CAMBIO DE ACEITE NO INCLUYE EL ACEITE | C72: UND | E72: 24000
A73: 55 | B73: SIPS FILTRO DE ACEITE | C73: UND | E73: 69333.333
A74: 56 | B74: SERVICIO DE CAMBIO DE ACEITE MOTOR INCLUYENDO EL ACEITE | C74: SERV | E74: 173333.33
A75: 57 | B75: SIPS CAMBIO ACEITE DE LA CAJA | C75: SERV | E75: 139666.67
E76: 0
B77: SISTEMA DE REFRIGERANCION | E77: 0
A78: 58 | B78: SIPS TANQUE DE RADIADOR | C78: UND | E78: 1020333.3
A79: 59 | B79: SIPS RADIADOR REFRIGERACION MOTOR | C79: UND | E79: 2357333.3
A80: 60 | B80: SIPS BOQUILLA DE RADIADOR | C80: UND | E80: 598333.33
A81: 61 | B81: SERVICIO REPARACION Y SONDEADA DE RADIADOR | C81: SERV | E81: 357000
A82: 62 | B82: SIPS TAPA DE RADIADOR | C82: UND | E82: 88333.333
A83: 63 | B83: SIPS BOMBA DE AGUA | C83: UND | E83: 1188666.7
A84: 64 | B84: SIPS KIT DE REPARACION BOMBA DE AGUA | C84: UND | E84: 592333.33
A85: 65 | B85: SIPS MANGUERA DE RADIADOR | C85: UND | E85: 148000
A86: 66 | B86: SIPS MANGUERA SISTEMA DE REFRIGERACION | C86: UND | E86: 128000
E87: 0
B88: SISTEMA DE DIRECCION | E88: 0
A89: 67 | B89: SIPS DE COJINETES DE DIRECCION | C89: UND | E89: 849666.67
A90: 68 | B90: SIPS HORQUILLA DE DIRECCION | C90: UND | E90: 2263666.7
A91: 69 | B91: SIPS BARRAS DE DIRECCION | C91: UND | E91: 2263666.7
A92: 70 | B92: SIPS RETENEDORES DE BARRAS DE DIRECCION | C92: UND | E92: 906333.33
A93: 71 | B93: SIPS BOTELLAS DE BARRAS DE DIRECCION | C93: UND | E93: 2640666.7
A94: 72 | B94: SIPS MANUBRIO DE DIRECCION | C94: UND | E94: 471333.33
A95: 73 | B95: SIPS MANGOS MANUBRIO DE DIRECCION | C95: UND | E95: 189000
A96: 74 | B96: SIPS DE TODOS LOS RODAMIENTOS DE RUEDA DELANTERA INCLUYE RETENEDORES | C96: UND | E96: 415000
A97: 75 | B97: SIPS EJE RUEDA DELANTERA | C97: UND | E97: 131333.33
A98: 76 | B98: SIPS TUERCA RUEDA DELANTERA | C98: UND | E98: 36666.667
A99: 77 | B99: SIPS DE TODOS LOS RODAMIENTOS DE RUEDA TRASERA INCLUYE RETENEDORES | C99: UND | E99: 415000
E100: 0
B101: SISTEMA DE FRENOS | E101: 0
A102: 78 | B102: SIPS DE MANILAR DE FRENO | C102: UND | E102: 131333.33
A103: 79 | B103: SIPS PALANCA INFERIO DE FRENO | C103: UND | E103: 377000
A104: 80 | B104: SIPS PASADOR PALANCA INFERIO DE FRENO | C104: UND | E104: 113333.33
A105: 81 | B105: SIPS MORDAZA DE FRENO DELANTERO | C105: UND | E105: 906333.33
A106: 82 | B106: SIPS CALIPER MORDAZA DE FRENO DELANTERO | C106: UND | E106: 264666.67
A107: 83 | B107: SIPS DISCO DE FRENO DELANTERO | C107: UND | E107: 1207666.7
A108: 84 | B108: SIPS DE CAMPANA DE FRENO DELANTERA | C108: UND | E108: 943000
A109: 85 | B109: SIPS DE CAMPANA DE FRENO TRASERA | C109: UND | E109: 943000
A110: 86 | B110: SIPS PASTILLAS DE FRENO DELANTERAS | C110: UND | E110: 264666.67
A111: 87 | B111: SIPS BANDAS DE FRENOS TRASEROS | C111: UND | E111: 264666.67
A112: 88 | B112: SIPS CONJUNTO EJE LEVA Y PALANCA ABRE BANDAS | C112: UND | E112: 377000
A113: 89 | B113: SIPS DE GUAYA DE FRENOS TRASEROS | C113: UND | E113: 755000
... A125: 101 | B125: SIPS TERMINAL GUAYA FRENO DE MANO | C125: UND | E125: 113333.33
E126: 0
B127: SISTEMA DE SUSPENSION | E127: 0
A128: 102 | B128: SIPS DE COJINETES DE DIRECCION | C128: UND | E128: 584666.67
A129: 103 | B129: ALINEACION BARRAS DE DIRECCION Y SIPS DE AMPAQUETADURA | C129: SERV | E129: 891333.33
A130: 104 | B130: SIPS MANUBRIO DE DIRECCION | C130: UND | E130: 222666.67
A131: 105 | B131: SIPS MANGOS MANUBRIO DE DIRECCION | C131: UND | E131: 137666.67
A132: 106 | B132: REPARACION TELESCOPICOS | C132: SERV | E132: 976666.67
A133: 107 | B133: SIPS DE TODOS LOS RODAMIENTOS DE RUEDA DELANTERA INCLUYE RETENEDORES | C133: UND | E133: 249666.67
A134: 108 | B134: SIPS DE TODOS LOS RODAMIENTOS DE RUEDA TRASERA INCLUYE RETENEDORES | C134: UND | E134: 307666.67
A135: 109 | B135: SIPS 2 BARRAS TELESCOPICOS (incluye dos retenedores, aceite hidráulico y mano de obra.) | C135: UND | E135: 1365000
A136: 110 | B136: SIPS RESORTE PRINCIPAL DE MUELLE | C136: UND | E136: 655000
A137: 111 | B137: SIPS RESORTE SECUNDARIO DE MUELLE | C137: UND | E137: 571333.33
...

Sheet AKT 150TT
B7: MUNICIPIO DE EL CARMEN DE VIBORAL
B9: MOTOCICLETAS COTIZADAS:
A10: MOTOCICLETA AKT 150TT PLACAS: FFV 89C, FFV 90C, FFV 91C, FFV 92C
A11: ITEM | B11: DESCRIPCION | C11: UNIDAD DE MEDIDA | D11: VALOR PROPUESTA, IVA INCLUIDO | E11: VALOR TECHO
B12: SISTEMA MOTOR
A13: 1 | B13: SIPS KIT REPARACION GENERAL DE MOTOR ; PISTON, ANILLOS, CAMISA, VIELA, SIGUEÑAL Y EMPAQUETADURA | C13: UND | E13: 4951666.7
A14: 2 | B14: SIPS CULATA | C14: UND | E14: 1320666.7
A15: 3 | B15: SIPS EMPAQUE DE CULATA | C15: UND | E15: 239666.67
A16: 4 | B16: SIPS JUEGO PISTON DE MOTOR | C16: UND | E16: 1155000
A17: 5 | B17: SIPS JUEGO DE ANILLOS DE MOTOR | C17: UND | E17: 792666.67
A18: 6 | B18: SIPS VIELA DE MOTOR | C18: UND | E18: 991333.33
A19: 7 | B19: SIPS SIGUEÑAL DE MOTOR | C19: UND | E19: 1484666.7
A20: 8 | B20: SIPS RODAMIENTOS SIGUEÑAL DE MOTOR | C20: UND | E20: 808333.33
A21: 9 | B21: SIPS EMPAQUETADURA DE MOTOR | C21: UND | E21: 413666.67
A22: 10 | B22: SIPS CILINDRO MOTOR | C22: UND | E22: 1650333.3
A23: 11 | B23: SIPS CADENA REPARTICION | C23: UND | E23: 1155000
A24: 12 | B24: SIPS TENSOR CADENA REPARTICION | C24: UND | E24: 991333.33
... A36: 24 | B36: REVISION TECNICOMECANICA Y DE GASES | C36: SERV | E36: 310000
E37: 0
B38: SISTEMA ALIMENTACION AIRE/COMBUSTIBLE | E38: 0
A39: 25 | B39: SERVICIO LIMPIEZA CUERPO ACELERACION | C39: SERV | E39: 150333.33
A40: 26 | B40: SIPS CUERPO DE ACELERACION | C40: UND | E40: 659666.67
A41: 27 | B41: SIPS DE GUAYA DE ACELERADOR | C41: UND | E41: 329666.67
A42: 28 | B42: SIPS TANQUE DE COMBUSTIBLE | C42: UND | E42: 1484666.7
A43: 29 | B43: SIPS TAPA DE TANQUE DE COMBUSTIBLE | C43: UND | E43: 494333.33
A44: 30 | B44: SIPS LLAVE DE TANQUE DE COMBUSTIBLE | C44: UND | E44: 413666.67
A45: 31 | B45: SIPS EMPAQUE LLAVE DE TANQUE DE COMBUSTIBLE | C45: UND | E45: 132333.33
A46: 32 | B46: SIPS TORNILLOS LLAVE DE TANQUE DE COMBUSTIBLE | C46: UND | E46: 115666.67
A47: 33 | B47: SIPS REGULADOR DE PRESION DE COMBUSTIBLE | C47: UND | E47: 413666.67
A48: 34 | B48: SIPS FLOTADOR Y MECANISMOS DE INDICACION DE NIVEL DE COMBUSTIBLE | C48: UND | E48: 577666.67
A49: 35 | B49: SIPS MANGUERA DE COMBUSTIBLE | C49: UND | E49: 83000
A50: 36 | B50: SIPS DE UNA MANGUERA DE VACIO | C50: UND | E50: 73333.333
... A60: 46 | B60: SIPS TORQUE | C60: UND | E60: 329666.67
E61: 0
B62: SISTEMA DE ESCAPE | E62: 0
A63: 47 | B63: ARREGLO DE SILENCIADOR | C63: UND | E63: 391666.67
A64: 48 | B64: ARREGLO TUBO DE ESCAPE | C64: UND | E64: 196333.33
A65: 49 | B65: SIPS EMPAQUES O ANILLOS MULTIPLE DE ESCAPE | C65: UND | E65: 162666.67
A66: 50 | B66: SIPS ESCAPE COMPLETO | C66: UND | E66: 1561333.3
A67: 51 | B67: SIPS TORNILLOS DE ESCAPE | C67: UND | E67: 115666.67
A68: 52 | B68: SIPS TORNILLO SOPORTE DE ESCAPE | C68: UND | E68: 100000
E69: 0
B70: SISTEMA DE LUBRICACION | E70: 0
A71: 53 | B71: SIPS DE LA BOMBA DE ACEITE | C71: UND | E71: 758000
A72: 54 | B72: SIPS TORNILLOS DE LA BOMBA DE ACEITE | C72: UND | E72: 132333.33
A73: 55 | B73: SERVICIO DE CAMBIO DE ACEITE MOTOR INCLUYENDO EL ACEITE | C73: UND | E73: 14666.667
A74: 56 | B74: SIPS FILTRO DE ACEITE | C74: UND | E74: 59666.667
A75: 57 | B75: SERVICIO DE CAMBIO DE ACEITE MOTOR INCLUYENDO EL ACEITE | C75: SERV | E75: 73333.333
E76: 0
B77: SISTEMA DE DIRECCION | E77: 0
A78: 58 | B78: SIPS DE COJINETES DE DIRECCION | C78: UND | E78: 743333.33
A79: 59 | B79: SIPS HORQUILLA DE DIRECCION | C79: UND | E79: 1980333.3
A80: 60 | B80: SIPS BARRAS DE DIRECCION | C80: UND | E80: 1980333.3
A81: 61 | B81: SIPS RETENEDORES DE BARRAS DE DIRECCION | C81: UND | E81: 792666.67
A82: 62 | B82: SIPS BOTELLAS DE BARRAS DE DIRECCION | C82: UND | E82: 2310000
A83: 63 | B83: SIPS MANUBRIO DE DIRECCION | C83: UND | E83: 413666.67
A84: 64 | B84: SIPS MANGOS MANUBRIO DE DIRECCION | C84: UND | E84: 165666.67
A85: 65 | B85: SIPS DE TODOS LOS RODAMIENTOS DE RUEDA DELANTERA INCLUYE RETENEDORES | C85: UND | E85: 362333.33
A86: 66 | B86: SIPS EJE RUEDA DELANTERA | C86: UND | E86: 115666.67
A87: 67 | B87: SIPS TUERCA RUEDA DELANTERA | C87: UND | E87: 31666.667
A88: 68 | B88: SIPS DE TODOS LOS RODAMIENTOS DE RUEDA TRASERA INCLUYE RETENEDORES | C88: UND | E88: 362333.33
E89: 0
B90: SISTEMA DE FRENOS | E90: 0
A91: 69 | B91: SIPS DE MANILAR DE FRENO | C91: UND | E91: 115666.67
A92: 70 | B92: SIPS PALANCA INFERIO DE FRENO | C92: UND | E92: 329666.67
A93: 71 | B93: SIPS PASADOR PALANCA INFERIO DE FRENO | C93: UND | E93: 100000
A94: 72 | B94: SIPS MORDAZA DE FRENO DELANTERO | C94: UND | E94: 792666.67
A95: 73 | B95: SIPS CALIPER MORDAZA DE FRENO DELANTERO | C95: UND | E95: 232000
A96: 74 | B96: SIPS DISCO DE FRENO DELANTERO | C96: UND | E96: 1056333.3
A97: 75 | B97: SIPS DE CAMPANA DE FRENO DELANTERA | C97: UND | E97: 824333.33
A98: 76 | B98: SIPS DE CAMPANA DE FRENO TRASERA | C98: UND | E98: 824333.33
A99: 77 | B99: SIPS PASTILLAS DE FRENO DELANTERAS | C99: UND | E99: 232000
A100: 78 | B100: SIPS BANDAS DE FRENOS TRASEROS | C100: UND | E100: 232000
A101: 79 | B101: SIPS CONJUNTO EJE LEVA Y PALANCA ABRE BANDAS | C101: UND | E101: 329666.67
A102: 80 | B102: SIPS DE GUAYA DE FRENOS TRASEROS | C102: UND | E102: 659666.67
... A114: 92 | B114: SIPS TERMINAL GUAYA FRENO DE MANO | C114: UND | E114: 100000
E115: 0
B116: SISTEMA DE SUSPENSION | E116: 0
A117: 93 | B117: SIPS DE COJINETES DE DIRECCION | C117: UND | E117: 510333.33
A118: 94 | B118: ALINEACION BARRAS DE DIRECCION Y SIPS DE AMPAQUETADURA | C118: SERV | E118: 779333.33
A119: 95 | B119: SIPS MANUBRIO DE DIRECCION | C119: UND | E119: 195333.33
A120: 96 | B120: SIPS MANGOS MANUBRIO DE DIRECCION | C120: UND | E120: 121666.67
A121: 97 | B121: REPARACION TELESCOPICOS | C121: SERV | E121: 853666.67
A122: 98 | B122: SIPS DE TODOS LOS RODAMIENTOS DE RUEDA DELANTERA INCLUYE RETENEDORES | C122: UND | E122: 219666.67
A123: 99 | B123: SIPS DE TODOS LOS RODAMIENTOS DE RUEDA TRASERA INCLUYE RETENEDORES | C123: UND | E123: 268666.67
A124: 100 | B124: SIPS 2 BARRAS TELESCOPICOS (incluye dos retenedores, aceite hidráulico y mano de obra.) | C124: UND | E124: 1193666.7
E125: 0
B126: SISTEMA DE EMBRAGUE | E126: 0
A127: 101 | B127: SIPS DE MANILAR DE EMBRAGUE | C127: UND | E127: 115666.67
A128: 102 | B128: SIPS GUAYA DE EMBRAGUE | C128: UND | E128: 264666.67
A129: 103 | B129: SIPS DE PALANCA INFERIOR DE EMBRAGUE | C129: UND | E129: 362333.33
A130: 104 | B130: SIPS PRENSA EMBRAGUE (incluye discos de embrague, empaques, retenedores, discos separadores.) | C130: UND | E130: 1155000
A131: 105 | B131: SIPS DISCOS DE EMBRAGUE | C131: UND | E131: 627000
A132: 106 | B132: SIPS EMPAQUE TAPA DEL EMBRAGUE | C132: UND | E132: 115666.67
A133: 107 | B133: SIPS TORNILLOS TAPA DEL EMBRAGUE | C133: UND | E133: 125000
A134: 108 | B134: SIPS RETENEDOR PALANCA INFERIOR DE EMBRAGUE | C134: UND | E134: 180333.33
E135: 0
B136: SISTEMA TRASMISION DE POTENCIA | E136: 0
A137: 109 | B137: SIPS KIT DE ARRASTRE COMPLETO DOS PIÑONES Y CADENA | C137: UND | E137: 525000
A138: 110 | B138: SIPS CADEJA ARRASTRE | C138: UND | E138: 287666.67
...

Sheet SUSUKI 125
B7: MUNICIPIO DE EL CARMEN DE VIBORAL
B9: MOTOCICLETAS COTIZADAS:
A10: MOTOCICLETA SUZUKI 125 PLACAS: LXV 41D, LXV 42D, LXV 43D
A11: ITEM | B11: DESCRIPCION | C11: UNIDAD DE MEDIDA | D11: VALOR PROPUESTA, IVA INCLUIDO | E11: VALOR TECHO
B12: SISTEMA MOTOR
A13: 1 | B13: SIPS KIT REPARACION GENERAL DE MOTOR ; PISTON, ANILLOS, CAMISA, VIELA, SIGUEÑAL Y EMPAQUETADURA | C13: UND | E13: 4715333.3
A14: 2 | B14: SIPS CULATA | C14: UND | E14: 1257000
A15: 3 | B15: SIPS EMPAQUE DE CULATA | C15: UND | E15: 226666.67
A16: 4 | B16: SIPS JUEGO PISTON DE MOTOR | C16: UND | E16: 1100333.3
A17: 5 | B17: SIPS JUEGO DE ANILLOS DE MOTOR | C17: UND | E17: 755000
A18: 6 | B18: SIPS VIELA DE MOTOR | C18: UND | E18: 943000
A19: 7 | B19: SIPS SIGUEÑAL DE MOTOR | C19: UND | E19: 1414333.3
A20: 8 | B20: SIPS RODAMIENTOS SIGUEÑAL DE MOTOR | C20: UND | E20: 770666.67
A21: 9 | B21: SIPS EMPAQUETADURA DE MOTOR | C21: UND | E21: 392666.67
A22: 10 | B22: SIPS CILINDRO MOTOR | C22: UND | E22: 1572000
A23: 11 | B23: SIPS CADENA REPARTICION | C23: UND | E23: 1100333.3
A24: 12 | B24: SIPS TENSOR CADENA REPARTICION | C24: UND | E24: 943000
... A35: 23 | B35: SINCRONIZACION DE MOTOR INCLUYE REPUESTOS NECESARIOS PARA UNA OPTIMA SINCRONIZACION | C35: SERV | E35: 283333.33
E36: 0
B37: SISTEMA ALIMENTACION AIRE/COMBUSTIBLE | E37: 0
A38: 24 | B38: SERVICIO LIMPIEZA CUERPO ACELERACION | C38: SERV | E38: 143666.67
A39: 25 | B39: SIPS CUERPO DE ACELERACION | C39: UND | E39: 629000
A40: 26 | B40: SIPS DE GUAYA DE ACELERADOR | C40: UND | E40: 314000
A41: 27 | B41: SIPS TANQUE DE COMBUSTIBLE | C41: UND | E41: 1414333.3
A42: 28 | B42: SIPS TAPA DE TANQUE DE COMBUSTIBLE | C42: UND | E42: 471333.33
A43: 29 | B43: SIPS LLAVE DE TANQUE DE COMBUSTIBLE | C43: UND | E43: 392666.67
A44: 30 | B44: SIPS EMPAQUE LLAVE DE TANQUE DE COMBUSTIBLE | C44: UND | E44: 126000
A45: 31 | B45: SIPS TORNILLOS LLAVE DE TANQUE DE COMBUSTIBLE | C45: UND | E45: 109000
A46: 32 | B46: SIPS REGULADOR DE PRESION DE COMBUSTIBLE | C46: UND | E46: 392666.67
A47: 33 | B47: SIPS FLOTADOR Y MECANISMOS DE INDICACION DE NIVEL DE COMBUSTIBLE | C47: UND | E47: 550000
A48: 34 | B48: SIPS MANGUERA DE COMBUSTIBLE | C48: UND | E48: 79000
A49: 35 | B49: SIPS DE UNA MANGUERA DE VACIO | C49: UND | E49: 70333.333
... A59: 45 | B59: SIPS TORQUE | C59: UND | E59: 314000
E60: 0
B61: SISTEMA DE ESCAPE | E61: 0
A62: 46 | B62: ARREGLO DE SILENCIADOR | C62: UND | E62: 372666.67
A63: 47 | B63: ARREGLO TUBO DE ESCAPE | C63: UND | E63: 188000
A64: 48 | B64: SIPS EMPAQUES O ANILLOS MULTIPLE DE ESCAPE | C64: UND | E64: 154333.33
A65: 49 | B65: SIPS ESCAPE COMPLETO | C65: UND | E65: 1486666.7
A66: 50 | B66: SIPS TORNILLOS DE ESCAPE | C66: UND | E66: 109000
A67: 51 | B67: SIPS TORNILLO SOPORTE DE ESCAPE | C67: UND | E67: 73333.333
E68: 0
B69: SISTEMA DE LUBRICACION | E69: 0
A70: 52 | B70: SIPS DE LA BOMBA DE ACEITE | C70: UND | E70: 723333.33
A71: 53 | B71: SIPS TORNILLOS DE LA BOMBA DE ACEITE | C71: UND | E71: 126000
A72: 54 | B72: SERVICIO DE CAMBIO DE ACEITE NO INCLUYE EL ACEITE | C72: UND | E72: 14666.667
A73: 55 | B73: SIPS FILTRO DE ACEITE | C73: UND | E73: 57666.667
A74: 56 | B74: SERVICIO DE CAMBIO DE ACEITE MOTOR INCLUYENDO EL ACEITE | C74: SERV | E74: 208000
E75: 0
B76: SISTEMA DE DIRECCION | E76: 0
A77: 57 | B77: SIPS DE COJINETES DE DIRECCION | C77: UND | E77: 707666.67
A78: 58 | B78: SIPS HORQUILLA DE DIRECCION | C78: UND | E78: 1887000
A79: 59 | B79: SIPS BARRAS DE DIRECCION | C79: UND | E79: 1887000
A80: 60 | B80: SIPS RETENEDORES DE BARRAS DE DIRECCION | C80: UND | E80: 755000
A81: 61 | B81: SIPS BOTELLAS DE BARRAS DE DIRECCION | C81: UND | E81: 2201000
A82: 62 | B82: SIPS MANUBRIO DE DIRECCION | C82: UND | E82: 392666.67
A83: 63 | B83: SIPS MANGOS MANUBRIO DE DIRECCION | C83: UND | E83: 157666.67
A84: 64 | B84: SIPS DE TODOS LOS RODAMIENTOS DE RUEDA DELANTERA INCLUYE RETENEDORES | C84: UND | E84: 345666.67
A85: 65 | B85: SIPS EJE RUEDA DELANTERA | C85: UND | E85: 109000
A86: 66 | B86: SIPS TUERCA RUEDA DELANTERA | C86: UND | E86: 30666.667
A87: 67 | B87: SIPS DE TODOS LOS RODAMIENTOS DE RUEDA TRASERA INCLUYE RETENEDORES | C87: UND | E87: 345666.67
E88: 0
B89: SISTEMA DE FRENOS | E89: 0
A90: 68 | B90: SIPS DE MANILAR DE FRENO | C90: UND | E90: 109000
A91: 69 | B91: SIPS PALANCA INFERIO DE FRENO | C91: UND | E91: 314000
A92: 70 | B92: SIPS PASADOR PALANCA INFERIO DE FRENO | C92: UND | E92: 93333.333
A93: 71 | B93: SIPS MORDAZA DE FRENO DELANTERO | C93: UND | E93: 755000
A94: 72 | B94: SIPS CALIPER MORDAZA DE FRENO DELANTERO | C94: UND | E94: 220666.67
A95: 73 | B95: SIPS DISCO DE FRENO DELANTERO | C95: UND | E95: 1007000
A96: 74 | B96: SIPS DE CAMPANA DE FRENO DELANTERA | C96: UND | E96: 786333.33
A97: 75 | B97: SIPS DE CAMPANA DE FRENO TRASERA | C97: UND | E97: 786333.33
A98: 76 | B98: SIPS PASTILLAS DE FRENO DELANTERAS | C98: UND | E98: 220666.67
A99: 77 | B99: SIPS BANDAS DE FRENOS TRASEROS | C99: UND | E99: 220666.67
A100: 78 | B100: SIPS CONJUNTO EJE LEVA Y PALANCA ABRE BANDAS | C100: UND | E100: 314000
A101: 79 | B101: SIPS DE GUAYA DE FRENOS TRASEROS | C101: UND | E101: 629000
... A113: 91 | B113: SIPS TERMINAL GUAYA FRENO DE MANO | C113: UND | E113: 93333.333
E114: 0
B115: SISTEMA DE SUSPENSION | E115: 0
A116: 92 | B116: SIPS DE COJINETES DE DIRECCION | C116: UND | E116: 487333.33
A117: 93 | B117: ALINEACION BARRAS DE DIRECCION Y SIPS DE AMPAQUETADURA | C117: SERV | E117: 743333.33
A118: 94 | B118: SIPS MANUBRIO DE DIRECCION | C118: UND | E118: 185000
A119: 95 | B119: SIPS MANGOS MANUBRIO DE DIRECCION | C119: UND | E119: 115666.67
A120: 96 | B120: REPARACION TELESCOPICOS | C120: SERV | E120: 814000
A121: 97 | B121: SIPS DE TODOS LOS RODAMIENTOS DE RUEDA DELANTERA INCLUYE RETENEDORES | C121: UND | E121: 208000
A122: 98 | B122: SIPS DE TODOS LOS RODAMIENTOS DE RUEDA TRASERA INCLUYE RETENEDORES | C122: UND | E122: 256333.33
A123: 99 | B123: SIPS 2 BARRAS TELESCOPICOS (incluye dos retenedores, aceite hidráulico y mano de obra.) | C123: UND | E123: 1137000
E124: 0
B125: SISTEMA DE EMBRAGUE | E125: 0
A126: 100 | B126: SIPS DE MANILAR DE EMBRAGUE | C126: UND | E126: 109000
A127: 101 | B127: SIPS GUAYA DE EMBRAGUE | C127: UND | E127: 251000
A128: 102 | B128: SIPS DE PALANCA INFERIOR DE EMBRAGUE | C128: UND | E128: 345666.67
A129: 103 | B129: SIPS PRENSA EMBRAGUE (incluye discos de embrague, empaques, retenedores, discos separadores.) | C129: UND | E129: 1100333.3
A130: 104 | B130: SIPS DISCOS DE EMBRAGUE | C130: UND | E130: 597333.33
A131: 105 | B131: SIPS EMPAQUE TAPA DEL EMBRAGUE | C131: UND | E131: 109000
A132: 106 | B132: SIPS TORNILLOS TAPA DEL EMBRAGUE | C132: UND | E132: 118666.67
A133: 107 | B133: SIPS RETENEDOR PALANCA INFERIOR DE EMBRAGUE | C133: UND | E133: 173333.33
E134: 0
B135: SISTEMA TRASMISION DE POTENCIA | E135: 0
A136: 108 | B136: SIPS KIT DE ARRASTRE COMPLETO DOS PIÑONES Y CADENA | C136: UND | E136: 501000
A137: 109 | B137: SIPS CADEJA ARRASTRE | C137: UND | E137: 273000
...

Sheet DT 125
B7: MUNICIPIO DE EL CARMEN DE VIBORAL
B9: MOTOCICLETAS COTIZADAS:
A10: MOTOCICLETA YAMAHA DT 125 PLACAS: EPH 70A, RKC 11A, RKC 12A , UZE 61A
A11: ITEM | B11: DESCRIPCION | C11: UNIDAD DE MEDIDA | D11: VALOR PROPUESTA, IVA INCLUIDO | E11: VALOR TECHO
B12: SISTEMA MOTOR
A13: 1 | B13: SIPS KIT REPARACION GENERAL DE MOTOR ; PISTON, ANILLOS, CAMISA, VIELA, SIGUEÑAL Y EMPAQUETADURA | C13: UND | E13: 4715333.3
A14: 2 | B14: SIPS CULATA | C14: UND | E14: 1257000
A15: 3 | B15: SIPS EMPAQUE DE CULATA | C15: UND | E15: 226666.67
A16: 4 | B16: SIPS JUEGO PISTON DE MOTOR | C16: UND | E16: 1100333.3
A17: 5 | B17: SIPS JUEGO DE ANILLOS DE MOTOR | C17: UND | E17: 755000
A18: 6 | B18: SIPS VIELA DE MOTOR | C18: UND | E18: 943000
A19: 7 | B19: SIPS SIGUEÑAL DE MOTOR | C19: UND | E19: 1414333.3
A20: 8 | B20: SIPS RODAMIENTOS SIGUEÑAL DE MOTOR | C20: UND | E20: 770666.67
A21: 9 | B21: SIPS EMPAQUETADURA DE MOTOR | C21: UND | E21: 392666.67
A22: 10 | B22: SIPS CILINDRO MOTOR | C22: UND | E22: 1572000
A23: 11 | B23: SIPS CADENA REPARTICION | C23: UND | E23: 1100333.3
A24: 12 | B24: SIPS TENSOR CADENA REPARTICION | C24: UND | E24: 943000
... A35: 23 | B35: SINCRONIZACION DE MOTOR INCLUYE REPUESTOS NECESARIOS PARA UNA OPTIMA SINCRONIZACION | C35: SERV | E35: 283333.33
E36: 0
B37: SISTEMA ALIMENTACION AIRE/COMBUSTIBLE | E37: 0
A38: 24 | B38: SERVICIO LIMPIEZA CUERPO ACELERACION | C38: SERV | E38: 143666.67
A39: 25 | B39: SIPS CUERPO DE ACELERACION | C39: UND | E39: 629000
A40: 26 | B40: SIPS DE GUAYA DE ACELERADOR | C40: UND | E40: 314000
A41: 27 | B41: SIPS TANQUE DE COMBUSTIBLE | C41: UND | E41: 1414333.3
A42: 28 | B42: SIPS TAPA DE TANQUE DE COMBUSTIBLE | C42: UND | E42: 471333.33
A43: 29 | B43: SIPS LLAVE DE TANQUE DE COMBUSTIBLE | C43: UND | E43: 392666.67
A44: 30 | B44: SIPS EMPAQUE LLAVE DE TANQUE DE COMBUSTIBLE | C44: UND | E44: 126000
A45: 31 | B45: SIPS TORNILLOS LLAVE DE TANQUE DE COMBUSTIBLE | C45: UND | E45: 109000
A46: 32 | B46: SIPS REGULADOR DE PRESION DE COMBUSTIBLE | C46: UND | E46: 392666.67
A47: 33 | B47: SIPS FLOTADOR Y MECANISMOS DE INDICACION DE NIVEL DE COMBUSTIBLE | C47: UND | E47: 550000
A48: 34 | B48: SIPS MANGUERA DE COMBUSTIBLE | C48: UND | E48: 79000
A49: 35 | B49: SIPS DE UNA MANGUERA DE VACIO | C49: UND | E49: 70333.333
... A59: 45 | B59: SIPS TORQUE | C59: UND | E59: 314000
E60: 0
B61: SISTEMA DE ESCAPE | E61: 0
A62: 46 | B62: ARREGLO DE SILENCIADOR | C62: UND | E62: 372666.67
A63: 47 | B63: ARREGLO TUBO DE ESCAPE | C63: UND | E63: 188000
A64: 48 | B64: SIPS EMPAQUES O ANILLOS MULTIPLE DE ESCAPE | C64: UND | E64: 154333.33
A65: 49 | B65: SIPS ESCAPE COMPLETO | C65: UND | E65: 1486666.7
A66: 50 | B66: SIPS TORNILLOS DE ESCAPE | C66: UND | E66: 109000
A67: 51 | B67: SIPS TORNILLO SOPORTE DE ESCAPE | C67: UND | E67: 93333.333
E68: 0
B69: SISTEMA DE LUBRICACION | E69: 0
A70: 52 | B70: SIPS DE LA BOMBA DE ACEITE | C70: UND | E70: 723333.33
A71: 53 | B71: SIPS TORNILLOS DE LA BOMBA DE ACEITE | C71: UND | E71: 126000
A72: 54 | B72: SERVICIO DE CAMBIO DE ACEITE NO INCLUYE EL ACEITE | C72: UND | E72: 14666.667
A73: 55 | B73: SIPS FILTRO DE ACEITE | C73: UND | E73: 57666.667
A74: 56 | B74: SERVICIO DE CAMBIO DE ACEITE MOTOR INCLUYENDO EL ACEITE | C74: SERV | E74: 73333.333
E75: 0
B76: SISTEMA DE DIRECCION | E76: 0
A77: 57 | B77: SIPS DE COJINETES DE DIRECCION | C77: UND | E77: 707666.67
A78: 58 | B78: SIPS HORQUILLA DE DIRECCION | C78: UND | E78: 1887000
A79: 59 | B79: SIPS BARRAS DE DIRECCION | C79: UND | E79: 1887000
A80: 60 | B80: SIPS RETENEDORES DE BARRAS DE DIRECCION | C80: UND | E80: 755000
A81: 61 | B81: SIPS BOTELLAS DE BARRAS DE DIRECCION | C81: UND | E81: 2201000
A82: 62 | B82: SIPS MANUBRIO DE DIRECCION | C82: UND | E82: 392666.67
A83: 63 | B83: SIPS MANGOS MANUBRIO DE DIRECCION | C83: UND | E83: 157666.67
A84: 64 | B84: SIPS DE TODOS LOS RODAMIENTOS DE RUEDA DELANTERA INCLUYE RETENEDORES | C84: UND | E84: 345666.67
A85: 65 | B85: SIPS EJE RUEDA DELANTERA | C85: UND | E85: 109000
A86: 66 | B86: SIPS TUERCA RUEDA DELANTERA | C86: UND | E86: 30666.667
A87: 67 | B87: SIPS DE TODOS LOS RODAMIENTOS DE RUEDA TRASERA INCLUYE RETENEDORES | C87: UND | E87: 345666.67
E88: 0
B89: SISTEMA DE FRENOS | E89: 0
A90: 68 | B90: SIPS DE MANILAR DE FRENO | C90: UND | E90: 109000
A91: 69 | B91: SIPS PALANCA INFERIO DE FRENO | C91: UND | E91: 314000
A92: 70 | B92: SIPS PASADOR PALANCA INFERIO DE FRENO | C92: UND | E92: 93333.333
A93: 71 | B93: SIPS MORDAZA DE FRENO DELANTERO | C93: UND | E93: 755000
A94: 72 | B94: SIPS CALIPER MORDAZA DE FRENO DELANTERO | C94: UND | E94: 220666.67
A95: 73 | B95: SIPS DISCO DE FRENO DELANTERO | C95: UND | E95: 1007000
A96: 74 | B96: SIPS DE CAMPANA DE FRENO DELANTERA | C96: UND | E96: 786333.33
A97: 75 | B97: SIPS DE CAMPANA DE FRENO TRASERA | C97: UND | E97: 786333.33
A98: 76 | B98: SIPS PASTILLAS DE FRENO DELANTERAS | C98: UND | E98: 220666.67
A99: 77 | B99: SIPS BANDAS DE FRENOS TRASEROS | C99: UND | E99: 220666.67
A100: 78 | B100: SIPS CONJUNTO EJE LEVA Y PALANCA ABRE BANDAS | C100: UND | E100: 314000
A101: 79 | B101: SIPS DE GUAYA DE FRENOS TRASEROS | C101: UND | E101: 629000
... A113: 91 | B113: SIPS TERMINAL GUAYA FRENO DE MANO | C113: UND | E113: 93333.333
E114: 0
B115: SISTEMA DE SUSPENSION | E115: 0
A116: 92 | B116: SIPS DE COJINETES DE DIRECCION | C116: UND | E116: 487333.33
A117: 93 | B117: ALINEACION BARRAS DE DIRECCION Y SIPS DE AMPAQUETADURA | C117: SERV | E117: 743333.33
A118: 94 | B118: SIPS MANUBRIO DE DIRECCION | C118: UND | E118: 185000
A119: 95 | B119: SIPS MANGOS MANUBRIO DE DIRECCION | C119: UND | E119: 115666.67
A120: 96 | B120: REPARACION TELESCOPICOS | C120: SERV | E120: 814000
A121: 97 | B121: SIPS DE TODOS LOS RODAMIENTOS DE RUEDA DELANTERA INCLUYE RETENEDORES | C121: UND | E121: 208000
A122: 98 | B122: SIPS DE TODOS LOS RODAMIENTOS DE RUEDA TRASERA INCLUYE RETENEDORES | C122: UND | E122: 256333.33
A123: 99 | B123: SIPS 2 BARRAS TELESCOPICOS (incluye dos retenedores, aceite hidráulico y mano de obra.) | C123: UND | E123: 1137000
E124: 0
B125: SISTEMA DE EMBRAGUE | E125: 0
A126: 100 | B126: SIPS DE MANILAR DE EMBRAGUE | C126: UND | E126: 109000
A127: 101 | B127: SIPS GUAYA DE EMBRAGUE | C127: UND | E127: 251000
A128: 102 | B128: SIPS DE PALANCA INFERIOR DE EMBRAGUE | C128: UND | E128: 345666.67
A129: 103 | B129: SIPS PRENSA EMBRAGUE (incluye discos de embrague, empaques, retenedores, discos separadores.) | C129: UND | E129: 1100333.3
A130: 104 | B130: SIPS DISCOS DE EMBRAGUE | C130: UND | E130: 597333.33
A131: 105 | B131: SIPS EMPAQUE TAPA DEL EMBRAGUE | C131: UND | E131: 109000
A132: 106 | B132: SIPS TORNILLOS TAPA DEL EMBRAGUE | C132: UND | E132: 118666.67
A133: 107 | B133: SIPS RETENEDOR PALANCA INFERIOR DE EMBRAGUE | C133: UND | E133: 173333.33
E134: 0
B135: SISTEMA TRASMISION DE POTENCIA | E135: 0
A136: 108 | B136: SIPS KIT DE ARRASTRE COMPLETO DOS PIÑONES Y CADENA | C136: UND | E136: 501000
A137: 109 | B137: SIPS CADEJA ARRASTRE | C137: UND | E137: 273000
...

Sheet CIPTON 115
B7: MUNICIPIO DE EL CARMEN DE VIBORAL
B9: MOTOCICLETAS COTIZADAS:
A10: MOTOCICLETA YAMAHA CRIPTON 115 PLACA: FFX 03C
A11: ITEM | B11: DESCRIPCION | C11: UNIDAD DE MEDIDA | D11: VALOR PROPUESTA, IVA INCLUIDO | E11: VALOR TECHO
B12: SISTEMA MOTOR
A13: 1 | B13: SIPS KIT REPARACION GENERAL DE MOTOR ; PISTON, ANILLOS, CAMISA, VIELA, SIGUEÑAL Y EMPAQUETADURA | C13: UND | E13: 4479333.3
A14: 2 | B14: SIPS CULATA | C14: UND | E14: 1193666.7
A15: 3 | B15: SIPS EMPAQUE DE CULATA | C15: UND | E15: 215000
A16: 4 | B16: SIPS JUEGO PISTON DE MOTOR | C16: UND | E16: 1045000
A17: 5 | B17: SIPS JUEGO DE ANILLOS DE MOTOR | C17: UND | E17: 717000
A18: 6 | B18: SIPS VIELA DE MOTOR | C18: UND | E18: 895666.67
A19: 7 | B19: SIPS SIGUEÑAL DE MOTOR | C19: UND | E19: 1344000
A20: 8 | B20: SIPS RODAMIENTOS SIGUEÑAL DE MOTOR | C20: UND | E20: 732000
A21: 9 | B21: SIPS EMPAQUETADURA DE MOTOR | C21: UND | E21: 373666.67
A22: 10 | B22: SIPS CILINDRO MOTOR | C22: UND | E22: 1493000
A23: 11 | B23: SIPS CADENA REPARTICION | C23: UND | E23: 1045000
A24: 12 | B24: SIPS TENSOR CADENA REPARTICION | C24: UND | E24: 895666.67
... A35: 23 | B35: SINCRONIZACION DE MOTOR INCLUYE REPUESTOS NECESARIOS PARA UNA OPTIMA SINCRONIZACION | C35: SERV | E35: 268666.67
E36: 0
B37: SISTEMA ALIMENTACION AIRE/COMBUSTIBLE | E37: 0
A38: 24 | B38: SERVICIO LIMPIEZA CUERPO ACELERACION | C38: SERV | E38: 135666.67
A39: 25 | B39: SIPS CUERPO DE ACELERACION | C39: UND | E39: 597333.33
A40: 26 | B40: SIPS DE GUAYA DE ACELERADOR | C40: UND | E40: 299333.33
A41: 27 | B41: SIPS TANQUE DE COMBUSTIBLE | C41: UND | E41: 1344000
A42: 28 | B42: SIPS TAPA DE TANQUE DE COMBUSTIBLE | C42: UND | E42: 447333.33
A43: 29 | B43: SIPS LLAVE DE TANQUE DE COMBUSTIBLE | C43: UND | E43: 373666.67
A44: 30 | B44: SIPS EMPAQUE LLAVE DE TANQUE DE COMBUSTIBLE | C44: UND | E44: 119666.67
A45: 31 | B45: SIPS TORNILLOS LLAVE DE TANQUE DE COMBUSTIBLE | C45: UND | E45: 104000
A46: 32 | B46: SIPS REGULADOR DE PRESION DE COMBUSTIBLE | C46: UND | E46: 373666.67
A47: 33 | B47: SIPS FLOTADOR Y MECANISMOS DE INDICACION DE NIVEL DE COMBUSTIBLE | C47: UND | E47: 523000
A48: 34 | B48: SIPS MANGUERA DE COMBUSTIBLE | C48: UND | E48: 74333.333
A49: 35 | B49: SIPS DE UNA MANGUERA DE VACIO | C49: UND | E49: 66333.333
... A59: 45 | B59: SIPS TORQUE | C59: UND | E59: 299333.33
E60: 0
B61: SISTEMA DE ESCAPE | E61: 0
A62: 46 | B62: ARREGLO DE SILENCIADOR | C62: UND | E62: 353666.67
A63: 47 | B63: ARREGLO TUBO DE ESCAPE | C63: UND | E63: 177333.33
A64: 48 | B64: SIPS EMPAQUES O ANILLOS MULTIPLE DE ESCAPE | C64: UND | E64: 148000
A65: 49 | B65: SIPS ESCAPE COMPLETO | C65: UND | E65: 1413333.3
A66: 50 | B66: SIPS TORNILLOS DE ESCAPE | C66: UND | E66: 104000
A67: 51 | B67: SIPS TORNILLO SOPORTE DE ESCAPE | C67: UND | E67: 89333.333
E68: 0
B69: SISTEMA DE LUBRICACION | E69: 0
A70: 52 | B70: SIPS DE LA BOMBA DE ACEITE | C70: UND | E70: 686666.67
A71: 53 | B71: SIPS TORNILLOS DE LA BOMBA DE ACEITE | C71: UND | E71: 119666.67
A72: 54 | B72: SERVICIO DE CAMBIO DE ACEITE NO INCLUYE EL ACEITE | C72: UND | E72: 14666.667
A73: 55 | B73: SIPS FILTRO DE ACEITE | C73: UND | E73: 55666.667
A74: 56 | B74: SERVICIO DE CAMBIO DE ACEITE MOTOR INCLUYENDO EL ACEITE | C74: SERV | E74: 73333.333
E75: 0
B76: SISTEMA DE DIRECCION | E76: 0
A77: 57 | B77: SIPS DE COJINETES DE DIRECCION | C77: UND | E77: 671000
A78: 58 | B78: SIPS HORQUILLA DE DIRECCION | C78: UND | E78: 1791333.3
A79: 59 | B79: SIPS BARRAS DE DIRECCION | C79: UND | E79: 1791333.3
A80: 60 | B80: SIPS RETENEDORES DE BARRAS DE DIRECCION | C80: UND | E80: 717000
A81: 61 | B81: SIPS BOTELLAS DE BARRAS DE DIRECCION | C81: UND | E81: 2090333.3
A82: 62 | B82: SIPS MANUBRIO DE DIRECCION | C82: UND | E82: 373666.67
A83: 63 | B83: SIPS MANGOS MANUBRIO DE DIRECCION | C83: UND | E83: 149333.33
A84: 64 | B84: SIPS DE TODOS LOS RODAMIENTOS DE RUEDA DELANTERA INCLUYE RETENEDORES | C84: UND | E84: 328666.67
A85: 65 | B85: SIPS EJE RUEDA DELANTERA | C85: UND | E85: 104000
A86: 66 | B86: SIPS TUERCA RUEDA DELANTERA | C86: UND | E86: 29666.667
A87: 67 | B87: SIPS DE TODOS LOS RODAMIENTOS DE RUEDA TRASERA INCLUYE RETENEDORES | C87: UND | E87: 328666.67
E88: 0
B89: SISTEMA DE FRENOS | E89: 0
A90: 68 | B90: SIPS DE MANILAR DE FRENO | C90: UND | E90: 104000
A91: 69 | B91: SIPS PALANCA INFERIO DE FRENO | C91: UND | E91: 299333.33
A92: 70 | B92: SIPS PASADOR PALANCA INFERIO DE FRENO | C92: UND | E92: 89333.333
A93: 71 | B93: SIPS MORDAZA DE FRENO DELANTERO | C93: UND | E93: 717000
A94: 72 | B94: SIPS CALIPER MORDAZA DE FRENO DELANTERO | C94: UND | E94: 210000
A95: 73 | B95: SIPS DISCO DE FRENO DELANTERO | C95: UND | E95: 955666.67
A96: 74 | B96: SIPS DE CAMPANA DE FRENO DELANTERA | C96: UND | E96: 746666.67
A97: 75 | B97: SIPS DE CAMPANA DE FRENO TRASERA | C97: UND | E97: 746666.67
A98: 76 | B98: SIPS PASTILLAS DE FRENO DELANTERAS | C98: UND | E98: 210000
A99: 77 | B99: SIPS BANDAS DE FRENOS TRASEROS | C99: UND | E99: 210000
A100: 78 | B100: SIPS CONJUNTO EJE LEVA Y PALANCA ABRE BANDAS | C100: UND | E100: 299333.33
A101: 79 | B101: SIPS DE GUAYA DE FRENOS TRASEROS | C101: UND | E101: 597333.33
... A113: 91 | B113: SIPS TERMINAL GUAYA FRENO DE MANO | C113: UND | E113: 89333.333
E114: 0
B115: SISTEMA DE SUSPENSION | E115: 0
A116: 92 | B116: SIPS DE COJINETES DE DIRECCION | C116: UND | E116: 463000
A117: 93 | B117: ALINEACION BARRAS DE DIRECCION Y SIPS DE AMPAQUETADURA | C117: SERV | E117: 705333.33
A118: 94 | B118: SIPS MANUBRIO DE DIRECCION | C118: UND | E118: 176333.33
A119: 95 | B119: SIPS MANGOS MANUBRIO DE DIRECCION | C119: UND | E119: 109000
A120: 96 | B120: REPARACION TELESCOPICOS | C120: SERV | E120: 772666.67
A121: 97 | B121: SIPS DE TODOS LOS RODAMIENTOS DE RUEDA DELANTERA INCLUYE RETENEDORES | C121: UND | E121: 197333.33
A122: 98 | B122: SIPS DE TODOS LOS RODAMIENTOS DE RUEDA TRASERA INCLUYE RETENEDORES | C122: UND | E122: 242666.67
A123: 99 | B123: SIPS 2 BARRAS TELESCOPICOS (incluye dos retenedores, aceite hidráulico y mano de obra.) | C123: UND | E123: 1080666.7
E124: 0
B125: SISTEMA DE EMBRAGUE | E125: 0
A126: 100 | B126: SIPS DE MANILAR DE EMBRAGUE | C126: UND | E126: 104000
A127: 101 | B127: SIPS GUAYA DE EMBRAGUE | C127: UND | E127: 238333.33
A128: 102 | B128: SIPS DE PALANCA INFERIOR DE EMBRAGUE | C128: UND | E128: 328666.67
A129: 103 | B129: SIPS PRENSA EMBRAGUE (incluye discos de embrague, empaques, retenedores, discos separadores.) | C129: UND | E129: 1045000
A130: 104 | B130: SIPS DISCOS DE EMBRAGUE | C130: UND | E130: 568000
A131: 105 | B131: SIPS EMPAQUE TAPA DEL EMBRAGUE | C131: UND | E131: 104000
A132: 106 | B132: SIPS TORNILLOS TAPA DEL EMBRAGUE | C132: UND | E132: 113333.33
A133: 107 | B133: SIPS RETENEDOR PALANCA INFERIOR DE EMBRAGUE | C133: UND | E133: 163666.67
E134: 0
B135: SISTEMA TRASMISION DE POTENCIA | E135: 0
A136: 108 | B136: SIPS KIT DE ARRASTRE COMPLETO DOS PIÑONES Y CADENA | C136: UND | E136: 475666.67
A137: 109 | B137: SIPS CADEJA ARRASTRE | C137: UND | E137: 261333.33
...

Sheet XTZ 125
B7: MUNICIPIO DE EL CARMEN DE VIBORAL
B9: MOTOCICLETAS COTIZADAS:
A10: Motocicleta Yamaha XTZ 125 placas: HXC 29E, JIN 44G, JIN 45G, JIN 46G, FFX 04C, XTK 54E
A11: ITEM | B11: DESCRIPCION | C11: UNIDAD DE MEDIDA | D11: VALOR PROPUESTA, IVA INCLUIDO | E11: VALOR TECHO
B12: SISTEMA MOTOR
A13: 1 | B13: SIPS KIT REPARACION GENERAL DE MOTOR ; PISTON, ANILLOS, CAMISA, VIELA, SIGUEÑAL Y EMPAQUETADURA | C13: UND | E13: 4715333.3
A14: 2 | B14: SIPS CULATA | C14: UND | E14: 1257000
A15: 3 | B15: SIPS EMPAQUE DE CULATA | C15: UND | E15: 226666.67
A16: 4 | B16: SIPS JUEGO PISTON DE MOTOR | C16: UND | E16: 1100333.3
A17: 5 | B17: SIPS JUEGO DE ANILLOS DE MOTOR | C17: UND | E17: 755000
A18: 6 | B18: SIPS VIELA DE MOTOR | C18: UND | E18: 943000
A19: 7 | B19: SIPS SIGUEÑAL DE MOTOR | C19: UND | E19: 1414333.3
A20: 8 | B20: SIPS RODAMIENTOS SIGUEÑAL DE MOTOR | C20: UND | E20: 770666.67
A21: 9 | B21: SIPS EMPAQUETADURA DE MOTOR | C21: UND | E21: 392666.67
A22: 10 | B22: SIPS CILINDRO MOTOR | C22: UND | E22: 1572000
A23: 11 | B23: SIPS CADENA REPARTICION | C23: UND | E23: 1100333.3
A24: 12 | B24: SIPS TENSOR CADENA REPARTICION | C24: UND | E24: 943000
... A35: 23 | B35: SINCRONIZACION DE MOTOR INCLUYE REPUESTOS NECESARIOS PARA UNA OPTIMA SINCRONIZACION | C35: SERV | E35: 283333.33
E36: 0
B37: SISTEMA ALIMENTACION AIRE/COMBUSTIBLE | E37: 0
A38: 24 | B38: SERVICIO LIMPIEZA CUERPO ACELERACION | C38: SERV | E38: 143666.67
A39: 25 | B39: SIPS CUERPO DE ACELERACION | C39: UND | E39: 629000
A40: 26 | B40: SIPS DE GUAYA DE ACELERADOR | C40: UND | E40: 314000
A41: 27 | B41: SIPS TANQUE DE COMBUSTIBLE | C41: UND | E41: 1414333.3
A42: 28 | B42: SIPS TAPA DE TANQUE DE COMBUSTIBLE | C42: UND | E42: 471333.33
A43: 29 | B43: SIPS LLAVE DE TANQUE DE COMBUSTIBLE | C43: UND | E43: 392666.67
A44: 30 | B44: SIPS EMPAQUE LLAVE DE TANQUE DE COMBUSTIBLE | C44: UND | E44: 126000
A45: 31 | B45: SIPS TORNILLOS LLAVE DE TANQUE DE COMBUSTIBLE | C45: UND | E45: 109000
A46: 32 | B46: SIPS REGULADOR DE PRESION DE COMBUSTIBLE | C46: UND | E46: 392666.67
A47: 33 | B47: SIPS FLOTADOR Y MECANISMOS DE INDICACION DE NIVEL DE COMBUSTIBLE | C47: UND | E47: 550000
A48: 34 | B48: SIPS MANGUERA DE COMBUSTIBLE | C48: UND | E48: 79000
A49: 35 | B49: SIPS DE UNA MANGUERA DE VACIO | C49: UND | E49: 70333.333
... A59: 45 | B59: SIPS TORQUE | C59: UND | E59: 314000
E60: 0
B61: SISTEMA DE ESCAPE | E61: 0
A62: 46 | B62: ARREGLO DE SILENCIADOR | C62: UND | E62: 372666.67
A63: 47 | B63: ARREGLO TUBO DE ESCAPE | C63: UND | E63: 188000
A64: 48 | B64: SIPS EMPAQUES O ANILLOS MULTIPLE DE ESCAPE | C64: UND | E64: 154333.33
A65: 49 | B65: SIPS ESCAPE COMPLETO | C65: UND | E65: 1486666.7
A66: 50 | B66: SIPS TORNILLOS DE ESCAPE | C66: UND | E66: 109000
A67: 51 | B67: SIPS TORNILLO SOPORTE DE ESCAPE | C67: UND | E67: 93333.333
E68: 0
B69: SISTEMA DE LUBRICACION | E69: 0
A70: 52 | B70: SIPS DE LA BOMBA DE ACEITE | C70: UND | E70: 723333.33
A71: 53 | B71: SIPS TORNILLOS DE LA BOMBA DE ACEITE | C71: UND | E71: 126000
A72: 54 | B72: SERVICIO DE CAMBIO DE ACEITE NO INCLUYE EL ACEITE | C72: UND | E72: 14666.667
A73: 55 | B73: SIPS FILTRO DE ACEITE | C73: UND | E73: 57666.667
A74: 56 | B74: SERVICIO DE CAMBIO DE ACEITE MOTOR INCLUYENDO EL ACEITE | C74: SERV | E74: 73333.333
E75: 0
B76: SISTEMA DE DIRECCION | E76: 0
A77: 57 | B77: SIPS DE COJINETES DE DIRECCION | C77: UND | E77: 707666.67
A78: 58 | B78: SIPS HORQUILLA DE DIRECCION | C78: UND | E78: 1887000
A79: 59 | B79: SIPS BARRAS DE DIRECCION | C79: UND | E79: 1887000
A80: 60 | B80: SIPS RETENEDORES DE BARRAS DE DIRECCION | C80: UND | E80: 755000
A81: 61 | B81: SIPS BOTELLAS DE BARRAS DE DIRECCION | C81: UND | E81: 2201000
A82: 62 | B82: SIPS MANUBRIO DE DIRECCION | C82: UND | E82: 392666.67
A83: 63 | B83: SIPS MANGOS MANUBRIO DE DIRECCION | C83: UND | E83: 157666.67
A84: 64 | B84: SIPS DE TODOS LOS RODAMIENTOS DE RUEDA DELANTERA INCLUYE RETENEDORES | C84: UND | E84: 345666.67
A85: 65 | B85: SIPS EJE RUEDA DELANTERA | C85: UND | E85: 109000
A86: 66 | B86: SIPS TUERCA RUEDA DELANTERA | C86: UND | E86: 30666.667
A87: 67 | B87: SIPS DE TODOS LOS RODAMIENTOS DE RUEDA TRASERA INCLUYE RETENEDORES | C87: UND | E87: 345666.67
E88: 0
B89: SISTEMA DE FRENOS | E89: 0
A90: 68 | B90: SIPS DE MANILAR DE FRENO | C90: UND | E90: 109000
A91: 69 | B91: SIPS PALANCA INFERIO DE FRENO | C91: UND | E91: 314000
A92: 70 | B92: SIPS PASADOR PALANCA INFERIO DE FRENO | C92: UND | E92: 93333.333
A93: 71 | B93: SIPS MORDAZA DE FRENO DELANTERO | C93: UND | E93: 755000
A94: 72 | B94: SIPS CALIPER MORDAZA DE FRENO DELANTERO | C94: UND | E94: 220666.67
A95: 73 | B95: SIPS DISCO DE FRENO DELANTERO | C95: UND | E95: 1007000
A96: 74 | B96: SIPS DE CAMPANA DE FRENO DELANTERA | C96: UND | E96: 786333.33
A97: 75 | B97: SIPS DE CAMPANA DE FRENO TRASERA | C97: UND | E97: 786333.33
A98: 76 | B98: SIPS PASTILLAS DE FRENO DELANTERAS | C98: UND | E98: 220666.67
A99: 77 | B99: SIPS BANDAS DE FRENOS TRASEROS | C99: UND | E99: 220666.67
A100: 78 | B100: SIPS CONJUNTO EJE LEVA Y PALANCA ABRE BANDAS | C100: UND | E100: 314000
A101: 79 | B101: SIPS DE GUAYA DE FRENOS TRASEROS | C101: UND | E101: 629000
... A113: 91 | B113: SIPS TERMINAL GUAYA FRENO DE MANO | C113: UND | E113: 93333.333
E114: 0
B115: SISTEMA DE SUSPENSION | E115: 0
A116: 92 | B116: SIPS DE COJINETES DE DIRECCION | C116: UND | E116: 487333.33
A117: 93 | B117: ALINEACION BARRAS DE DIRECCION Y SIPS DE AMPAQUETADURA | C117: SERV | E117: 743333.33
A118: 94 | B118: SIPS MANUBRIO DE DIRECCION | C118: UND | E118: 185000
A119: 95 | B119: SIPS MANGOS MANUBRIO DE DIRECCION | C119: UND | E119: 115666.67
A120: 96 | B120: REPARACION TELESCOPICOS | C120: SERV | E120: 814000
A121: 97 | B121: SIPS DE TODOS LOS RODAMIENTOS DE RUEDA DELANTERA INCLUYE RETENEDORES | C121: UND | E121: 208000
A122: 98 | B122: SIPS DE TODOS LOS RODAMIENTOS DE RUEDA TRASERA INCLUYE RETENEDORES | C122: UND | E122: 256333.33
A123: 99 | B123: SIPS 2 BARRAS TELESCOPICOS (incluye dos retenedores, aceite hidráulico y mano de obra.) | C123: UND | E123: 1137000
E124: 0
B125: SISTEMA DE EMBRAGUE | E125: 0
A126: 100 | B126: SIPS DE MANILAR DE EMBRAGUE | C126: UND | E126: 109000
A127: 101 | B127: SIPS GUAYA DE EMBRAGUE | C127: UND | E127: 251000
A128: 102 | B128: SIPS DE PALANCA INFERIOR DE EMBRAGUE | C128: UND | E128: 345666.67
A129: 103 | B129: SIPS PRENSA EMBRAGUE (incluye discos de embrague, empaques, retenedores, discos separadores.) | C129: UND | E129: 1100333.3
A130: 104 | B130: SIPS DISCOS DE EMBRAGUE | C130: UND | E130: 597333.33
A131: 105 | B131: SIPS EMPAQUE TAPA DEL EMBRAGUE | C131: UND | E131: 109000
A132: 106 | B132: SIPS TORNILLOS TAPA DEL EMBRAGUE | C132: UND | E132: 118666.67
A133: 107 | B133: SIPS RETENEDOR PALANCA INFERIOR DE EMBRAGUE | C133: UND | E133: 173333.33
E134: 0
B135: SISTEMA TRASMISION DE POTENCIA | E135: 0
A136: 108 | B136: SIPS KIT DE ARRASTRE COMPLETO DOS PIÑONES Y CADENA | C136: UND | E136: 501000
A137: 109 | B137: SIPS CADEJA ARRASTRE | C137: UND | E137: 273000
...

Sheet YBR 125
B7: MUNICIPIO DE EL CARMEN DE VIBORAL
B9: MOTOCICLETAS COTIZADAS:
A10: MOTOCICLETA YAMAHA YBR 125 PLACA: FFX 10C
A11: ITEM | B11: DESCRIPCION | C11: UNIDAD DE MEDIDA | D11: VALOR PROPUESTA, IVA INCLUIDO | E11: VALOR TECHO
B12: SISTEMA MOTOR
A13: 1 | B13: SIPS KIT REPARACION GENERAL DE MOTOR ; PISTON, ANILLOS, CAMISA, VIELA, SIGUEÑAL Y EMPAQUETADURA | C13: UND | E13: 4715333.3
A14: 2 | B14: SIPS CULATA | C14: UND | E14: 1257000
A15: 3 | B15: SIPS EMPAQUE DE CULATA | C15: UND | E15: 226666.67
A16: 4 | B16: SIPS JUEGO PISTON DE MOTOR | C16: UND | E16: 1100333.3
A17: 5 | B17: SIPS JUEGO DE ANILLOS DE MOTOR | C17: UND | E17: 755000
A18: 6 | B18: SIPS VIELA DE MOTOR | C18: UND | E18: 943000
A19: 7 | B19: SIPS SIGUEÑAL DE MOTOR | C19: UND | E19: 1414333.3
A20: 8 | B20: SIPS RODAMIENTOS SIGUEÑAL DE MOTOR | C20: UND | E20: 770666.67
A21: 9 | B21: SIPS EMPAQUETADURA DE MOTOR | C21: UND | E21: 392666.67
A22: 10 | B22: SIPS CILINDRO MOTOR | C22: UND | E22: 1572000
A23: 11 | B23: SIPS CADENA REPARTICION | C23: UND | E23: 1100333.3
A24: 12 | B24: SIPS TENSOR CADENA REPARTICION | C24: UND | E24: 943000
... A35: 23 | B35: SINCRONIZACION DE MOTOR INCLUYE REPUESTOS NECESARIOS PARA UNA OPTIMA SINCRONIZACION | C35: SERV | E35: 283333.33
E36: 0
B37: SISTEMA ALIMENTACION AIRE/COMBUSTIBLE | E37: 0
A38: 24 | B38: SERVICIO LIMPIEZA CUERPO ACELERACION | C38: SERV | E38: 143666.67
A39: 25 | B39: SIPS CUERPO DE ACELERACION | C39: UND | E39: 629000
A40: 26 | B40: SIPS DE GUAYA DE ACELERADOR | C40: UND | E40: 314000
A41: 27 | B41: SIPS TANQUE DE COMBUSTIBLE | C41: UND | E41: 1414333.3
A42: 28 | B42: SIPS TAPA DE TANQUE DE COMBUSTIBLE | C42: UND | E42: 471333.33
A43: 29 | B43: SIPS LLAVE DE TANQUE DE COMBUSTIBLE | C43: UND | E43: 392666.67
A44: 30 | B44: SIPS EMPAQUE LLAVE DE TANQUE DE COMBUSTIBLE | C44: UND | E44: 126000
A45: 31 | B45: SIPS TORNILLOS LLAVE DE TANQUE DE COMBUSTIBLE | C45: UND | E45: 109000
A46: 32 | B46: SIPS REGULADOR DE PRESION DE COMBUSTIBLE | C46: UND | E46: 392666.67
A47: 33 | B47: SIPS FLOTADOR Y MECANISMOS DE INDICACION DE NIVEL DE COMBUSTIBLE | C47: UND | E47: 550000
A48: 34 | B48: SIPS MANGUERA DE COMBUSTIBLE | C48: UND | E48: 79000
A49: 35 | B49: SIPS DE UNA MANGUERA DE VACIO | C49: UND | E49: 70333.333
... A59: 45 | B59: SIPS TORQUE | C59: UND | E59: 314000
E60: 0
B61: SISTEMA DE ESCAPE | E61: 0
A62: 46 | B62: ARREGLO DE SILENCIADOR | C62: UND | E62: 372666.67
A63: 47 | B63: ARREGLO TUBO DE ESCAPE | C63: UND | E63: 188000
A64: 48 | B64: SIPS EMPAQUES O ANILLOS MULTIPLE DE ESCAPE | C64: UND | E64: 154333.33
A65: 49 | B65: SIPS ESCAPE COMPLETO | C65: UND | E65: 1486666.7
A66: 50 | B66: SIPS TORNILLOS DE ESCAPE | C66: UND | E66: 109000
A67: 51 | B67: SIPS TORNILLO SOPORTE DE ESCAPE | C67: UND | E67: 93333.333
E68: 0
B69: SISTEMA DE LUBRICACION | E69: 0
A70: 52 | B70: SIPS DE LA BOMBA DE ACEITE | C70: UND | E70: 723333.33
A71: 53 | B71: SIPS TORNILLOS DE LA BOMBA DE ACEITE | C71: UND | E71: 126000
A72: 54 | B72: SERVICIO DE CAMBIO DE ACEITE NO INCLUYE EL ACEITE | C72: UND | E72: 14666.667
A73: 55 | B73: SIPS FILTRO DE ACEITE | C73: UND | E73: 57666.667
A74: 56 | B74: SERVICIO DE CAMBIO DE ACEITE MOTOR INCLUYENDO EL ACEITE | C74: SERV | E74: 73333.333
E75: 0
B76: SISTEMA DE DIRECCION | E76: 0
A77: 57 | B77: SIPS DE COJINETES DE DIRECCION | C77: UND | E77: 707666.67
A78: 58 | B78: SIPS HORQUILLA DE DIRECCION | C78: UND | E78: 1887000
A79: 59 | B79: SIPS BARRAS DE DIRECCION | C79: UND | E79: 1887000
A80: 60 | B80: SIPS RETENEDORES DE BARRAS DE DIRECCION | C80: UND | E80: 755000
A81: 61 | B81: SIPS BOTELLAS DE BARRAS DE DIRECCION | C81: UND | E81: 2201000
A82: 62 | B82: SIPS MANUBRIO DE DIRECCION | C82: UND | E82: 392666.67
A83: 63 | B83: SIPS MANGOS MANUBRIO DE DIRECCION | C83: UND | E83: 157666.67
A84: 64 | B84: SIPS DE TODOS LOS RODAMIENTOS DE RUEDA DELANTERA INCLUYE RETENEDORES | C84: UND | E84: 345666.67
A85: 65 | B85: SIPS EJE RUEDA DELANTERA | C85: UND | E85: 109000
A86: 66 | B86: SIPS TUERCA RUEDA DELANTERA | C86: UND | E86: 30666.667
A87: 67 | B87: SIPS DE TODOS LOS RODAMIENTOS DE RUEDA TRASERA INCLUYE RETENEDORES | C87: UND | E87: 345666.67
E88: 0
B89: SISTEMA DE FRENOS | E89: 0
A90: 68 | B90: SIPS DE MANILAR DE FRENO | C90: UND | E90: 109000
A91: 69 | B91: SIPS PALANCA INFERIO DE FRENO | C91: UND | E91: 314000
A92: 70 | B92: SIPS PASADOR PALANCA INFERIO DE FRENO | C92: UND | E92: 93333.333
A93: 71 | B93: SIPS MORDAZA DE FRENO DELANTERO | C93: UND | E93: 755000
A94: 72 | B94: SIPS CALIPER MORDAZA DE FRENO DELANTERO | C94: UND | E94: 220666.67
A95: 73 | B95: SIPS DISCO DE FRENO DELANTERO | C95: UND | E95: 1007000
A96: 74 | B96: SIPS DE CAMPANA DE FRENO DELANTERA | C96: UND | E96: 786333.33
A97: 75 | B97: SIPS DE CAMPANA DE FRENO TRASERA | C97: UND | E97: 786333.33
A98: 76 | B98: SIPS PASTILLAS DE FRENO DELANTERAS | C98: UND | E98: 220666.67
A99: 77 | B99: SIPS BANDAS DE FRENOS TRASEROS | C99: UND | E99: 220666.67
A100: 78 | B100: SIPS CONJUNTO EJE LEVA Y PALANCA ABRE BANDAS | C100: UND | E100: 314000
A101: 79 | B101: SIPS DE GUAYA DE FRENOS TRASEROS | C101: UND | E101: 629000
... A113: 91 | B113: SIPS TERMINAL GUAYA FRENO DE MANO | C113: UND | E113: 93333.333
E114: 0
B115: SISTEMA DE SUSPENSION | E115: 0
A116: 92 | B116: SIPS DE COJINETES DE DIRECCION | C116: UND | E116: 487333.33
A117: 93 | B117: ALINEACION BARRAS DE DIRECCION Y SIPS DE AMPAQUETADURA | C117: SERV | E117: 743333.33
A118: 94 | B118: SIPS MANUBRIO DE DIRECCION | C118: UND | E118: 185000
A119: 95 | B119: SIPS MANGOS MANUBRIO DE DIRECCION | C119: UND | E119: 115666.67
A120: 96 | B120: REPARACION TELESCOPICOS | C120: SERV | E120: 814000
A121: 97 | B121: SIPS DE TODOS LOS RODAMIENTOS DE RUEDA DELANTERA INCLUYE RETENEDORES | C121: UND | E121: 208000
A122: 98 | B122: SIPS DE TODOS LOS RODAMIENTOS DE RUEDA TRASERA INCLUYE RETENEDORES | C122: UND | E122: 256333.33
A123: 99 | B123: SIPS 2 BARRAS TELESCOPICOS (incluye dos retenedores, aceite hidráulico y mano de obra.) | C123: UND | E123: 1137000
E124: 0
B125: SISTEMA DE EMBRAGUE | E125: 0
A126: 100 | B126: SIPS DE MANILAR DE EMBRAGUE | C126: UND | E126: 109000
A127: 101 | B127: SIPS GUAYA DE EMBRAGUE | C127: UND | E127: 251000
A128: 102 | B128: SIPS DE PALANCA INFERIOR DE EMBRAGUE | C128: UND | E128: 345666.67
A129: 103 | B129: SIPS PRENSA EMBRAGUE (incluye discos de embrague, empaques, retenedores, discos separadores.) | C129: UND | E129: 1100333.3
A130: 104 | B130: SIPS DISCOS DE EMBRAGUE | C130: UND | E130: 597333.33
A131: 105 | B131: SIPS EMPAQUE TAPA DEL EMBRAGUE | C131: UND | E131: 109000
A132: 106 | B132: SIPS TORNILLOS TAPA DEL EMBRAGUE | C132: UND | E132: 118666.67
A133: 107 | B133: SIPS RETENEDOR PALANCA INFERIOR DE EMBRAGUE | C133: UND | E133: 173333.33
E134: 0
B135: SISTEMA TRASMISION DE POTENCIA | E135: 0
A136: 108 | B136: SIPS KIT DE ARRASTRE COMPLETO DOS PIÑONES Y CADENA | C136: UND | E136: 501000
A137: 109 | B137: SIPS CADEJA ARRASTRE | C137: UND | E137: 273000
...

Sheet XR 150
B7: MUNICIPIO DE EL CARMEN DE VIBORAL
B9: MOTOCICLETAS COTIZADAS:
A10: MOTOCICLETA HONDA XR 150 PLACAS: OBE 53F, OBE 54F, JIO 43G
A11: ITEM | B11: DESCRIPCION | C11: UNIDAD DE MEDIDA | D11: VALOR PROPUESTA, IVA INCLUIDO | E11: VALOR TECHO
B12: SISTEMA MOTOR
A13: 1 | B13: SIPS KIT REPARACION GENERAL DE MOTOR ; PISTON, ANILLOS, CAMISA, VIELA, SIGUEÑAL Y EMPAQUETADURA | C13: UND | E13: 4951666.7
A14: 2 | B14: SIPS CULATA | C14: UND | E14: 1320666.7
A15: 3 | B15: SIPS EMPAQUE DE CULATA | C15: UND | E15: 239666.67
A16: 4 | B16: SIPS JUEGO PISTON DE MOTOR | C16: UND | E16: 1155000
A17: 5 | B17: SIPS JUEGO DE ANILLOS DE MOTOR | C17: UND | E17: 792666.67
A18: 6 | B18: SIPS VIELA DE MOTOR | C18: UND | E18: 991333.33
A19: 7 | B19: SIPS SIGUEÑAL DE MOTOR | C19: UND | E19: 1484666.7
A20: 8 | B20: SIPS RODAMIENTOS SIGUEÑAL DE MOTOR | C20: UND | E20: 808333.33
A21: 9 | B21: SIPS EMPAQUETADURA DE MOTOR | C21: UND | E21: 413666.67
A22: 10 | B22: SIPS CILINDRO MOTOR | C22: UND | E22: 1650333.3
A23: 11 | B23: SIPS CADENA REPARTICION | C23: UND | E23: 1155000
A24: 12 | B24: SIPS TENSOR CADENA REPARTICION | C24: UND | E24: 991333.33
... A35: 23 | B35: SINCRONIZACION DE MOTOR INCLUYE REPUESTOS NECESARIOS PARA UNA OPTIMA SINCRONIZACION | C35: SERV | E35: 298333.33
E36: 0
B37: SISTEMA ALIMENTACION AIRE/COMBUSTIBLE | E37: 0
A38: 24 | B38: SERVICIO LIMPIEZA CUERPO ACELERACION | C38: SERV | E38: 150333.33
A39: 25 | B39: SIPS CUERPO DE ACELERACION | C39: UND | E39: 659666.67
A40: 26 | B40: SIPS DE GUAYA DE ACELERADOR | C40: UND | E40: 329666.67
A41: 27 | B41: SIPS TANQUE DE COMBUSTIBLE | C41: UND | E41: 1484666.7
A42: 28 | B42: SIPS TAPA DE TANQUE DE COMBUSTIBLE | C42: UND | E42: 494333.33
A43: 29 | B43: SIPS LLAVE DE TANQUE DE COMBUSTIBLE | C43: UND | E43: 413666.67
A44: 30 | B44: SIPS EMPAQUE LLAVE DE TANQUE DE COMBUSTIBLE | C44: UND | E44: 132333.33
A45: 31 | B45: SIPS TORNILLOS LLAVE DE TANQUE DE COMBUSTIBLE | C45: UND | E45: 115666.67
A46: 32 | B46: SIPS REGULADOR DE PRESION DE COMBUSTIBLE | C46: UND | E46: 413666.67
A47: 33 | B47: SIPS FLOTADOR Y MECANISMOS DE INDICACION DE NIVEL DE COMBUSTIBLE | C47: UND | E47: 577666.67
A48: 34 | B48: SIPS MANGUERA DE COMBUSTIBLE | C48: UND | E48: 83000
A49: 35 | B49: SIPS DE UNA MANGUERA DE VACIO | C49: UND | E49: 73333.333
... A59: 45 | B59: SIPS TORQUE | C59: UND | E59: 329666.67
E60: 0
B61: SISTEMA DE ESCAPE | E61: 0
A62: 46 | B62: ARREGLO DE SILENCIADOR | C62: UND | E62: 391666.67
A63: 47 | B63: ARREGLO TUBO DE ESCAPE | C63: UND | E63: 196333.33
A64: 48 | B64: SIPS EMPAQUES O ANILLOS MULTIPLE DE ESCAPE | C64: UND | E64: 162666.67
A65: 49 | B65: SIPS ESCAPE COMPLETO | C65: UND | E65: 1561333.3
A66: 50 | B66: SIPS TORNILLOS DE ESCAPE | C66: UND | E66: 115666.67
A67: 51 | B67: SIPS TORNILLO SOPORTE DE ESCAPE | C67: UND | E67: 100000
E68: 0
B69: SISTEMA DE LUBRICACION | E69: 0
A70: 52 | B70: SIPS DE LA BOMBA DE ACEITE | C70: UND | E70: 758000
A71: 53 | B71: SIPS TORNILLOS DE LA BOMBA DE ACEITE | C71: UND | E71: 132333.33
A72: 54 | B72: SERVICIO DE CAMBIO DE ACEITE NO INCLUYE EL ACEITE | C72: UND | E72: 14666.667
A73: 55 | B73: SIPS FILTRO DE ACEITE | C73: UND | E73: 59666.667
A74: 56 | B74: SERVICIO DE CAMBIO DE ACEITE MOTOR INCLUYENDO EL ACEITE | C74: SERV | E74: 73333.333
E75: 0
B76: SISTEMA DE DIRECCION | E76: 0
A77: 57 | B77: SIPS DE COJINETES DE DIRECCION | C77: UND | E77: 743333.33
A78: 58 | B78: SIPS HORQUILLA DE DIRECCION | C78: UND | E78: 1980333.3
A79: 59 | B79: SIPS BARRAS DE DIRECCION | C79: UND | E79: 1980333.3
A80: 60 | B80: SIPS RETENEDORES DE BARRAS DE DIRECCION | C80: UND | E80: 792666.67
A81: 61 | B81: SIPS BOTELLAS DE BARRAS DE DIRECCION | C81: UND | E81: 2310000
A82: 62 | B82: SIPS MANUBRIO DE DIRECCION | C82: UND | E82: 413666.67
A83: 63 | B83: SIPS MANGOS MANUBRIO DE DIRECCION | C83: UND | E83: 165666.67
A84: 64 | B84: SIPS DE TODOS LOS RODAMIENTOS DE RUEDA DELANTERA INCLUYE RETENEDORES | C84: UND | E84: 362333.33
A85: 65 | B85: SIPS EJE RUEDA DELANTERA | C85: UND | E85: 115666.67
A86: 66 | B86: SIPS TUERCA RUEDA DELANTERA | C86: UND | E86: 31666.667
A87: 67 | B87: SIPS DE TODOS LOS RODAMIENTOS DE RUEDA TRASERA INCLUYE RETENEDORES | C87: UND | E87: 362333.33
E88: 0
B89: SISTEMA DE FRENOS | E89: 0
A90: 68 | B90: SIPS DE MANILAR DE FRENO | C90: UND | E90: 115666.67
A91: 69 | B91: SIPS PALANCA INFERIO DE FRENO | C91: UND | E91: 329666.67
A92: 70 | B92: SIPS PASADOR PALANCA INFERIO DE FRENO | C92: UND | E92: 100000
A93: 71 | B93: SIPS MORDAZA DE FRENO DELANTERO | C93: UND | E93: 792666.67
A94: 72 | B94: SIPS CALIPER MORDAZA DE FRENO DELANTERO | C94: UND | E94: 232000
A95: 73 | B95: SIPS DISCO DE FRENO DELANTERO | C95: UND | E95: 1056333.3
A96: 74 | B96: SIPS DE CAMPANA DE FRENO DELANTERA | C96: UND | E96: 824333.33
A97: 75 | B97: SIPS DE CAMPANA DE FRENO TRASERA | C97: UND | E97: 824333.33
A98: 76 | B98: SIPS PASTILLAS DE FRENO DELANTERAS | C98: UND | E98: 232000
A99: 77 | B99: SIPS BANDAS DE FRENOS TRASEROS | C99: UND | E99: 232000
A100: 78 | B100: SIPS CONJUNTO EJE LEVA Y PALANCA ABRE BANDAS | C100: UND | E100: 329666.67
A101: 79 | B101: SIPS DE GUAYA DE FRENOS TRASEROS | C101: UND | E101: 659666.67
... A113: 91 | B113: SIPS TERMINAL GUAYA FRENO DE MANO | C113: UND | E113: 100000
E114: 0
B115: SISTEMA DE SUSPENSION | E115: 0
A116: 92 | B116: SIPS DE COJINETES DE DIRECCION | C116: UND | E116: 510333.33
A117: 93 | B117: ALINEACION BARRAS DE DIRECCION Y SIPS DE AMPAQUETADURA | C117: SERV | E117: 779333.33
A118: 94 | B118: SIPS MANUBRIO DE DIRECCION | C118: UND | E118: 195333.33
A119: 95 | B119: SIPS MANGOS MANUBRIO DE DIRECCION | C119: UND | E119: 121666.67
A120: 96 | B120: REPARACION TELESCOPICOS | C120: SERV | E120: 853666.67
A121: 97 | B121: SIPS DE TODOS LOS RODAMIENTOS DE RUEDA DELANTERA INCLUYE RETENEDORES | C121: UND | E121: 219666.67
A122: 98 | B122: SIPS DE TODOS LOS RODAMIENTOS DE RUEDA TRASERA INCLUYE RETENEDORES | C122: UND | E122: 268666.67
A123: 99 | B123: SIPS 2 BARRAS TELESCOPICOS (incluye dos retenedores, aceite hidráulico y mano de obra.) | C123: UND | E123: 1193666.7
E124: 0
B125: SISTEMA DE EMBRAGUE | E125: 0
A126: 100 | B126: SIPS DE MANILAR DE EMBRAGUE | C126: UND | E126: 115666.67
A127: 101 | B127: SIPS GUAYA DE EMBRAGUE | C127: UND | E127: 264666.67
A128: 102 | B128: SIPS DE PALANCA INFERIOR DE EMBRAGUE | C128: UND | E128: 362333.33
A129: 103 | B129: SIPS PRENSA EMBRAGUE (incluye discos de embrague, empaques, retenedores, discos separadores.) | C129: UND | E129: 1155000
A130: 104 | B130: SIPS DISCOS DE EMBRAGUE | C130: UND | E130: 627000
A131: 105 | B131: SIPS EMPAQUE TAPA DEL EMBRAGUE | C131: UND | E131: 115666.67
A132: 106 | B132: SIPS TORNILLOS TAPA DEL EMBRAGUE | C132: UND | E132: 125000
A133: 107 | B133: SIPS RETENEDOR PALANCA INFERIOR DE EMBRAGUE | C133: UND | E133: 180333.33
E134: 0
B135: SISTEMA TRASMISION DE POTENCIA | E135: 0
A136: 108 | B136: SIPS KIT DE ARRASTRE COMPLETO DOS PIÑONES Y CADENA | C136: UND | E136: 525000
A137: 109 | B137: SIPS CADEJA ARRASTRE | C137: UND | E137: 287666.67
...

Sheet AKT 250
B7: MUNICIPIO DE EL CARMEN DE VIBORAL
B9: MOTOCICLETAS COTIZADAS:
A10: MOTOCICLETA AKT 250 ADVENTURE PLACA: XVD 29D MODELO 2016
A11: ITEM | B11: DESCRIPCION | C11: UNIDAD DE MEDIDA | D11: VALOR PROPUESTA, IVA INCLUIDO | E11: VALOR TECHO
B12: SISTEMA MOTOR
A13: 1 | B13: SIPS KIT REPARACION GENERAL DE MOTOR ; PISTON, ANILLOS, CAMISA, VIELA, SIGUEÑAL Y EMPAQUETADURA | C13: UND | E13: 5186000
A14: 2 | B14: SIPS CULATA | C14: UND | E14: 1384000
A15: 3 | B15: SIPS EMPAQUE DE CULATA | C15: UND | E15: 249666.67
A16: 4 | B16: SIPS JUEGO PISTON DE MOTOR | C16: UND | E16: 1209666.7
A17: 5 | B17: SIPS JUEGO DE ANILLOS DE MOTOR | C17: UND | E17: 830333.33
A18: 6 | B18: SIPS VIELA DE MOTOR | C18: UND | E18: 1037333.3
A19: 7 | B19: SIPS SIGUEÑAL DE MOTOR | C19: UND | E19: 1557000
A20: 8 | B20: SIPS RODAMIENTOS SIGUEÑAL DE MOTOR | C20: UND | E20: 847333.33
A21: 9 | B21: SIPS EMPAQUETADURA DE MOTOR | C21: UND | E21: 432666.67
A22: 10 | B22: SIPS CILINDRO MOTOR | C22: UND | E22: 1728333.3
A23: 11 | B23: SIPS CADENA REPARTICION | C23: UND | E23: 1209666.7
A24: 12 | B24: SIPS TENSOR CADENA REPARTICION | C24: UND | E24: 1037333.3
... A35: 23 | B35: SINCRONIZACION DE MOTOR INCLUYE REPUESTOS NECESARIOS PARA UNA OPTIMA SINCRONIZACION | C35: SERV | E35: 312000
E36: 0
B37: SISTEMA ALIMENTACION AIRE/COMBUSTIBLE | E37: 0
A38: 24 | B38: SERVICIO LIMPIEZA CUERPO ACELERACION | C38: SERV | E38: 157666.67
A39: 25 | B39: SIPS CUERPO DE ACELERACION | C39: UND | E39: 690666.67
A40: 26 | B40: SIPS DE GUAYA DE ACELERADOR | C40: UND | E40: 345666.67
A41: 27 | B41: SIPS TANQUE DE COMBUSTIBLE | C41: UND | E41: 1557000
A42: 28 | B42: SIPS TAPA DE TANQUE DE COMBUSTIBLE | C42: UND | E42: 520000
A43: 29 | B43: SIPS LLAVE DE TANQUE DE COMBUSTIBLE | C43: UND | E43: 432666.67
A44: 30 | B44: SIPS EMPAQUE LLAVE DE TANQUE DE COMBUSTIBLE | C44: UND | E44: 138666.67
A45: 31 | B45: SIPS TORNILLOS LLAVE DE TANQUE DE COMBUSTIBLE | C45: UND | E45: 119666.67
A46: 32 | B46: SIPS REGULADOR DE PRESION DE COMBUSTIBLE | C46: UND | E46: 432666.67
A47: 33 | B47: SIPS FLOTADOR Y MECANISMOS DE INDICACION DE NIVEL DE COMBUSTIBLE | C47: UND | E47: 605000
A48: 34 | B48: SIPS MANGUERA DE COMBUSTIBLE | C48: UND | E48: 87000
A49: 35 | B49: SIPS DE UNA MANGUERA DE VACIO | C49: UND | E49: 77666.667
... A59: 45 | B59: SIPS TORQUE | C59: UND | E59: 345666.67
E60: 0
B61: SISTEMA DE ESCAPE | E61: 0
A62: 46 | B62: ARREGLO DE SILENCIADOR | C62: UND | E62: 410333.33
A63: 47 | B63: ARREGLO TUBO DE ESCAPE | C63: UND | E63: 206000
A64: 48 | B64: SIPS EMPAQUES O ANILLOS MULTIPLE DE ESCAPE | C64: UND | E64: 170333.33
A65: 49 | B65: SIPS ESCAPE COMPLETO | C65: UND | E65: 1635666.7
A66: 50 | B66: SIPS TORNILLOS DE ESCAPE | C66: UND | E66: 119666.67
A67: 51 | B67: SIPS TORNILLO SOPORTE DE ESCAPE | C67: UND | E67: 104000
E68: 0
B69: SISTEMA DE LUBRICACION | E69: 0
A70: 52 | B70: SIPS DE LA BOMBA DE ACEITE | C70: UND | E70: 794666.67
A71: 53 | B71: SIPS TORNILLOS DE LA BOMBA DE ACEITE | C71: UND | E71: 138666.67
A72: 54 | B72: SERVICIO DE CAMBIO DE ACEITE NO INCLUYE EL ACEITE | C72: UND | E72: 14666.667
A73: 55 | B73: SIPS FILTRO DE ACEITE | C73: UND | E73: 63000
A74: 56 | B74: SERVICIO DE CAMBIO DE ACEITE MOTOR INCLUYENDO EL ACEITE | C74: SERV | E74: 133333.33
E75: 0
B76: SISTEMA DE DIRECCION | E76: 0
A77: 57 | B77: SIPS DE COJINETES DE DIRECCION | C77: UND | E77: 777000
A78: 58 | B78: SIPS HORQUILLA DE DIRECCION | C78: UND | E78: 2074000
A79: 59 | B79: SIPS BARRAS DE DIRECCION | C79: UND | E79: 2074000
A80: 60 | B80: SIPS RETENEDORES DE BARRAS DE DIRECCION | C80: UND | E80: 830333.33
A81: 61 | B81: SIPS BOTELLAS DE BARRAS DE DIRECCION | C81: UND | E81: 2421333.3
A82: 62 | B82: SIPS MANUBRIO DE DIRECCION | C82: UND | E82: 432666.67
A83: 63 | B83: SIPS MANGOS MANUBRIO DE DIRECCION | C83: UND | E83: 173333.33
A84: 64 | B84: SIPS DE TODOS LOS RODAMIENTOS DE RUEDA DELANTERA INCLUYE RETENEDORES | C84: UND | E84: 380333.33
A85: 65 | B85: SIPS EJE RUEDA DELANTERA | C85: UND | E85: 119666.67
A86: 66 | B86: SIPS TUERCA RUEDA DELANTERA | C86: UND | E86: 34666.667
A87: 67 | B87: SIPS DE TODOS LOS RODAMIENTOS DE RUEDA TRASERA INCLUYE RETENEDORES | C87: UND | E87: 380333.33
E88: 0
B89: SISTEMA DE FRENOS | E89: 0
A90: 68 | B90: SIPS DE MANILAR DE FRENO | C90: UND | E90: 119666.67
A91: 69 | B91: SIPS PALANCA INFERIO DE FRENO | C91: UND | E91: 345666.67
A92: 70 | B92: SIPS PASADOR PALANCA INFERIO DE FRENO | C92: UND | E92: 104000
A93: 71 | B93: SIPS MORDAZA DE FRENO DELANTERO | C93: UND | E93: 830333.33
A94: 72 | B94: SIPS CALIPER MORDAZA DE FRENO DELANTERO | C94: UND | E94: 242666.67
A95: 73 | B95: SIPS DISCO DE FRENO DELANTERO | C95: UND | E95: 1106666.7
A96: 74 | B96: SIPS DE CAMPANA DE FRENO DELANTERA | C96: UND | E96: 864000
A97: 75 | B97: SIPS DE CAMPANA DE FRENO TRASERA | C97: UND | E97: 864000
A98: 76 | B98: SIPS PASTILLAS DE FRENO DELANTERAS | C98: UND | E98: 242666.67
A99: 77 | B99: SIPS BANDAS DE FRENOS TRASEROS | C99: UND | E99: 242666.67
A100: 78 | B100: SIPS CONJUNTO EJE LEVA Y PALANCA ABRE BANDAS | C100: UND | E100: 345666.67
A101: 79 | B101: SIPS DE GUAYA DE FRENOS TRASEROS | C101: UND | E101: 690666.67
... A113: 91 | B113: SIPS TERMINAL GUAYA FRENO DE MANO | C113: UND | E113: 104000
E114: 0
B115: SISTEMA DE SUSPENSION | E115: 0
A116: 92 | B116: SIPS DE COJINETES DE DIRECCION | C116: UND | E116: 535666.67
A117: 93 | B117: ALINEACION BARRAS DE DIRECCION Y SIPS DE AMPAQUETADURA | C117: SERV | E117: 817000
A118: 94 | B118: SIPS MANUBRIO DE DIRECCION | C118: UND | E118: 205000
A119: 95 | B119: SIPS MANGOS MANUBRIO DE DIRECCION | C119: UND | E119: 128000
A120: 96 | B120: REPARACION TELESCOPICOS | C120: SERV | E120: 894666.67
A121: 97 | B121: SIPS DE TODOS LOS RODAMIENTOS DE RUEDA DELANTERA INCLUYE RETENEDORES | C121: UND | E121: 229000
A122: 98 | B122: SIPS DE TODOS LOS RODAMIENTOS DE RUEDA TRASERA INCLUYE RETENEDORES | C122: UND | E122: 282333.33
A123: 99 | B123: SIPS 2 BARRAS TELESCOPICOS (incluye dos retenedores, aceite hidráulico y mano de obra.) | C123: UND | E123: 1251666.7
E124: 0
B125: SISTEMA DE EMBRAGUE | E125: 0
A126: 100 | B126: SIPS DE MANILAR DE EMBRAGUE | C126: UND | E126: 119666.67
A127: 101 | B127: SIPS GUAYA DE EMBRAGUE | C127: UND | E127: 277333.33
A128: 102 | B128: SIPS DE PALANCA INFERIOR DE EMBRAGUE | C128: UND | E128: 380333.33
A129: 103 | B129: SIPS PRENSA EMBRAGUE (incluye discos de embrague, empaques, retenedores, discos separadores.) | C129: UND | E129: 1209666.7
A130: 104 | B130: SIPS DISCOS DE EMBRAGUE | C130: UND | E130: 657333.33
A131: 105 | B131: SIPS EMPAQUE TAPA DEL EMBRAGUE | C131: UND | E131: 119666.67
A132: 106 | B132: SIPS TORNILLOS TAPA DEL EMBRAGUE | C132: UND | E132: 131333.33
A133: 107 | B133: SIPS RETENEDOR PALANCA INFERIOR DE EMBRAGUE | C133: UND | E133: 191000
E134: 0
B135: SISTEMA TRASMISION DE POTENCIA | E135: 0
A136: 108 | B136: SIPS KIT DE ARRASTRE COMPLETO DOS PIÑONES Y CADENA | C136: UND | E136: 550000
A137: 109 | B137: SIPS CADEJA ARRASTRE | C137: UND | E137: 301333.33
...

Sheet XRE 300
B7: MUNICIPIO DE EL CARMEN DE VIBORAL
B9: MOTOCICLETAS COTIZADAS:
A10: MOTOCICLETA HONDA XRE 300 ABS PLACAS: ZPZ 74F N° 38-2393, ZPZ 75F N° 38-2394, ZPZ 76F N° 38-2395
A11: ITEM | B11: DESCRIPCION | C11: UNIDAD DE MEDIDA | D11: VALOR PROPUESTA, IVA INCLUIDO | E11: VALOR TECHO
B12: SISTEMA MOTOR
A13: 1 | B13: SIPS KIT REPARACION GENERAL DE MOTOR ; PISTON, ANILLOS, CAMISA, VIELA, SIGUEÑAL Y EMPAQUETADURA | C13: UND | E13: 5186000
A14: 2 | B14: SIPS CULATA | C14: UND | E14: 1384000
A15: 3 | B15: SIPS EMPAQUE DE CULATA | C15: UND | E15: 249666.67
A16: 4 | B16: SIPS JUEGO PISTON DE MOTOR | C16: UND | E16: 1209666.7
A17: 5 | B17: SIPS JUEGO DE ANILLOS DE MOTOR | C17: UND | E17: 830333.33
A18: 6 | B18: SIPS VIELA DE MOTOR | C18: UND | E18: 1037333.3
A19: 7 | B19: SIPS SIGUEÑAL DE MOTOR | C19: UND | E19: 1557000
A20: 8 | B20: SIPS RODAMIENTOS SIGUEÑAL DE MOTOR | C20: UND | E20: 847333.33
A21: 9 | B21: SIPS EMPAQUETADURA DE MOTOR | C21: UND | E21: 432666.67
A22: 10 | B22: SIPS CILINDRO MOTOR | C22: UND | E22: 1728333.3
A23: 11 | B23: SIPS CADENA REPARTICION | C23: UND | E23: 1209666.7
A24: 12 | B24: SIPS TENSOR CADENA REPARTICION | C24: UND | E24: 1037333.3
... A35: 23 | B35: SINCRONIZACION DE MOTOR INCLUYE REPUESTOS NECESARIOS PARA UNA OPTIMA SINCRONIZACION | C35: SERV | E35: 312000
E36: 0
B37: SISTEMA ALIMENTACION AIRE/COMBUSTIBLE | E37: 0
A38: 24 | B38: SERVICIO LIMPIEZA CUERPO ACELERACION | C38: SERV | E38: 157666.67
A39: 25 | B39: SIPS CUERPO DE ACELERACION | C39: UND | E39: 690666.67
A40: 26 | B40: SIPS DE GUAYA DE ACELERADOR | C40: UND | E40: 345666.67
A41: 27 | B41: SIPS TANQUE DE COMBUSTIBLE | C41: UND | E41: 1557000
A42: 28 | B42: SIPS TAPA DE TANQUE DE COMBUSTIBLE | C42: UND | E42: 520000
A43: 29 | B43: SIPS LLAVE DE TANQUE DE COMBUSTIBLE | C43: UND | E43: 432666.67
A44: 30 | B44: SIPS EMPAQUE LLAVE DE TANQUE DE COMBUSTIBLE | C44: UND | E44: 138666.67
A45: 31 | B45: SIPS TORNILLOS LLAVE DE TANQUE DE COMBUSTIBLE | C45: UND | E45: 119666.67
A46: 32 | B46: SIPS REGULADOR DE PRESION DE COMBUSTIBLE | C46: UND | E46: 432666.67
A47: 33 | B47: SIPS FLOTADOR Y MECANISMOS DE INDICACION DE NIVEL DE COMBUSTIBLE | C47: UND | E47: 605000
A48: 34 | B48: SIPS MANGUERA DE COMBUSTIBLE | C48: UND | E48: 87000
A49: 35 | B49: SIPS DE UNA MANGUERA DE VACIO | C49: UND | E49: 77666.667
... A59: 45 | B59: SIPS TORQUE | C59: UND | E59: 345666.67
E60: 0
B61: SISTEMA DE ESCAPE | E61: 0
A62: 46 | B62: ARREGLO DE SILENCIADOR | C62: UND | E62: 410333.33
A63: 47 | B63: ARREGLO TUBO DE ESCAPE | C63: UND | E63: 206000
A64: 48 | B64: SIPS EMPAQUES O ANILLOS MULTIPLE DE ESCAPE | C64: UND | E64: 170333.33
A65: 49 | B65: SIPS ESCAPE COMPLETO | C65: UND | E65: 1635666.7
A66: 50 | B66: SIPS TORNILLOS DE ESCAPE | C66: UND | E66: 119666.67
A67: 51 | B67: SIPS TORNILLO SOPORTE DE ESCAPE | C67: UND | E67: 104000
E68: 0
B69: SISTEMA DE LUBRICACION | E69: 0
A70: 52 | B70: SIPS DE LA BOMBA DE ACEITE | C70: UND | E70: 794666.67
A71: 53 | B71: SIPS TORNILLOS DE LA BOMBA DE ACEITE | C71: UND | E71: 138666.67
A72: 54 | B72: SERVICIO DE CAMBIO DE ACEITE NO INCLUYE EL ACEITE | C72: UND | E72: 14666.667
A73: 55 | B73: SIPS FILTRO DE ACEITE | C73: UND | E73: 63000
A74: 56 | B74: SERVICIO DE CAMBIO DE ACEITE MOTOR INCLUYENDO EL ACEITE | C74: SERV | E74: 133333.33
E75: 0
B76: SISTEMA DE DIRECCION | E76: 0
A77: 57 | B77: SIPS DE COJINETES DE DIRECCION | C77: UND | E77: 777000
A78: 58 | B78: SIPS HORQUILLA DE DIRECCION | C78: UND | E78: 2074000
A79: 59 | B79: SIPS BARRAS DE DIRECCION | C79: UND | E79: 2074000
A80: 60 | B80: SIPS RETENEDORES DE BARRAS DE DIRECCION | C80: UND | E80: 830333.33
A81: 61 | B81: SIPS BOTELLAS DE BARRAS DE DIRECCION | C81: UND | E81: 2421333.3
A82: 62 | B82: SIPS MANUBRIO DE DIRECCION | C82: UND | E82: 432666.67
A83: 63 | B83: SIPS MANGOS MANUBRIO DE DIRECCION | C83: UND | E83: 173333.33
A84: 64 | B84: SIPS DE TODOS LOS RODAMIENTOS DE RUEDA DELANTERA INCLUYE RETENEDORES | C84: UND | E84: 380333.33
A85: 65 | B85: SIPS EJE RUEDA DELANTERA | C85: UND | E85: 119666.67
A86: 66 | B86: SIPS TUERCA RUEDA DELANTERA | C86: UND | E86: 34666.667
A87: 67 | B87: SIPS DE TODOS LOS RODAMIENTOS DE RUEDA TRASERA INCLUYE RETENEDORES | C87: UND | E87: 380333.33
E88: 0
B89: SISTEMA DE FRENOS | E89: 0
A90: 68 | B90: SIPS DE MANILAR DE FRENO | C90: UND | E90: 119666.67
A91: 69 | B91: SIPS PALANCA INFERIO DE FRENO | C91: UND | E91: 345666.67
A92: 70 | B92: SIPS PASADOR PALANCA INFERIO DE FRENO | C92: UND | E92: 104000
A93: 71 | B93: SIPS MORDAZA DE FRENO DELANTERO | C93: UND | E93: 830333.33
A94: 72 | B94: SIPS CALIPER MORDAZA DE FRENO DELANTERO | C94: UND | E94: 242666.67
A95: 73 | B95: SIPS DISCO DE FRENO DELANTERO | C95: UND | E95: 1106666.7
A96: 74 | B96: SIPS DE CAMPANA DE FRENO DELANTERA | C96: UND | E96: 864000
A97: 75 | B97: SIPS DE CAMPANA DE FRENO TRASERA | C97: UND | E97: 864000
A98: 76 | B98: SIPS PASTILLAS DE FRENO DELANTERAS | C98: UND | E98: 242666.67
A99: 77 | B99: SIPS BANDAS DE FRENOS TRASEROS | C99: UND | E99: 242666.67
A100: 78 | B100: SIPS CONJUNTO EJE LEVA Y PALANCA ABRE BANDAS | C100: UND | E100: 345666.67
A101: 79 | B101: SIPS DE GUAYA DE FRENOS TRASEROS | C101: UND | E101: 690666.67
... A113: 91 | B113: SIPS TERMINAL GUAYA FRENO DE MANO | C113: UND | E113: 104000
E114: 0
B115: SISTEMA DE SUSPENSION | E115: 0
A116: 92 | B116: SIPS DE COJINETES DE DIRECCION | C116: UND | E116: 535666.67
A117: 93 | B117: ALINEACION BARRAS DE DIRECCION Y SIPS DE AMPAQUETADURA | C117: SERV | E117: 817000
A118: 94 | B118: SIPS MANUBRIO DE DIRECCION | C118: UND | E118: 205000
A119: 95 | B119: SIPS MANGOS MANUBRIO DE DIRECCION | C119: UND | E119: 128000
A120: 96 | B120: REPARACION TELESCOPICOS | C120: SERV | E120: 894666.67
A121: 97 | B121: SIPS DE TODOS LOS RODAMIENTOS DE RUEDA DELANTERA INCLUYE RETENEDORES | C121: UND | E121: 229000
A122: 98 | B122: SIPS DE TODOS LOS RODAMIENTOS DE RUEDA TRASERA INCLUYE RETENEDORES | C122: UND | E122: 282333.33
A123: 99 | B123: SIPS 2 BARRAS TELESCOPICOS (incluye dos retenedores, aceite hidráulico y mano de obra.) | C123: UND | E123: 1251666.7
E124: 0
B125: SISTEMA DE EMBRAGUE | E125: 0
A126: 100 | B126: SIPS DE MANILAR DE EMBRAGUE | C126: UND | E126: 119666.67
A127: 101 | B127: SIPS GUAYA DE EMBRAGUE | C127: UND | E127: 277333.33
A128: 102 | B128: SIPS DE PALANCA INFERIOR DE EMBRAGUE | C128: UND | E128: 380333.33
A129: 103 | B129: SIPS PRENSA EMBRAGUE (incluye discos de embrague, empaques, retenedores, discos separadores.) | C129: UND | E129: 1209666.7
A130: 104 | B130: SIPS DISCOS DE EMBRAGUE | C130: UND | E130: 657333.33
A131: 105 | B131: SIPS EMPAQUE TAPA DEL EMBRAGUE | C131: UND | E131: 119666.67
A132: 106 | B132: SIPS TORNILLOS TAPA DEL EMBRAGUE | C132: UND | E132: 131333.33
A133: 107 | B133: SIPS RETENEDOR PALANCA INFERIOR DE EMBRAGUE | C133: UND | E133: 191000
E134: 0
B135: SISTEMA TRASMISION DE POTENCIA | E135: 0
A136: 108 | B136: SIPS KIT DE ARRASTRE COMPLETO DOS PIÑONES Y CADENA | C136: UND | E136: 550000
A137: 109 | B137: SIPS CADEJA ARRASTRE | C137: UND | E137: 301333.33
...

Sheet XTZ 250
B7: MUNICIPIO DE EL CARMEN DE VIBORAL
B9: MOTOCICLETAS COTIZADAS:
A10: MOTOCICLETA YAMAHA XTZ 250 JIO 33G
A11: ITEM | B11: DESCRIPCION | C11: UNIDAD DE MEDIDA | D11: VALOR PROPUESTA, IVA INCLUIDO | E11: VALOR TECHO
B12: SISTEMA MOTOR
A13: 1 | B13: SIPS KIT REPARACION GENERAL DE MOTOR ; PISTON, ANILLOS, CAMISA, VIELA, SIGUEÑAL Y EMPAQUETADURA | C13: UND | E13: 4951666.7
A14: 2 | B14: SIPS CULATA | C14: UND | E14: 1320666.7
A15: 3 | B15: SIPS EMPAQUE DE CULATA | C15: UND | E15: 239666.67
A16: 4 | B16: SIPS JUEGO PISTON DE MOTOR | C16: UND | E16: 1155000
A17: 5 | B17: SIPS JUEGO DE ANILLOS DE MOTOR | C17: UND | E17: 792666.67
A18: 6 | B18: SIPS VIELA DE MOTOR | C18: UND | E18: 991333.33
A19: 7 | B19: SIPS SIGUEÑAL DE MOTOR | C19: UND | E19: 1484666.7
A20: 8 | B20: SIPS RODAMIENTOS SIGUEÑAL DE MOTOR | C20: UND | E20: 808333.33
A21: 9 | B21: SIPS EMPAQUETADURA DE MOTOR | C21: UND | E21: 413666.67
A22: 10 | B22: SIPS CILINDRO MOTOR | C22: UND | E22: 1650333.3
